Workbook
Name _№: #REF!
Name _№: #REF!
Name _№: #REF!
Name _№: #REF!
Name _№: #REF!
Name _№: #REF!
Name _№: #REF!
Name _№: #REF!
Name _№: #REF!
Name _№: #REF!
Name BuiltIn_Print_Titles: #N/A
Name BuiltIn_Print_Titles___0: #N/A
Name АБП: '[1]Служебный ФКРБ'!$A$2:$A$131
Name Администратор_бюджетных_программ: #REF!
Name Администратор_бюджетных_программ: #REF!
Name Администратор_бюджетных_программ: #REF!
Name Администратор_бюджетных_программ: #REF!
Name Администратор_бюджетных_программ: #REF!
Name Администратор_бюджетных_программ: #REF!
Name Администратор_бюджетных_программ: #REF!
Name Администратор_бюджетных_программ: #REF!
Name Администратор_бюджетных_программ: #REF!
Name Администратор_бюджетных_программ: #REF!
Name вав: '[2]Тип пункта плана'!$A$1:$A$3
Name ВидПредмета: '[1]Вид предмета'!$A$1:$A$3
Name Всего_накоплений_женщины: #REF!
Name Всего_накоплений_женщины: #REF!
Name Всего_накоплений_женщины: #REF!
Name Всего_накоплений_женщины: #REF!
Name Всего_накоплений_женщины: #REF!
Name Всего_накоплений_женщины: #REF!
Name Всего_накоплений_женщины: #REF!
Name Всего_накоплений_женщины: #REF!
Name Всего_накоплений_женщины: #REF!
Name Всего_накоплений_женщины: #REF!
Name Всего_накоплений_мужчины: #REF!
Name Всего_накоплений_мужчины: #REF!
Name Всего_накоплений_мужчины: #REF!
Name Всего_накоплений_мужчины: #REF!
Name Всего_накоплений_мужчины: #REF!
Name Всего_накоплений_мужчины: #REF!
Name Всего_накоплений_мужчины: #REF!
Name Всего_накоплений_мужчины: #REF!
Name Всего_накоплений_мужчины: #REF!
Name Всего_накоплений_мужчины: #REF!
Name гз: '[2]Вид предмета'!$A$1:$A$3
Name Год: [1]Год!$A$1:$A$3
Name Источник: '[1]Источник финансирования'!$A$1:$A$6
Name июнь: [2]Месяцы!$A$1:$A$13
Name КАТО: #REF!
Name КАТО: #REF!
Name КАТО: #REF!
Name КАТО: #REF!
Name КАТО: #REF!
Name КАТО: #REF!
Name КАТО: #REF!
Name КАТО: #REF!
Name КАТО: #REF!
Name КАТО: #REF!
Name Код: #REF!

Sheet 1.02.
F1: 2026 жылғы қаңтар айына арналған талдау
A3: Әкім шісі | B3: ММ коды | C3: Бағдарлама | D3: Кіші бағда лама | E3: Ерекшілік | F3: Шығыстардың атауы | G3: 2026 жылға арналған қаржы жоспары | H3: Жыл басынан бастап қаржыландыру жоспары | J3: Жыл басынан бері қабылданған міндеттемелердің жалпы сомасы | K3: Орындалған міндеттемелер | N3: 30.02.2026 қалдық | O3: % игерілуі | P3: Өтелмеген қабылданған міндеттемелер | Q3: Жвл басынан берң қабылданбаған міндеттемелер көлемі (міндеттемелер жоспарына қатысты қалған қаражат) | R3: ожидаемое освоение до конца года | S3: Жоспардан ауытқу , орындалудың күтілімі
H4: міндеттемелер | I4: төлемдер | K4: Бұрын төленген айлар | L4: ғымдағы ай үшін | M4: Жыл басынан бері
A5: 256 | F5: Облыстың жұмыспен қамтуды үйлестіру және әлеуметтік бағдарламалар басқармасы | G5: =G6+G99+G119+G142+G168+G192+G216+G262 -> 17032809 | H5: =H6+H99+H119+H142+H168+H192+H216+H262 -> 760798 | I5: =I6+I99+I119+I142+I168+I192+I216+I262 -> 531663 | J5: =J6+J99+J119+J142+J168+J192+J216+J262 -> 523590.88 | K5: =K6+K99+K119+K142+K168+K192+K216+K262 -> 0 | L5: =L6+L99+L119+L142+L168+L192+L216+L262 -> 522433.2 | M5: =M6+M99+M119+M142+M168+M192+M216+M262 -> 522433.2 | N5: =N6+N99+N119+N142+N168+N192+N216+N262 -> 9229.7963 | O5: =M5/I5*100 -> 98.263976 | P5: =J5-M5 -> 1157.6794 | Q5: =H5-J5 -> 237207.12 | R5: 1103576 | S5: =G5-M5 -> 16510376
B6: 1261 | F6: "Жұмыспен қамтуды үйлестіру және бюджеттік бағдарламалар басқармасы" ММ | G6: =G7+G13+G34+G38+G41+G44+G92+G96 -> 5070963 | H6: =H7+H13+H34+H38+H41+H44+H92+H96 -> 510063 | I6: =I7+I13+I34+I38+I41+I44+I92+I96 -> 305392 | J6: =J7+J13+J34+J38+J41+J44+J92+J96 -> 305263.96 | K6: =K7+K13+K34+K38+K41+K44+K92+K96 -> 0 | L6: =L7+L13+L34+L38+L41+L44+L92+L96 -> 305263.96 | M6: =M7+M13+M34+M38+M41+M44+M92+M96 -> 305263.96 | N6: =N7+N13+N34+N38+N41+N44+N92+N96 -> 128.03509 | O6: =M6/I6*100 -> 99.958075 | P6: =J6-M6 -> 0 | Q6: =H6-J6 -> 204799.04 | R6: 1103577 | S6: =G6-M6 -> 4765699
C7: 003 | F7: Мүгедектігі бар адамдарға әлеуметтік қолдау | G7: =G8+G10 -> 2180255 | H7: =H8+H10 -> 166745 | I7: =I8+I10 -> 165000 | J7: =J8+J10 -> 164988.71 | K7: =K8+K10 -> 0 | L7: =L8+L10 -> 164988.71 | M7: =M8+M10 -> 164988.71 | N7: =N8+N10 -> 11.29227 | O7: =M7/I7*100 -> 99.993156 | P7: =J7-M7 -> 0 | Q7: =H7-J7 -> 1756.2923 | R7: 1103578 | S7: =G7-M7 -> 2015266.3
D8: 102 | F8: Мүгедектігі бар адамды оңалтудың жеке бағдарламасына сәйкес мүгедектігі бар адамдардың және мүгедектігі бар балалардың санаторлық-курорттық емделуін қамтамасыз ету | G8: =G9 -> 2014974 | H8: =H9 -> 150000 | I8: =I9 -> 150000 | J8: =J9 -> 150000 | K8: =K9 -> 0 | L8: =L9 -> 150000 | M8: =M9 -> 150000 | N8: =N9 -> 0 | O8: =M8/I8*100 -> 100 | P8: =J8-M8 -> 0 | Q8: =H8-J8 -> 0 | R8: 1103579 | S8: =G8-M8 -> 1864974
E9: 322 | F9: Жеке тұлғаларға берілетін трансферттер | G9: 2014974 | H9: 150000 | I9: 150000 | J9: =M9 -> 150000 | L9: 150000 | M9: =K9+L9 -> 150000 | N9: =I9-M9 -> 0 | O9: =M9/I9*100 -> 100 | P9: =J9-M9 -> 0 | Q9: =H9-J9 -> 0 | R9: 1103580 | S9: =G9-M9 -> 1864974 | T9: =G9-J9 -> 1864974
D10: 106 | F10: Протездеу,үйрету жөнінде медициналық қызметтер көрсету протездік-ортопедиялық құралдарымен және оларды пайдалануды қамтамасыз ету | G10: =G11+G12 -> 165281 | H10: =H11+H12 -> 16745 | I10: =I11+I12 -> 15000 | J10: =J11+J12 -> 14988.708 | K10: =K11+K12 -> 0 | L10: =L11+L12 -> 14988.708 | M10: =M11+M12 -> 14988.708 | N10: =N11+N12 -> 11.29227 | O10: =M10/I10*100 -> 99.924718 | P10: =J10-M10 -> 0 | Q10: =H10-J10 -> 1756.2923 | R10: 1103581 | S10: =G10-M10 -> 150292.29 | T10: =G10-J10 -> 150292.29
E11: 159 | F11: Өзге де қызметтер мен жұмыстарға ақы төлеу | G11: 1745 | H11: 1745 | J11: =M11 -> 0 | M11: =K11+L11 -> 0 | N11: =I11-M11 -> 0 | O11: =M11/I11*100 -> #DIV/0! | P11: =J11-M11 -> 0 | Q11: =H11-J11 -> 1745 | R11: 1103582 | S11: =G11-M11 -> 1745 | T11: =G11-J11 -> 1745
E12: 322 | F12: Жеке тұлғаларға берілетін трансферттер | G12: 163536 | H12: 15000 | I12: 15000 | J12: =M12 -> 14988.708 | L12: 14988.708 | M12: =K12+L12 -> 14988.708 | N12: =I12-M12 -> 11.29227 | O12: =M12/I12*100 -> 99.924718 | P12: =J12-M12 -> 0 | Q12: =H12-J12 -> 11.29227 | R12: 1103583 | S12: =G12-M12 -> 148547.29 | T12: =G12-J12 -> 148547.29
C13: 001 | F13: Жергілікті деңгейде жұмыспен қамтуды қамтамасыз ету және халық үшін әлеуметтік бағдарламаларды іске асыру саласында мемлекеттік саясатты іске асыру жөніндегі қызметтер | G13: =G14 -> 260651 | H13: =H14 -> 15392 | I13: =I14 -> 15392 | J13: =J14 -> 15275.257 | K13: =K14 -> 0 | L13: =L14 -> 15275.257 | M13: =M14 -> 15275.257 | N13: =N14 -> 116.74282 | O13: =M13/I13*100 -> 99.241536 | P13: =J13-M13 -> 0 | Q13: =H13-J13 -> 116.74282 | R13: 1103584 | S13: =G13-M13 -> 245375.74 | T13: =G13-J13 -> 245375.74
D14: 015 | F14: Жергілікті бюджет қаражаты есебінен | G14: =SUM(G15:G33) -> 260651 | H14: =SUM(H15:H33) -> 15392 | I14: =SUM(I15:I33) -> 15392 | J14: =SUM(J15:J33) -> 15275.257 | K14: =SUM(K15:K33) -> 0 | L14: =SUM(L15:L33) -> 15275.257 | M14: =SUM(M15:M33) -> 15275.257 | N14: =SUM(N15:N33) -> 116.74282 | O14: =M14/I14*100 -> 99.241536 | P14: =J14-M14 -> 0 | Q14: =H14-J14 -> 116.74282 | R14: 1103585 | S14: =G14-M14 -> 245375.74 | T14: =G14-J14 -> 245375.74
E15: 111 | F15: Еңбек ақы | G15: 121539 | H15: 10000 | I15: 10000 | J15: =M15 -> 10000 | L15: 10000 | M15: =K15+L15 -> 10000 | N15: =I15-M15 -> 0 | O15: =M15/I15*100 -> 100 | P15: =J15-M15 -> 0 | Q15: =H15-J15 -> 0 | R15: 1103586 | S15: =G15-M15 -> 111539 | T15: =G15-J15 -> 111539
E16: 112 | F16: Қосымша ақшалай төлімдер | G16: 17318 | J16: =M16 -> 0 | M16: =K16+L16 -> 0 | N16: =I16-M16 -> 0 | O16: =M16/I16*100 -> #DIV/0! | P16: =J16-M16 -> 0 | Q16: =H16-J16 -> 0 | R16: 1103587 | S16: =G16-M16 -> 17318 | T16: =G16-J16 -> 17318
E17: 113 | F17: Өтемақы төлемдері | G17: 20256 | H17: 814 | I17: 814 | J17: =M17 -> 813.428 | L17: 813.428 | M17: =K17+L17 -> 813.428 | N17: =I17-M17 -> 0.572 | O17: =M17/I17*100 -> 99.92973 | P17: =J17-M17 -> 0 | Q17: =H17-J17 -> 0.572 | R17: 1103588 | S17: =G17-M17 -> 19442.572 | T17: =G17-J17 -> 19442.572
E18: 116 | F18: Жұмыс берушінің міндетті зейнетақы жарналары | G18: 4860 | H18: 300 | I18: 300 | J18: =M18 -> 275.508 | L18: 275.508 | M18: =K18+L18 -> 275.508 | N18: =I18-M18 -> 24.492 | O18: =M18/I18*100 -> 91.836 | P18: =J18-M18 -> 0 | Q18: =H18-J18 -> 24.492 | R18: 1103589 | S18: =G18-M18 -> 4584.492 | T18: =G18-J18 -> 4584.492
E19: 121 | F19: Әлеуметтік салық | G19: 8331 | H19: 528 | I19: 528 | J19: =M19 -> 528 | L19: 528 | M19: =K19+L19 -> 528 | N19: =I19-M19 -> 0 | O19: =M19/I19*100 -> 100 | P19: =J19-M19 -> 0 | Q19: =H19-J19 -> 0 | R19: 1103590 | S19: =G19-M19 -> 7803 | T19: =G19-J19 -> 7803
E20: 122 | F20: Мемлекеттік әлеуметтік сақтандыру қорына әлеуметтік аударымдар | G20: 6943 | H20: 440 | I20: 440 | J20: =M20 -> 440 | L20: 440 | M20: =K20+L20 -> 440 | N20: =I20-M20 -> 0 | O20: =M20/I20*100 -> 100 | P20: =J20-M20 -> 0 | Q20: =H20-J20 -> 0 | R20: 1103591 | S20: =G20-M20 -> 6503 | T20: =G20-J20 -> 6503
E21: 123 | F21: Міндетті сақтандыру жарналары | G21: 63 | J21: =M21 -> 0 | M21: =K21+L21 -> 0 | N21: =I21-M21 -> 0 | O21: =M21/I21*100 -> #DIV/0! | P21: =J21-M21 -> 0 | Q21: =H21-J21 -> 0 | R21: 1103592 | S21: =G21-M21 -> 63 | T21: =G21-J21 -> 63
E22: 124 | F22: Міндетті әлеуметтік медициналық сақтандыруға аударымдар | G22: 4166 | H22: 300 | I22: 300 | J22: =M22 -> 245.426 | L22: 245.426 | M22: =K22+L22 -> 245.426 | N22: =I22-M22 -> 54.574 | O22: =M22/I22*100 -> 81.808667 | P22: =J22-M22 -> 0 | Q22: =H22-J22 -> 54.574 | R22: 1103593 | S22: =G22-M22 -> 3920.574 | T22: =G22-J22 -> 3920.574
E23: 131 | F23: Техникалық персоналдың еңбегіне ақы төлеу | G23: 19333 | H23: 1200 | I23: 1200 | J23: =M23 -> 1200 | L23: 1200 | M23: =K23+L23 -> 1200 | N23: =I23-M23 -> 0 | O23: =M23/I23*100 -> 100 | P23: =J23-M23 -> 0 | Q23: =H23-J23 -> 0 | R23: 1103594 | S23: =G23-M23 -> 18133 | T23: =G23-J23 -> 18133
E24: 135 | F24: Техникалық персонал бойынша жұмыс берушілердің жарналары | G24: 3129 | H24: 135 | I24: 135 | J24: =M24 -> 135 | L24: 135 | M24: =K24+L24 -> 135 | N24: =I24-M24 -> 0 | O24: =M24/I24*100 -> 100 | P24: =J24-M24 -> 0 | Q24: =H24-J24 -> 0 | R24: 1103595 | S24: =G24-M24 -> 2994 | T24: =G24-J24 -> 2994
E25: 136 | F25: Техникалық персоналдың ел ішіндегі іс сапарлары мен қызметтік сапарлары | J25: =M25 -> 0 | M25: =K25+L25 -> 0 | N25: =I25-M25 -> 0 | O25: =M25/I25*100 -> #DIV/0! | P25: =J25-M25 -> 0 | Q25: =H25-J25 -> 0 | R25: 1103596 | S25: =G25-M25 -> 0 | T25: =G25-J25 -> 0
E26: 144 | F26: Отын, жанар-жағар май материалдарын сатып алу | G26: 2075 | J26: =M26 -> 0 | M26: =K26+L26 -> 0 | N26: =I26-M26 -> 0 | O26: =M26/I26*100 -> #DIV/0! | P26: =J26-M26 -> 0 | Q26: =H26-J26 -> 0 | R26: 1103597 | S26: =G26-M26 -> 2075 | T26: =G26-J26 -> 2075
E27: 149 | F27: Өзге де қорларды сатып алу | G27: 4170 | J27: =M27 -> 0 | M27: =K27+L27 -> 0 | N27: =I27-M27 -> 0 | O27: =M27/I27*100 -> #DIV/0! | P27: =J27-M27 -> 0 | Q27: =H27-J27 -> 0 | R27: 1103598 | S27: =G27-M27 -> 4170 | T27: =G27-J27 -> 4170
E28: 151 | F28: Коммуналдық қызметтерге ақы төлеу | G28: 10733 | H28: 1275 | I28: 1275 | J28: =M28 -> 1274.5352 | L28: 1274.5352 | M28: =K28+L28 -> 1274.5352 | N28: =I28-M28 -> 0.46482 | O28: =M28/I28*100 -> 99.963544 | P28: =J28-M28 -> 0 | Q28: =H28-J28 -> 0.46482 | R28: 1103599 | S28: =G28-M28 -> 9458.4648 | T28: =G28-J28 -> 9458.4648
E29: 152 | F29: Байланыс қызметтерiне ақы төлеу | G29: 7302 | J29: =M29 -> 0 | M29: =K29+L29 -> 0 | N29: =I29-M29 -> 0 | O29: =M29/I29*100 -> #DIV/0! | P29: =J29-M29 -> 0 | Q29: =H29-J29 -> 0 | R29: 1103600 | S29: =G29-M29 -> 7302 | T29: =G29-J29 -> 7302
E30: 158 | F30: Ақпараттандыру саласындағы жұмыстар мен қызметтерге ақы төлеу | G30: 730 | J30: =M30 -> 0 | M30: =K30+L30 -> 0 | N30: =I30-M30 -> 0 | O30: =M30/I30*100 -> #DIV/0! | P30: =J30-M30 -> 0 | Q30: =H30-J30 -> 0 | R30: 1103601 | S30: =G30-M30 -> 730 | T30: =G30-J30 -> 730
E31: 159 | F31: Өзге де қызметтер мен жұмыстарға ақы төлеу | G31: 2649 | J31: =M31 -> 0 | M31: =K31+L31 -> 0 | N31: =I31-M31 -> 0 | O31: =M31/I31*100 -> #DIV/0! | P31: =J31-M31 -> 0 | Q31: =H31-J31 -> 0 | R31: 1103602 | S31: =G31-M31 -> 2649 | T31: =G31-J31 -> 2649
E32: 161 | F32: Ел iшiндегi iссапарлар мен қызметтiк сапарлар | G32: 27054 | H32: 400 | I32: 400 | J32: =M32 -> 363.36 | L32: 363.36 | M32: =K32+L32 -> 363.36 | N32: =I32-M32 -> 36.64 | O32: =M32/I32*100 -> 90.84 | P32: =J32-M32 -> 0 | Q32: =H32-J32 -> 36.64 | R32: 1103603 | S32: =G32-M32 -> 26690.64 | T32: =G32-J32 -> 26690.64
E33: 169 | F33: Өзге де ағымдағы шығындар | J33: =M33 -> 0 | M33: =K33+L33 -> 0 | N33: =I33-M33 -> 0 | O33: =M33/I33*100 -> #DIV/0! | P33: =J33-M33 -> 0 | Q33: =H33-J33 -> 0 | R33: 1103604 | S33: =G33-M33 -> 0 | T33: =G33-J33 -> 0
C34: 007 | F34: Мемлекеттік органның күрделі шығыстары | G34: =G35+G36+G37 -> 0 | H34: =H35+H36+H37 -> 0 | I34: =I35+I36+I37 -> 0 | J34: =J35+J36+J37 -> 0 | K34: =K35+K36+K37 -> 0 | L34: =L35+L36+L37 -> 0 | M34: =M35+M36+M37 -> 0 | N34: =N35+N36+N37 -> 0 | O34: =M34/I34*100 -> #DIV/0! | P34: =J34-M34 -> 0 | Q34: =H34-J34 -> 0 | R34: 1103605 | S34: =G34-M34 -> 0 | T34: =G34-J34 -> 0
E35: 413 | F35: Көлік құралдарын сатып алу | M35: =K35+L35 -> 0 | O35: =M35/I35*100 -> #DIV/0! | P35: =J35-M35 -> 0 | Q35: =H35-J35 -> 0 | R35: 1103606 | S35: =G35-M35 -> 0 | T35: =G35-J35 -> 0
E36: 414 | F36: Машиналар, жабдықтар, өндірістік және шаруашылық мүккамал құралдарын сатып алу | J36: =M36 -> 0 | M36: =K36+L36 -> 0 | N36: =I36-M36 -> 0 | O36: =M36/I36*100 -> #DIV/0! | P36: =J36-M36 -> 0 | Q36: =H36-J36 -> 0 | R36: 1103607 | S36: =G36-M36 -> 0 | T36: =G36-J36 -> 0
E37: 419 | F37: Басқа негізгі құралдарды сатып алу | J37: =M37 -> 0 | M37: =K37+L37 -> 0 | N37: =I37-M37 -> 0 | O37: =M37/I37*100 -> #DIV/0! | P37: =J37-M37 -> 0 | Q37: =H37-J37 -> 0 | R37: 1103608 | S37: =G37-M37 -> 0
C38: 018 | F38: Үкіметтік емес ұйымдарда мемлекеттік әлеуметтік тапсырысты орналастыру | G38: =G39 -> 10400 | H38: =H39 -> 0 | I38: =I39 -> 0 | J38: =J39 -> 0 | K38: =K39 -> 0 | L38: =L39 -> 0 | M38: =M39 -> 0 | N38: =N39 -> 0 | O38: =M38/I38*100 -> #DIV/0! | P38: =J38-M38 -> 0 | Q38: =H38-J38 -> 0 | R38: 1103609 | S38: =G38-M38 -> 10400 | T38: =G38-J38 -> 10400
D39: 000 | G39: =G40 -> 10400 | H39: =H40 -> 0 | I39: =I40 -> 0 | J39: =J40 -> 0 | M39: =M40 -> 0 | N39: =N40 -> 0 | O39: =M39/I39*100 -> #DIV/0! | P39: =J39-M39 -> 0 | Q39: =H39-J39 -> 0 | R39: 1103610 | S39: =G39-M39 -> 10400 | T39: =G39-J39 -> 10400
E40: 155 | F40: Мемлекеттік әлеуметтік тапсырыс шеңберінде көрсетілетін қызметтерге ақы төлеу | G40: 10400 | H40: 0 | I40: 0 | J40: =M40 -> 0 | M40: =K40+L40 -> 0 | N40: =I40-M40 -> 0 | O40: =M40/I40*100 -> #DIV/0! | P40: =J40-M40 -> 0 | Q40: =H40-J40 -> 0 | R40: 1103611 | S40: =G40-M40 -> 10400 | T40: =G40-J40 -> 10400
C41: 031 | F41: Жергілікті атқарушы органдар төлейтін міндетті әлеуметтік медициналық сақтандыруға мемлекеттің жарналарына әлеуметтік медициналық сақтандыру қорына берілетін трансферттер | G41: =G42 -> 1064315 | H41: =H42 -> 0 | I41: =I42 -> 0 | J41: =J42 -> 0 | M41: =M42 -> 0 | N41: =N42 -> 0 | O41: =M41/I41*100 -> #DIV/0! | P41: =J41-M41 -> 0 | Q41: =H41-J41 -> 0 | R41: 1103612 | S41: =G41-M41 -> 1064315
D42: 000 | G42: =G43 -> 1064315 | H42: =H43 -> 0 | I42: =I43 -> 0 | J42: =J43 -> 0 | M42: =M43 -> 0 | N42: =N43 -> 0 | O42: =M42/I42*100 -> #DIV/0! | P42: =J42-M42 -> 0 | Q42: =H42-J42 -> 0 | R42: 1103613 | S42: =G42-M42 -> 1064315
E43: 361 | F43: Заңды тұлғаларға трансферттерге арналған шығыстарды есептеу | G43: 1064315 | H43: 0 | I43: 0 | J43: =M43 -> 0 | M43: =K43+L43 -> 0 | N43: =I43-M43 -> 0 | O43: =M43/I43*100 -> #DIV/0! | P43: =J43-M43 -> 0 | Q43: =H43-J43 -> 0 | R43: 1103614 | S43: =G43-M43 -> 1064315
C44: 113 | F44: Төменгі тұрған бюджеттерге берілетін нысаналы ағымдағы трансферттер | G44: =G45 -> 1334726 | H44: =H45 -> 314536 | I44: =I45 -> 125000 | J44: =J45 -> 125000 | K44: =K45 -> 0 | L44: =L45 -> 125000 | M44: =M45 -> 125000 | N44: =N45 -> 0 | O44: =M44/I44*100 -> 100 | P44: =J44-M44 -> 0 | Q44: =H44-J44 -> 189536 | R44: 1103615 | S44: =G44-M44 -> 1209726 | T44: =G44-J44 -> 1209726
D45: 015 | F45: Жергілікті бюджет қаражаты есебінен | G45: =G46 -> 1334726 | H45: =H46 -> 314536 | I45: =I46 -> 125000 | J45: =J46 -> 125000 | K45: =K46 -> 0 | L45: =L46 -> 125000 | M45: =M46 -> 125000 | N45: =N46 -> 0 | O45: =M45/I45*100 -> 100 | P45: =J45-M45 -> 0 | Q45: =H45-J45 -> 189536 | R45: 1103616 | S45: =G45-M45 -> 1209726
E46: 339 | F46: Мемлекеттік басқарудың басқа деңгейлеріне берілетін ағымдағы трансферттер | G46: =SUM(G47:G54) -> 1334726 | H46: =SUM(H47:H54) -> 314536 | I46: =SUM(I47:I54) -> 125000 | J46: =SUM(J47:J54) -> 125000 | K46: =SUM(K47:K54) -> 0 | L46: =SUM(L47:L54) -> 125000 | M46: =SUM(M47:M54) -> 125000 | N46: =SUM(N47:N54) -> 0 | O46: =M46/I46*100 -> 100 | P46: =J46-M46 -> 0 | Q46: =H46-J46 -> 189536 | R46: 1103617 | S46: =G46-M46 -> 1209726
F47: Атырау қ. | G47: =G57+G66+G75+G84 -> 461583 | H47: =H57+H66+H75+H84 -> 0 | I47: =I57+I66+I75+I84 -> 0 | J47: =J57+J66+J75+J84 -> 0 | K47: =K57+K66+K75+K84 -> 0 | L47: =L57+L66+L75+L84 -> 0 | M47: =M57+M66+M75+M84 -> 0 | N47: =I47-M47 -> 0 | O47: =M47/I47*100 -> #DIV/0! | P47: =J47-M47 -> 0 | Q47: =H47-J47 -> 0 | R47: 1103618 | S47: =G47-M47 -> 461583
F48: Жылыой | G48: =G58+G67+G76+G85 -> 55439 | H48: =H58+H67+H76+H85 -> 0 | I48: =I58+I67+I76+I85 -> 0 | J48: =J58+J67+J76+J85 -> 0 | K48: =K58+K67+K76+K85 -> 0 | L48: =L58+L67+L76+L85 -> 0 | M48: =M58+M67+M76+M85 -> 0 | N48: =I48-M48 -> 0 | O48: =M48/I48*100 -> #DIV/0! | P48: =J48-M48 -> 0 | Q48: =H48-J48 -> 0 | R48: 1103619 | S48: =G48-M48 -> 55439
F49: Индер | G49: =G59+G68+G77+G86 -> 120211 | H49: =H59+H68+H77+H86 -> 0 | I49: =I59+I68+I77+I86 -> 0 | J49: =J59+J68+J77+J86 -> 0 | K49: =K59+K68+K77+K86 -> 0 | L49: =L59+L68+L77+L86 -> 0 | M49: =M59+M68+M77+M86 -> 0 | N49: =I49-M49 -> 0 | O49: =M49/I49*100 -> #DIV/0! | P49: =J49-M49 -> 0 | Q49: =H49-J49 -> 0 | R49: 1103620 | S49: =G49-M49 -> 120211
F50: Исатай | G50: =G60+G69+G78+G87 -> 44998 | H50: =H60+H69+H78+H87 -> 0 | I50: =I60+I69+I78+I87 -> 0 | J50: =J60+J69+J78+J87 -> 0 | K50: =K60+K69+K78+K87 -> 0 | L50: =L60+L69+L78+L87 -> 0 | M50: =M60+M69+M78+M87 -> 0 | N50: =I50-M50 -> 0 | O50: =M50/I50*100 -> #DIV/0! | P50: =J50-M50 -> 0 | Q50: =H50-J50 -> 0 | R50: 1103621 | S50: =G50-M50 -> 44998
F51: Қызылқоға | G51: =G61+G70+G79+G88 -> 81363 | H51: =H61+H70+H79+H88 -> 0 | I51: =I61+I70+I79+I88 -> 0 | J51: =J61+J70+J79+J88 -> 0 | K51: =K61+K70+K79+K88 -> 0 | L51: =L61+L70+L79+L88 -> 0 | M51: =M61+M70+M79+M88 -> 0 | N51: =I51-M51 -> 0 | O51: =M51/I51*100 -> #DIV/0! | P51: =J51-M51 -> 0 | Q51: =H51-J51 -> 0 | R51: 1103622 | S51: =G51-M51 -> 81363
F52: Құрманғазы | G52: =G62+G71+G80+G89 -> 132688 | H52: =H62+H71+H80+H89 -> 0 | I52: =I62+I71+I80+I89 -> 0 | J52: =J62+J71+J80+J89 -> 0 | K52: =K62+K71+K80+K89 -> 0 | L52: =L62+L71+L80+L89 -> 0 | M52: =M62+M71+M80+M89 -> 0 | N52: =I52-M52 -> 0 | O52: =M52/I52*100 -> #DIV/0! | P52: =J52-M52 -> 0 | Q52: =H52-J52 -> 0 | R52: 1103623 | S52: =G52-M52 -> 132688
F53: Макат | G53: =G63+G72+G81+G90 -> 369923 | H53: =H63+H72+H81+H90 -> 314536 | I53: =I63+I72+I81+I90 -> 125000 | J53: =J63+J72+J81+J90 -> 125000 | K53: =K63+K72+K81+K90 -> 0 | L53: =L63+L72+L81+L90 -> 125000 | M53: =M63+M72+M81+M90 -> 125000 | N53: =I53-M53 -> 0 | O53: =M53/I53*100 -> 100 | P53: =J53-M53 -> 0 | Q53: =H53-J53 -> 189536 | R53: 1103624 | S53: =G53-M53 -> 244923
F54: Махамбет | G54: =G64+G73+G82+G91 -> 68521 | H54: =H64+H73+H82+H91 -> 0 | I54: =I64+I73+I82+I91 -> 0 | J54: =J64+J73+J82+J91 -> 0 | K54: =K64+K73+K82+K91 -> 0 | L54: =L64+L73+L82+L91 -> 0 | M54: =M64+M73+M82+M91 -> 0 | N54: =I54-M54 -> 0 | O54: =M54/I54*100 -> #DIV/0! | P54: =J54-M54 -> 0 | Q54: =H54-J54 -> 0 | R54: 1103625 | S54: =G54-M54 -> 68521
F55: оның ішінде: | J55: =M55 -> #REF! | K55: =#REF! -> #REF! | M55: =K55+L55 -> #REF! | N55: =I55-M55 -> #REF! | O55: =M55/I55*100 -> #REF! | P55: =J55-M55 -> #REF! | Q55: =H55-J55 -> #REF! | R55: 1103626 | S55: =G55-M55 -> #REF!
F56: Мемлекеттік атаулы әлеуметтік көмек төлеуге | G56: =SUM(G57:G64) -> 615150 | H56: =SUM(H57:H64) -> 0 | I56: =SUM(I57:I64) -> 0 | J56: =SUM(J57:J64) -> 0 | K56: =SUM(K57:K64) -> 0 | L56: =SUM(L57:L64) -> 0 | M56: =SUM(M57:M64) -> 0 | N56: =SUM(N57:N64) -> 0 | O56: =M56/I56*100 -> #DIV/0! | P56: =J56-M56 -> 0 | Q56: =H56-J56 -> 0 | R56: 1103627 | S56: =G56-M56 -> 615150
F57: Атырау қ. | G57: 233757 | J57: =M57 -> 0 | M57: =K57+L57 -> 0 | N57: =I57-M57 -> 0 | O57: =M57/I57*100 -> #DIV/0! | P57: =J57-M57 -> 0 | Q57: =H57-J57 -> 0 | R57: 1103628 | S57: =G57-M57 -> 233757
F58: Жылыой | G58: 33218 | J58: =M58 -> 0 | M58: =K58+L58 -> 0 | N58: =I58-M58 -> 0 | O58: =M58/I58*100 -> #DIV/0! | P58: =J58-M58 -> 0 | Q58: =H58-J58 -> 0 | R58: 1103629 | S58: =G58-M58 -> 33218
F59: Индер | G59: 91657 | J59: =M59 -> 0 | M59: =K59+L59 -> 0 | N59: =I59-M59 -> 0 | O59: =M59/I59*100 -> #DIV/0! | P59: =J59-M59 -> 0 | Q59: =H59-J59 -> 0 | R59: 1103630 | S59: =G59-M59 -> 91657
F60: Исатай | G60: 25221 | J60: =M60 -> 0 | M60: =K60+L60 -> 0 | N60: =I60-M60 -> 0 | O60: =M60/I60*100 -> #DIV/0! | P60: =J60-M60 -> 0 | Q60: =H60-J60 -> 0 | R60: 1103631 | S60: =G60-M60 -> 25221
F61: Қызылқоға | G61: 55364 | J61: =M61 -> 0 | M61: =K61+L61 -> 0 | N61: =I61-M61 -> 0 | O61: =M61/I61*100 -> #DIV/0! | P61: =J61-M61 -> 0 | Q61: =H61-J61 -> 0 | R61: 1103632 | S61: =G61-M61 -> 55364
F62: Құрманғазы | G62: 96579 | J62: =M62 -> 0 | M62: =K62+L62 -> 0 | N62: =I62-M62 -> 0 | O62: =M62/I62*100 -> #DIV/0! | P62: =J62-M62 -> 0 | Q62: =H62-J62 -> 0 | R62: 1103633 | S62: =G62-M62 -> 96579
F63: Макат | G63: 33833 | J63: =M63 -> 0 | M63: =K63+L63 -> 0 | N63: =I63-M63 -> 0 | O63: =M63/I63*100 -> #DIV/0! | P63: =J63-M63 -> 0 | Q63: =H63-J63 -> 0 | R63: 1103634 | S63: =G63-M63 -> 33833
F64: Махамбет | G64: 45521 | J64: =M64 -> 0 | M64: =K64+L64 -> 0 | N64: =I64-M64 -> 0 | O64: =M64/I64*100 -> #DIV/0! | P64: =J64-M64 -> 0 | Q64: =H64-J64 -> 0 | R64: 1103635 | S64: =G64-M64 -> 45521
F65: 1 жастан 6 жасқа дейін балаларды қоса алғанда берілетін қосымша төлемдер | G65: =SUM(G66:G73) -> 111098 | H65: =SUM(H66:H73) -> 0 | I65: =SUM(I66:I73) -> 0 | J65: =SUM(J66:J73) -> 0 | K65: =SUM(K66:K73) -> 0 | L65: =SUM(L66:L73) -> 0 | M65: =SUM(M66:M73) -> 0 | N65: =SUM(N66:N73) -> 0 | O65: =M65/I65*100 -> #DIV/0! | P65: =J65-M65 -> 0 | Q65: =H65-J65 -> 0 | R65: 1103636 | S65: =G65-M65 -> 111098
F66: Атырау қ. | G66: 38884 | J66: =M66 -> 0 | M66: =K66+L66 -> 0 | N66: =I66-M66 -> 0 | O66: =M66/I66*100 -> #DIV/0! | P66: =J66-M66 -> 0 | Q66: =H66-J66 -> 0 | R66: 1103637 | S66: =G66-M66 -> 38884
F67: Жылыой | G67: 7221 | J67: =M67 -> 0 | M67: =K67+L67 -> 0 | N67: =I67-M67 -> 0 | O67: =M67/I67*100 -> #DIV/0! | P67: =J67-M67 -> 0 | Q67: =H67-J67 -> 0 | R67: 1103638 | S67: =G67-M67 -> 7221
F68: Индер | G68: 13554 | J68: =M68 -> 0 | M68: =K68+L68 -> 0 | N68: =I68-M68 -> 0 | O68: =M68/I68*100 -> #DIV/0! | P68: =J68-M68 -> 0 | Q68: =H68-J68 -> 0 | R68: 1103639 | S68: =G68-M68 -> 13554
F69: Исатай | G69: 4777 | J69: =M69 -> 0 | M69: =K69+L69 -> 0 | N69: =I69-M69 -> 0 | O69: =M69/I69*100 -> #DIV/0! | P69: =J69-M69 -> 0 | Q69: =H69-J69 -> 0 | R69: 1103640 | S69: =G69-M69 -> 4777
F70: Қызылқоға | G70: 10999 | J70: =M70 -> 0 | M70: =K70+L70 -> 0 | N70: =I70-M70 -> 0 | O70: =M70/I70*100 -> #DIV/0! | P70: =J70-M70 -> 0 | Q70: =H70-J70 -> 0 | R70: 1103641 | S70: =G70-M70 -> 10999
F71: Құрманғазы | G71: 21109 | J71: =M71 -> 0 | M71: =K71+L71 -> 0 | N71: =I71-M71 -> 0 | O71: =M71/I71*100 -> #DIV/0! | P71: =J71-M71 -> 0 | Q71: =H71-J71 -> 0 | R71: 1103642 | S71: =G71-M71 -> 21109
F72: Макат | G72: 6554 | J72: =M72 -> 0 | M72: =K72+L72 -> 0 | N72: =I72-M72 -> 0 | O72: =M72/I72*100 -> #DIV/0! | P72: =J72-M72 -> 0 | Q72: =H72-J72 -> 0 | R72: 1103643 | S72: =G72-M72 -> 6554
F73: Махамбет | G73: 8000 | J73: =M73 -> 0 | M73: =K73+L73 -> 0 | N73: =I73-M73 -> 0 | O73: =M73/I73*100 -> #DIV/0! | P73: =J73-M73 -> 0 | Q73: =H73-J73 -> 0 | R73: 1103644 | S73: =G73-M73 -> 8000
F74: Күрделі жөндеу | G74: =SUM(G75:G82) -> 314536 | H74: =SUM(H75:H82) -> 314536 | I74: =SUM(I75:I82) -> 125000 | J74: =SUM(J75:J82) -> 125000 | K74: =SUM(K75:K82) -> 0 | L74: =SUM(L75:L82) -> 125000 | M74: =SUM(M75:M82) -> 125000 | N74: =SUM(N75:N82) -> 0 | O74: =SUM(O75:O82) -> #DIV/0! | P74: =J74-M74 -> 0 | Q74: =H74-J74 -> 189536 | R74: 1103645 | S74: =G74-M74 -> 189536
F75: Атырау қ. | J75: =M75 -> 0 | M75: =K75+L75 -> 0 | N75: =I75-M75 -> 0 | O75: =M75/I75*100 -> #DIV/0! | P75: =J75-M75 -> 0 | Q75: =H75-J75 -> 0 | R75: 1103646 | S75: =G75-M75 -> 0
F76: Жылыой | J76: =M76 -> 0 | M76: =K76+L76 -> 0 | N76: =I76-M76 -> 0 | O76: =M76/I76*100 -> #DIV/0! | P76: =J76-M76 -> 0 | Q76: =H76-J76 -> 0 | R76: 1103647 | S76: =G76-M76 -> 0
F77: Индер | J77: =M77 -> 0 | M77: =K77+L77 -> 0 | N77: =I77-M77 -> 0 | O77: =M77/I77*100 -> #DIV/0! | P77: =J77-M77 -> 0 | Q77: =H77-J77 -> 0 | R77: 1103648 | S77: =G77-M77 -> 0
F78: Исатай | J78: =M78 -> 0 | M78: =K78+L78 -> 0 | N78: =I78-M78 -> 0 | O78: =M78/I78*100 -> #DIV/0! | P78: =J78-M78 -> 0 | Q78: =H78-J78 -> 0 | R78: 1103649 | S78: =G78-M78 -> 0
F79: Қызылқоға | J79: =M79 -> 0 | M79: =K79+L79 -> 0 | N79: =I79-M79 -> 0 | O79: =M79/I79*100 -> #DIV/0! | P79: =J79-M79 -> 0 | Q79: =H79-J79 -> 0 | R79: 1103650 | S79: =G79-M79 -> 0
F80: Құрманғазы | J80: =M80 -> 0 | M80: =K80+L80 -> 0 | N80: =I80-M80 -> 0 | O80: =M80/I80*100 -> #DIV/0! | P80: =J80-M80 -> 0 | Q80: =H80-J80 -> 0 | R80: 1103651 | S80: =G80-M80 -> 0
F81: Макат | G81: 314536 | H81: 314536 | I81: 125000 | J81: =M81 -> 125000 | L81: 125000 | M81: =K81+L81 -> 125000 | N81: =I81-M81 -> 0 | O81: =M81/I81*100 -> 100 | P81: =J81-M81 -> 0 | Q81: =H81-J81 -> 189536 | R81: 1103652 | S81: =G81-M81 -> 189536
F82: Махамбет | J82: =M82 -> 0 | M82: =K82+L82 -> 0 | N82: =I82-M82 -> 0 | O82: =M82/I82*100 -> #DIV/0! | P82: =J82-M82 -> 0 | Q82: =H82-J82 -> 0 | R82: 1103653 | S82: =G82-M82 -> 0
F83: Мүгедектігі бар адамдарды техникалық көмекші құралдармен және арнаулы жүріп тұру құралдармен қамтамасыз ету | G83: =SUM(G84:G91) -> 293942 | H83: =SUM(H84:H91) -> 0 | I83: =SUM(I84:I91) -> 0 | J83: =SUM(J84:J91) -> 0 | K83: =SUM(K84:K91) -> 0 | L83: =SUM(L84:L91) -> 0 | M83: =SUM(M84:M91) -> 0 | N83: =SUM(N84:N91) -> 0 | O83: =SUM(O84:O91) -> #DIV/0! | P83: =J83-M83 -> 0 | Q83: =H83-J83 -> 0 | R83: 1103654 | S83: =G83-M83 -> 293942
F84: Атырау қ. | G84: 188942 | J84: =M84 -> 0 | M84: =K84+L84 -> 0 | N84: =I84-M84 -> 0 | O84: =M84/I84*100 -> #DIV/0! | P84: =J84-M84 -> 0 | Q84: =H84-J84 -> 0 | R84: 1103655 | S84: =G84-M84 -> 188942
F85: Жылыой | G85: 15000 | J85: =M85 -> 0 | M85: =K85+L85 -> 0 | N85: =I85-M85 -> 0 | O85: =M85/I85*100 -> #DIV/0! | P85: =J85-M85 -> 0 | Q85: =H85-J85 -> 0 | R85: 1103656 | S85: =G85-M85 -> 15000
F86: Индер | G86: 15000 | J86: =M86 -> 0 | M86: =K86+L86 -> 0 | N86: =I86-M86 -> 0 | O86: =M86/I86*100 -> #DIV/0! | P86: =J86-M86 -> 0 | Q86: =H86-J86 -> 0 | R86: 1103657 | S86: =G86-M86 -> 15000
F87: Исатай | G87: 15000 | J87: =M87 -> 0 | M87: =K87+L87 -> 0 | N87: =I87-M87 -> 0 | O87: =M87/I87*100 -> #DIV/0! | P87: =J87-M87 -> 0 | Q87: =H87-J87 -> 0 | R87: 1103658 | S87: =G87-M87 -> 15000
F88: Қызылқоға | G88: 15000 | J88: =M88 -> 0 | M88: =K88+L88 -> 0 | N88: =I88-M88 -> 0 | O88: =M88/I88*100 -> #DIV/0! | P88: =J88-M88 -> 0 | Q88: =H88-J88 -> 0 | R88: 1103659 | S88: =G88-M88 -> 15000
F89: Құрманғазы | G89: 15000 | J89: =M89 -> 0 | M89: =K89+L89 -> 0 | N89: =I89-M89 -> 0 | O89: =M89/I89*100 -> #DIV/0! | P89: =J89-M89 -> 0 | Q89: =H89-J89 -> 0 | R89: 1103660 | S89: =G89-M89 -> 15000
F90: Макат | G90: 15000 | J90: =M90 -> 0 | M90: =K90+L90 -> 0 | N90: =I90-M90 -> 0 | O90: =M90/I90*100 -> #DIV/0! | P90: =J90-M90 -> 0 | Q90: =H90-J90 -> 0 | R90: 1103661 | S90: =G90-M90 -> 15000
F91: Махамбет | G91: 15000 | J91: =M91 -> 0 | M91: =K91+L91 -> 0 | N91: =I91-M91 -> 0 | O91: =M91/I91*100 -> #DIV/0! | P91: =J91-M91 -> 0 | Q91: =H91-J91 -> 0 | R91: 1103662 | S91: =G91-M91 -> 15000
C92: 053 | F92: Кохлеарлық импланттарға дәлдеп сөйлеу процессорларын ауыстыру және келтіру бойынша қызмет көрсету | G92: =G93 -> 200616 | H92: =H93 -> 0 | I92: =I93 -> 0 | J92: =J93 -> 0 | K92: =K93 -> 0 | L92: =L93 -> 0 | M92: =M93 -> 0 | N92: =N93 -> 0 | O92: =M92/I92*100 -> #DIV/0! | P92: =J92-M92 -> 0 | Q92: =H92-J92 -> 0 | R92: 1103663 | S92: =G92-M92 -> 200616 | T92: =G92-J92 -> 200616
D93: 015 | F93: Жергілікті бюджет қаражаты есебінен | G93: =G94+G95 -> 200616 | H93: =H94+H95 -> 0 | I93: =I94+I95 -> 0 | J93: =J94+J95 -> 0 | K93: =K94+K95 -> 0 | L93: =L94+L95 -> 0 | M93: =M94+M95 -> 0 | N93: =N94+N95 -> 0 | O93: =M93/I93*100 -> #DIV/0! | P93: =J93-M93 -> 0 | Q93: =H93-J93 -> 0 | R93: 1103664 | S93: =G93-M93 -> 200616 | T93: =G93-J93 -> 200616
E94: 159 | F94: Өзге де қызметтер мен жұмыстарға ақы төлеу | G94: 200616 | H94: 0 | I94: 0 | J94: =M94 -> 0 | M94: =K94+L94 -> 0 | N94: =I94-M94 -> 0 | O94: =M94/I94*100 -> #DIV/0! | P94: =J94-M94 -> 0 | Q94: =H94-J94 -> 0 | R94: 1103665 | S94: =G94-M94 -> 200616 | T94: =G94-J94 -> 200616
E95: 322 | F95: Жеке тұлғаларға аударымдар | J95: =M95 -> 0 | M95: =K95+L95 -> 0 | N95: =I95-M95 -> 0 | O95: =M95/I95*100 -> #DIV/0! | P95: =J95-M95 -> 0 | Q95: =H95-J95 -> 0 | R95: 1103666 | S95: =G95-M95 -> 0
C96: 066 | F96: Еңбек мобильділігі орталықтары мен мансап орталықтарының жұмыспен қамту мәселелері жөніндегі азаматтарды әлеуметтік қолдау бойынша қызметін қамтамасыз ету | G96: =G97 -> 20000 | H96: =H97 -> 13390 | I96: =I97 -> 0 | J96: =J97 -> 0 | K96: =K97 -> 0 | L96: =L97 -> 0 | M96: =M97 -> 0 | N96: =N97 -> 0 | O96: =O97 -> #DIV/0! | P96: =J96-M96 -> 0 | Q96: =H96-J96 -> 13390 | R96: 1103667 | S96: =G96-M96 -> 20000 | T96: =G96-J96 -> 20000
D97: 000 | G97: =G98 -> 20000 | H97: =H98 -> 13390 | I97: =I98 -> 0 | J97: =J98 -> 0 | K97: =K98 -> 0 | L97: =L98 -> 0 | M97: =M98 -> 0 | N97: =N98 -> 0 | O97: =M97/I97*100 -> #DIV/0! | P97: =J97-M97 -> 0 | Q97: =H97-J97 -> 13390 | R97: 1103668 | S97: =G97-M97 -> 20000 | T97: =G97-J97 -> 20000
E98: 159 | F98: Басқа қызметтер мен жұмыстар үшін төлем | G98: 20000 | H98: 13390 | I98: 0 | J98: =M98 -> 0 | M98: =K98+L98 -> 0 | N98: =I98-M98 -> 0 | O98: =M98/I98*100 -> #DIV/0! | P98: =J98-M98 -> 0 | Q98: =H98-J98 -> 13390 | R98: 1103669 | S98: =G98-M98 -> 20000 | T98: =G98-J98 -> 20000
B99: 1262 | F99: "№ 3 Арнаулы әлеуметтік көмек көрсету орталығы" КММ | G99: =G100 -> 588262 | H99: =H100 -> 48339 | I99: =I100 -> 48339 | J99: =J100 -> 46251.971 | K99: =K100 -> 0 | L99: =L100 -> 46251.971 | M99: =M100 -> 46251.971 | N99: =N100 -> 2087.029 | O99: =M99/I99*100 -> 95.682515 | P99: =J99-M99 -> 0 | Q99: =H99-J99 -> 2087.029 | R99: 1103670 | S99: =G99-M99 -> 542010.03 | T99: =G99-J99 -> 542010.03
C100: 015 | F100: Балалар психоневрологиялық медициналық-әлеуметтік мекемелерінде (ұйымдарда), арнаулы әлеуметтік қызметтер көрсету орталықтарында, әлеуметтік қызмет көрсету орталықтарында психоневрологиялық патологиялары бар мүгедектігі бар балалар үшін арнаулы әлеуметтік қызметтер көрсету | G100: =G101 -> 588262 | H100: =H101 -> 48339 | I100: =I101 -> 48339 | J100: =J101 -> 46251.971 | K100: =K101 -> 0 | L100: =L101 -> 46251.971 | M100: =M101 -> 46251.971 | N100: =N101 -> 2087.029 | O100: =M100/I100*100 -> 95.682515 | P100: =J100-M100 -> 0 | Q100: =H100-J100 -> 2087.029 | R100: 1103671 | S100: =G100-M100 -> 542010.03 | T100: =G100-J100 -> 542010.03
D101: 015 | F101: Жергілікті бюджет қаражаты есебінен | G101: =SUM(G102:G118) -> 588262 | H101: =SUM(H102:H118) -> 48339 | I101: =SUM(I102:I118) -> 48339 | J101: =SUM(J102:J118) -> 46251.971 | K101: =SUM(K102:K118) -> 0 | L101: =SUM(L102:L118) -> 46251.971 | M101: =SUM(M102:M118) -> 46251.971 | N101: =SUM(N102:N118) -> 2087.029 | O101: =M101/I101*100 -> 95.682515 | P101: =J101-M101 -> 0 | Q101: =H101-J101 -> 2087.029 | R101: 1103672 | S101: =G101-M101 -> 542010.03 | T101: =G101-J101 -> 542010.03
...

Sheet 1.03.
F1: 2026 жылғы ақпан айына арналған талдау
A3: Әкім шісі | B3: ММ коды | C3: Бағдарлама | D3: Кіші бағда лама | E3: Ерекшілік | F3: Шығыстардың атауы | G3: 2026 жылға арналған қаржы жоспары | H3: Жыл басынан бастап қаржыландыру жоспары | J3: Жыл басынан бері қабылданған міндеттемелердің жалпы сомасы | K3: Орындалған міндеттемелер | N3: 30.02.2026 қалдық | O3: % игерілуі | P3: Өтелмеген қабылданған міндеттемелер | Q3: Жвл басынан берң қабылданбаған міндеттемелер көлемі (міндеттемелер жоспарына қатысты қалған қаражат) | R3: ожидаемое освоение до конца года | S3: Жоспардан ауытқу , орындалудың күтілімі
H4: міндеттемелер | I4: төлемдер | K4: Бұрын төленген айлар | L4: ғымдағы ай үшін | M4: Жыл басынан бері
A5: 256 | F5: Облыстың жұмыспен қамтуды үйлестіру және әлеуметтік бағдарламалар басқармасы | G5: =G6+G99+G119+G142+G168+G192+G216+G264 -> 17032809 | H5: =H6+H99+H119+H142+H168+H192+H216+H264 -> 2043774 | I5: =I6+I99+I119+I142+I168+I192+I216+I264 -> 1470903.4 | J5: =J6+J99+J119+J142+J168+J192+J216+J264 -> 1804501.5 | K5: =K6+K99+K119+K142+K168+K192+K216+K264 -> 522433.2 | L5: =L6+L99+L119+L142+L168+L192+L216+L264 -> 943053.58 | M5: =M6+M99+M119+M142+M168+M192+M216+M264 -> 1465486.8 | N5: =N6+N99+N119+N142+N168+N192+N216+N264 -> 5416.6188 | O5: =M5/I5*100 -> 99.631749 | P5: =J5-M5 -> 339014.68 | Q5: =H5-J5 -> 239272.54 | R5: 1103576 | S5: =G5-M5 -> 15567322
B6: 1261 | F6: "Жұмыспен қамтуды үйлестіру және бюджеттік бағдарламалар басқармасы" ММ | G6: =G7+G13+G34+G38+G41+G44+G92+G96 -> 5070963 | H6: =H7+H13+H34+H38+H41+H44+H92+H96 -> 745617.3 | I6: =I7+I13+I34+I38+I41+I44+I92+I96 -> 534657.6 | J6: =J7+J13+J34+J38+J41+J44+J92+J96 -> 551368.98 | K6: ='1.02.'!M6 -> 305263.96 | L6: =L7+L13+L34+L38+L41+L44+L92+L96 -> 225160.74 | M6: =M7+M13+M34+M38+M41+M44+M92+M96 -> 530424.71 | N6: =N7+N13+N34+N38+N41+N44+N92+N96 -> 4232.8902 | O6: =M6/I6*100 -> 99.208299 | P6: =J6-M6 -> 20944.269 | Q6: =H6-J6 -> 194248.32 | R6: 1103577 | S6: =G6-M6 -> 4540538.3
C7: 003 | F7: Мүгедектігі бар адамдарға әлеуметтік қолдау | G7: =G8+G10 -> 2180255 | H7: =H8+H10 -> 276745 | I7: =I8+I10 -> 275000 | J7: =J8+J10 -> 275753.77 | K7: ='1.02.'!M7 -> 164988.71 | L7: =L8+L10 -> 109575.06 | M7: =M8+M10 -> 274563.77 | N7: =N8+N10 -> 436.23025 | O7: =M7/I7*100 -> 99.841371 | P7: =J7-M7 -> 1190 | Q7: =H7-J7 -> 991.23025 | R7: 1103578 | S7: =G7-M7 -> 1905691.2
D8: 102 | F8: Мүгедектігі бар адамды оңалтудың жеке бағдарламасына сәйкес мүгедектігі бар адамдардың және мүгедектігі бар балалардың санаторлық-курорттық емделуін қамтамасыз ету | G8: =G9 -> 2014974 | H8: =H9 -> 250000 | I8: =I9 -> 250000 | J8: =J9 -> 250000 | K8: ='1.02.'!M8 -> 150000 | L8: =L9 -> 100000 | M8: =M9 -> 250000 | N8: =N9 -> 0 | O8: =M8/I8*100 -> 100 | P8: =J8-M8 -> 0 | Q8: =H8-J8 -> 0 | R8: 1103579 | S8: =G8-M8 -> 1764974
E9: 322 | F9: Жеке тұлғаларға берілетін трансферттер | G9: 2014974 | H9: 250000 | I9: 250000 | J9: =M9 -> 250000 | K9: ='1.02.'!M9 -> 150000 | L9: 100000 | M9: =K9+L9 -> 250000 | N9: =I9-M9 -> 0 | O9: =M9/I9*100 -> 100 | P9: =J9-M9 -> 0 | Q9: =H9-J9 -> 0 | R9: 1103580 | S9: =G9-M9 -> 1764974 | T9: =G9-J9 -> 1764974
D10: 106 | F10: Протездеу,үйрету жөнінде медициналық қызметтер көрсету протездік-ортопедиялық құралдарымен және оларды пайдалануды қамтамасыз ету | G10: =G11+G12 -> 165281 | H10: =H11+H12 -> 26745 | I10: =I11+I12 -> 25000 | J10: =J11+J12 -> 25753.77 | K10: ='1.02.'!M10 -> 14988.708 | L10: =L11+L12 -> 9575.062 | M10: =M11+M12 -> 24563.77 | N10: =N11+N12 -> 436.23025 | O10: =M10/I10*100 -> 98.255079 | P10: =J10-M10 -> 1190 | Q10: =H10-J10 -> 991.23025 | R10: 1103581 | S10: =G10-M10 -> 140717.23 | T10: =G10-J10 -> 139527.23
E11: 159 | F11: Өзге де қызметтер мен жұмыстарға ақы төлеу | G11: 1745 | H11: 1745 | J11: 1190 | K11: ='1.02.'!M11 -> 0 | M11: =K11+L11 -> 0 | N11: =I11-M11 -> 0 | O11: =M11/I11*100 -> #DIV/0! | P11: =J11-M11 -> 1190 | Q11: =H11-J11 -> 555 | R11: 1103582 | S11: =G11-M11 -> 1745 | T11: =G11-J11 -> 555
E12: 322 | F12: Жеке тұлғаларға берілетін трансферттер | G12: 163536 | H12: 25000 | I12: 25000 | J12: =M12 -> 24563.77 | K12: ='1.02.'!M12 -> 14988.708 | L12: 9575.062 | M12: =K12+L12 -> 24563.77 | N12: =I12-M12 -> 436.23025 | O12: =M12/I12*100 -> 98.255079 | P12: =J12-M12 -> 0 | Q12: =H12-J12 -> 436.23025 | R12: 1103583 | S12: =G12-M12 -> 138972.23 | T12: =G12-J12 -> 138972.23
C13: 001 | F13: Жергілікті деңгейде жұмыспен қамтуды қамтамасыз ету және халық үшін әлеуметтік бағдарламаларды іске асыру саласында мемлекеттік саясатты іске асыру жөніндегі қызметтер | G13: =G14 -> 260651 | H13: =H14 -> 59657 | I13: =I14 -> 52129.6 | J13: =J14 -> 58089.209 | K13: ='1.02.'!M13 -> 15275.257 | L13: =L14 -> 35286.303 | M13: =M14 -> 50561.56 | N13: =N14 -> 1568.0397 | O13: =M13/I13*100 -> 96.992036 | P13: =J13-M13 -> 7527.6484 | Q13: =H13-J13 -> 1567.7914 | R13: 1103584 | S13: =G13-M13 -> 210089.44 | T13: =G13-J13 -> 202561.79
D14: 015 | F14: Жергілікті бюджет қаражаты есебінен | G14: =SUM(G15:G33) -> 260651 | H14: =SUM(H15:H33) -> 59657 | I14: =SUM(I15:I33) -> 52129.6 | J14: =SUM(J15:J33) -> 58089.209 | K14: ='1.02.'!M14 -> 15275.257 | L14: =SUM(L15:L33) -> 35286.303 | M14: =SUM(M15:M33) -> 50561.56 | N14: =SUM(N15:N33) -> 1568.0397 | O14: =M14/I14*100 -> 96.992036 | P14: =J14-M14 -> 7527.6484 | Q14: =H14-J14 -> 1567.7914 | R14: 1103585 | S14: =G14-M14 -> 210089.44 | T14: =G14-J14 -> 202561.79
E15: 111 | F15: Еңбек ақы | G15: 121539 | H15: 20000 | I15: 20000 | J15: =M15 -> 19989.049 | K15: ='1.02.'!M15 -> 10000 | L15: 9989.049 | M15: =K15+L15 -> 19989.049 | N15: =I15-M15 -> 10.951 | O15: =M15/I15*100 -> 99.945245 | P15: =J15-M15 -> 0 | Q15: =H15-J15 -> 10.951 | R15: 1103586 | S15: =G15-M15 -> 101549.95 | T15: =G15-J15 -> 101549.95
E16: 112 | F16: Қосымша ақшалай төлімдер | G16: 17318 | H16: 15907.6 | I16: 15907.6 | J16: =M16 -> 14418.853 | K16: ='1.02.'!M16 -> 0 | L16: 14418.853 | M16: =K16+L16 -> 14418.853 | N16: =I16-M16 -> 1488.747 | O16: =M16/I16*100 -> 90.641285 | P16: =J16-M16 -> 0 | Q16: =H16-J16 -> 1488.747 | R16: 1103587 | S16: =G16-M16 -> 2899.147 | T16: =G16-J16 -> 2899.147
E17: 113 | F17: Өтемақы төлемдері | G17: 20256 | H17: 3401.2 | I17: 3401.2 | J17: =M17 -> 3401.172 | K17: ='1.02.'!M17 -> 813.428 | L17: 2587.744 | M17: =K17+L17 -> 3401.172 | N17: =I17-M17 -> 0.028 | O17: =M17/I17*100 -> 99.999177 | P17: =J17-M17 -> 0 | Q17: =H17-J17 -> 0.028 | R17: 1103588 | S17: =G17-M17 -> 16854.828 | T17: =G17-J17 -> 16854.828
E18: 116 | F18: Жұмыс берушінің міндетті зейнетақы жарналары | G18: 4860 | H18: 1001.3 | I18: 1001.3 | J18: =M18 -> 982.168 | K18: ='1.02.'!M18 -> 275.508 | L18: 706.66 | M18: =K18+L18 -> 982.168 | N18: =I18-M18 -> 19.132 | O18: =M18/I18*100 -> 98.089284 | P18: =J18-M18 -> 0 | Q18: =H18-J18 -> 19.132 | R18: 1103589 | S18: =G18-M18 -> 3877.832 | T18: =G18-J18 -> 3877.832
E19: 121 | F19: Әлеуметтік салық | G19: 8331 | H19: 2095 | I19: 2095 | J19: =M19 -> 2095 | K19: ='1.02.'!M19 -> 528 | L19: 1567 | M19: =K19+L19 -> 2095 | N19: =I19-M19 -> 0 | O19: =M19/I19*100 -> 100 | P19: =J19-M19 -> 0 | Q19: =H19-J19 -> 0 | R19: 1103590 | S19: =G19-M19 -> 6236 | T19: =G19-J19 -> 6236
E20: 122 | F20: Мемлекеттік әлеуметтік сақтандыру қорына әлеуметтік аударымдар | G20: 6943 | H20: 1256.6 | I20: 1256.6 | J20: =M20 -> 1253.953 | K20: ='1.02.'!M20 -> 440 | L20: 813.953 | M20: =K20+L20 -> 1253.953 | N20: =I20-M20 -> 2.647 | O20: =M20/I20*100 -> 99.789352 | P20: =J20-M20 -> 0 | Q20: =H20-J20 -> 2.647 | R20: 1103591 | S20: =G20-M20 -> 5689.047 | T20: =G20-J20 -> 5689.047
E21: 123 | F21: Міндетті сақтандыру жарналары | G21: 63 | J21: =M21 -> 0 | K21: ='1.02.'!M21 -> 0 | M21: =K21+L21 -> 0 | N21: =I21-M21 -> 0 | O21: =M21/I21*100 -> #DIV/0! | P21: =J21-M21 -> 0 | Q21: =H21-J21 -> 0 | R21: 1103592 | S21: =G21-M21 -> 63 | T21: =G21-J21 -> 63
E22: 124 | F22: Міндетті әлеуметтік медициналық сақтандыруға аударымдар | G22: 4166 | H22: 912.4 | I22: 912.4 | J22: =M22 -> 866.254 | K22: ='1.02.'!M22 -> 245.426 | L22: 620.828 | M22: =K22+L22 -> 866.254 | N22: =I22-M22 -> 46.146 | O22: =M22/I22*100 -> 94.94235 | P22: =J22-M22 -> 0 | Q22: =H22-J22 -> 46.146 | R22: 1103593 | S22: =G22-M22 -> 3299.746 | T22: =G22-J22 -> 3299.746
E23: 131 | F23: Техникалық персоналдың еңбегіне ақы төлеу | G23: 19333 | H23: 2400 | I23: 2400 | J23: =M23 -> 2400 | K23: ='1.02.'!M23 -> 1200 | L23: 1200 | M23: =K23+L23 -> 2400 | N23: =I23-M23 -> 0 | O23: =M23/I23*100 -> 100 | P23: =J23-M23 -> 0 | Q23: =H23-J23 -> 0 | R23: 1103594 | S23: =G23-M23 -> 16933 | T23: =G23-J23 -> 16933
E24: 135 | F24: Техникалық персонал бойынша жұмыс берушілердің жарналары | G24: 3129 | H24: 270 | I24: 270 | J24: =M24 -> 270 | K24: ='1.02.'!M24 -> 135 | L24: 135 | M24: =K24+L24 -> 270 | N24: =I24-M24 -> 0 | O24: =M24/I24*100 -> 100 | P24: =J24-M24 -> 0 | Q24: =H24-J24 -> 0 | R24: 1103595 | S24: =G24-M24 -> 2859 | T24: =G24-J24 -> 2859
E25: 136 | F25: Техникалық персоналдың ел ішіндегі іс сапарлары мен қызметтік сапарлары | J25: =M25 -> 0 | K25: ='1.02.'!M25 -> 0 | M25: =K25+L25 -> 0 | N25: =I25-M25 -> 0 | O25: =M25/I25*100 -> #DIV/0! | P25: =J25-M25 -> 0 | Q25: =H25-J25 -> 0 | R25: 1103596 | S25: =G25-M25 -> 0 | T25: =G25-J25 -> 0
E26: 144 | F26: Отын, жанар-жағар май материалдарын сатып алу | G26: 2075 | J26: =M26 -> 0 | K26: ='1.02.'!M26 -> 0 | M26: =K26+L26 -> 0 | N26: =I26-M26 -> 0 | O26: =M26/I26*100 -> #DIV/0! | P26: =J26-M26 -> 0 | Q26: =H26-J26 -> 0 | R26: 1103597 | S26: =G26-M26 -> 2075 | T26: =G26-J26 -> 2075
E27: 149 | F27: Өзге де қорларды сатып алу | G27: 4170 | J27: =M27 -> 0 | K27: ='1.02.'!M27 -> 0 | M27: =K27+L27 -> 0 | N27: =I27-M27 -> 0 | O27: =M27/I27*100 -> #DIV/0! | P27: =J27-M27 -> 0 | Q27: =H27-J27 -> 0 | R27: 1103598 | S27: =G27-M27 -> 4170 | T27: =G27-J27 -> 4170
E28: 151 | F28: Коммуналдық қызметтерге ақы төлеу | G28: 10733 | H28: 2575.4 | I28: 2575.4 | J28: =M28 -> 2575.3453 | K28: ='1.02.'!M28 -> 1274.5352 | L28: 1300.8101 | M28: =K28+L28 -> 2575.3453 | N28: =I28-M28 -> 0.05473 | O28: =M28/I28*100 -> 99.997875 | P28: =J28-M28 -> 0 | Q28: =H28-J28 -> 0.05473 | R28: 1103599 | S28: =G28-M28 -> 8157.6547 | T28: =G28-J28 -> 8157.6547
E29: 152 | F29: Байланыс қызметтерiне ақы төлеу | G29: 7302 | H29: 5416.5 | I29: 338.1 | J29: 5416.4144 | K29: ='1.02.'!M29 -> 0 | L29: 338.1 | M29: =K29+L29 -> 338.1 | N29: =I29-M29 -> 0 | O29: =M29/I29*100 -> 100 | P29: =J29-M29 -> 5078.3144 | Q29: =H29-J29 -> 0.08564 | R29: 1103600 | S29: =G29-M29 -> 6963.9 | T29: =G29-J29 -> 1885.5856
E30: 158 | F30: Ақпараттандыру саласындағы жұмыстар мен қызметтерге ақы төлеу | G30: 730 | H30: 730 | I30: 122 | J30: 730 | K30: ='1.02.'!M30 -> 0 | L30: 121.666 | M30: =K30+L30 -> 121.666 | N30: =I30-M30 -> 0.334 | O30: =M30/I30*100 -> 99.72623 | P30: =J30-M30 -> 608.334 | Q30: =H30-J30 -> 0 | R30: 1103601 | S30: =G30-M30 -> 608.334 | T30: =G30-J30 -> 0
E31: 159 | F31: Өзге де қызметтер мен жұмыстарға ақы төлеу | G31: 2649 | H31: 2291 | I31: 450 | J31: 2291 | K31: ='1.02.'!M31 -> 0 | L31: 450 | M31: =K31+L31 -> 450 | N31: =I31-M31 -> 0 | O31: =M31/I31*100 -> 100 | P31: =J31-M31 -> 1841 | Q31: =H31-J31 -> 1e-05 | R31: 1103602 | S31: =G31-M31 -> 2199 | T31: =G31-J31 -> 358.00001
E32: 161 | F32: Ел iшiндегi iссапарлар мен қызметтiк сапарлар | G32: 27054 | H32: 1400 | I32: 1400 | J32: =M32 -> 1400 | K32: ='1.02.'!M32 -> 363.36 | L32: 1036.64 | M32: =K32+L32 -> 1400 | N32: =I32-M32 -> 0 | O32: =M32/I32*100 -> 100 | P32: =J32-M32 -> 0 | Q32: =H32-J32 -> 0 | R32: 1103603 | S32: =G32-M32 -> 25654 | T32: =G32-J32 -> 25654
E33: 169 | F33: Өзге де ағымдағы шығындар | J33: =M33 -> 0 | K33: ='1.02.'!M33 -> 0 | M33: =K33+L33 -> 0 | N33: =I33-M33 -> 0 | O33: =M33/I33*100 -> #DIV/0! | P33: =J33-M33 -> 0 | Q33: =H33-J33 -> 0 | R33: 1103604 | S33: =G33-M33 -> 0 | T33: =G33-J33 -> 0
C34: 007 | F34: Мемлекеттік органның күрделі шығыстары | G34: =G35+G36+G37 -> 0 | H34: =H35+H36+H37 -> 0 | I34: =I35+I36+I37 -> 0 | J34: =J35+J36+J37 -> 0 | K34: ='1.02.'!M34 -> 0 | L34: =L35+L36+L37 -> 0 | M34: =M35+M36+M37 -> 0 | N34: =N35+N36+N37 -> 0 | O34: =M34/I34*100 -> #DIV/0! | P34: =J34-M34 -> 0 | Q34: =H34-J34 -> 0 | R34: 1103605 | S34: =G34-M34 -> 0 | T34: =G34-J34 -> 0
E35: 413 | F35: Көлік құралдарын сатып алу | K35: ='1.02.'!M35 -> 0 | M35: =K35+L35 -> 0 | O35: =M35/I35*100 -> #DIV/0! | P35: =J35-M35 -> 0 | Q35: =H35-J35 -> 0 | R35: 1103606 | S35: =G35-M35 -> 0 | T35: =G35-J35 -> 0
E36: 414 | F36: Машиналар, жабдықтар, өндірістік және шаруашылық мүккамал құралдарын сатып алу | J36: =M36 -> 0 | K36: ='1.02.'!M36 -> 0 | M36: =K36+L36 -> 0 | N36: =I36-M36 -> 0 | O36: =M36/I36*100 -> #DIV/0! | P36: =J36-M36 -> 0 | Q36: =H36-J36 -> 0 | R36: 1103607 | S36: =G36-M36 -> 0 | T36: =G36-J36 -> 0
E37: 419 | F37: Басқа негізгі құралдарды сатып алу | J37: =M37 -> 0 | K37: ='1.02.'!M37 -> 0 | M37: =K37+L37 -> 0 | N37: =I37-M37 -> 0 | O37: =M37/I37*100 -> #DIV/0! | P37: =J37-M37 -> 0 | Q37: =H37-J37 -> 0 | R37: 1103608 | S37: =G37-M37 -> 0
C38: 018 | F38: Үкіметтік емес ұйымдарда мемлекеттік әлеуметтік тапсырысты орналастыру | G38: =G39 -> 10400 | H38: =H39 -> 0 | I38: =I39 -> 0 | J38: =J39 -> 0 | K38: ='1.02.'!M38 -> 0 | L38: =L39 -> 0 | M38: =M39 -> 0 | N38: =N39 -> 0 | O38: =M38/I38*100 -> #DIV/0! | P38: =J38-M38 -> 0 | Q38: =H38-J38 -> 0 | R38: 1103609 | S38: =G38-M38 -> 10400 | T38: =G38-J38 -> 10400
D39: 000 | G39: =G40 -> 10400 | H39: =H40 -> 0 | I39: =I40 -> 0 | J39: =J40 -> 0 | K39: ='1.02.'!M39 -> 0 | M39: =M40 -> 0 | N39: =N40 -> 0 | O39: =M39/I39*100 -> #DIV/0! | P39: =J39-M39 -> 0 | Q39: =H39-J39 -> 0 | R39: 1103610 | S39: =G39-M39 -> 10400 | T39: =G39-J39 -> 10400
E40: 155 | F40: Мемлекеттік әлеуметтік тапсырыс шеңберінде көрсетілетін қызметтерге ақы төлеу | G40: 10400 | H40: 0 | I40: 0 | J40: =M40 -> 0 | K40: ='1.02.'!M40 -> 0 | M40: =K40+L40 -> 0 | N40: =I40-M40 -> 0 | O40: =M40/I40*100 -> #DIV/0! | P40: =J40-M40 -> 0 | Q40: =H40-J40 -> 0 | R40: 1103611 | S40: =G40-M40 -> 10400 | T40: =G40-J40 -> 10400
C41: 031 | F41: Жергілікті атқарушы органдар төлейтін міндетті әлеуметтік медициналық сақтандыруға мемлекеттің жарналарына әлеуметтік медициналық сақтандыру қорына берілетін трансферттер | G41: =G42 -> 1064315 | H41: =H42 -> 2153.3 | I41: =I42 -> 2153.3 | J41: =J42 -> 0 | K41: ='1.02.'!M41 -> 0 | M41: =M42 -> 0 | N41: =N42 -> 2153.3 | O41: =M41/I41*100 -> 0 | P41: =J41-M41 -> 0 | Q41: =H41-J41 -> 2153.3 | R41: 1103612 | S41: =G41-M41 -> 1064315
D42: 000 | G42: =G43 -> 1064315 | H42: =H43 -> 2153.3 | I42: =I43 -> 2153.3 | J42: =J43 -> 0 | K42: ='1.02.'!M42 -> 0 | M42: =M43 -> 0 | N42: =N43 -> 2153.3 | O42: =M42/I42*100 -> 0 | P42: =J42-M42 -> 0 | Q42: =H42-J42 -> 2153.3 | R42: 1103613 | S42: =G42-M42 -> 1064315
E43: 361 | F43: Заңды тұлғаларға трансферттерге арналған шығыстарды есептеу | G43: 1064315 | H43: 2153.3 | I43: 2153.3 | J43: =M43 -> 0 | K43: ='1.02.'!M43 -> 0 | M43: =K43+L43 -> 0 | N43: =I43-M43 -> 2153.3 | O43: =M43/I43*100 -> 0 | P43: =J43-M43 -> 0 | Q43: =H43-J43 -> 2153.3 | R43: 1103614 | S43: =G43-M43 -> 1064315
C44: 113 | F44: Төменгі тұрған бюджеттерге берілетін нысаналы ағымдағы трансферттер | G44: =G45 -> 1334726 | H44: =H45 -> 393672 | I44: =I45 -> 204136 | J44: =J45 -> 204136 | K44: ='1.02.'!M44 -> 125000 | L44: =L45 -> 79136 | M44: =M45 -> 204136 | N44: =N45 -> 0 | O44: =M44/I44*100 -> 100 | P44: =J44-M44 -> 0 | Q44: =H44-J44 -> 189536 | R44: 1103615 | S44: =G44-M44 -> 1130590 | T44: =G44-J44 -> 1130590
D45: 015 | F45: Жергілікті бюджет қаражаты есебінен | G45: =G46 -> 1334726 | H45: =H46 -> 393672 | I45: =I46 -> 204136 | J45: =J46 -> 204136 | K45: ='1.02.'!M45 -> 125000 | L45: =L46 -> 79136 | M45: =M46 -> 204136 | N45: =N46 -> 0 | O45: =M45/I45*100 -> 100 | P45: =J45-M45 -> 0 | Q45: =H45-J45 -> 189536 | R45: 1103616 | S45: =G45-M45 -> 1130590
E46: 339 | F46: Мемлекеттік басқарудың басқа деңгейлеріне берілетін ағымдағы трансферттер | G46: =SUM(G47:G54) -> 1334726 | H46: =SUM(H47:H54) -> 393672 | I46: =SUM(I47:I54) -> 204136 | J46: =SUM(J47:J54) -> 204136 | K46: ='1.02.'!M46 -> 125000 | L46: =SUM(L47:L54) -> 79136 | M46: =SUM(M47:M54) -> 204136 | N46: =SUM(N47:N54) -> 0 | O46: =M46/I46*100 -> 100 | P46: =J46-M46 -> 0 | Q46: =H46-J46 -> 189536 | R46: 1103617 | S46: =G46-M46 -> 1130590
F47: Атырау қ. | G47: =G57+G66+G75+G84 -> 461583 | H47: =H57+H66+H75+H84 -> 36434 | I47: =I57+I66+I75+I84 -> 36434 | J47: =J57+J66+J75+J84 -> 36434 | K47: ='1.02.'!M47 -> 0 | L47: =L57+L66+L75+L84 -> 36434 | M47: =M57+M66+M75+M84 -> 36434 | N47: =I47-M47 -> 0 | O47: =M47/I47*100 -> 100 | P47: =J47-M47 -> 0 | Q47: =H47-J47 -> 0 | R47: 1103618 | S47: =G47-M47 -> 425149
F48: Жылыой | G48: =G58+G67+G76+G85 -> 55439 | H48: =H58+H67+H76+H85 -> 3392 | I48: =I58+I67+I76+I85 -> 3392 | J48: =J58+J67+J76+J85 -> 3392 | K48: ='1.02.'!M48 -> 0 | L48: =L58+L67+L76+L85 -> 3392 | M48: =M58+M67+M76+M85 -> 3392 | N48: =I48-M48 -> 0 | O48: =M48/I48*100 -> 100 | P48: =J48-M48 -> 0 | Q48: =H48-J48 -> 0 | R48: 1103619 | S48: =G48-M48 -> 52047
F49: Индер | G49: =G59+G68+G77+G86 -> 120211 | H49: =H59+H68+H77+H86 -> 10353 | I49: =I59+I68+I77+I86 -> 10353 | J49: =J59+J68+J77+J86 -> 10353 | K49: ='1.02.'!M49 -> 0 | L49: =L59+L68+L77+L86 -> 10353 | M49: =M59+M68+M77+M86 -> 10353 | N49: =I49-M49 -> 0 | O49: =M49/I49*100 -> 100 | P49: =J49-M49 -> 0 | Q49: =H49-J49 -> 0 | R49: 1103620 | S49: =G49-M49 -> 109858
F50: Исатай | G50: =G60+G69+G78+G87 -> 44998 | H50: =H60+H69+H78+H87 -> 2079 | I50: =I60+I69+I78+I87 -> 2079 | J50: =J60+J69+J78+J87 -> 2079 | K50: ='1.02.'!M50 -> 0 | L50: =L60+L69+L78+L87 -> 2079 | M50: =M60+M69+M78+M87 -> 2079 | N50: =I50-M50 -> 0 | O50: =M50/I50*100 -> 100 | P50: =J50-M50 -> 0 | Q50: =H50-J50 -> 0 | R50: 1103621 | S50: =G50-M50 -> 42919
F51: Қызылқоға | G51: =G61+G70+G79+G88 -> 81363 | H51: =H61+H70+H79+H88 -> 7918 | I51: =I61+I70+I79+I88 -> 7918 | J51: =J61+J70+J79+J88 -> 7918 | K51: ='1.02.'!M51 -> 0 | L51: =L61+L70+L79+L88 -> 7918 | M51: =M61+M70+M79+M88 -> 7918 | N51: =I51-M51 -> 0 | O51: =M51/I51*100 -> 100 | P51: =J51-M51 -> 0 | Q51: =H51-J51 -> 0 | R51: 1103622 | S51: =G51-M51 -> 73445
F52: Құрманғазы | G52: =G62+G71+G80+G89 -> 132688 | H52: =H62+H71+H80+H89 -> 11590 | I52: =I62+I71+I80+I89 -> 11590 | J52: =J62+J71+J80+J89 -> 11590 | K52: ='1.02.'!M52 -> 0 | L52: =L62+L71+L80+L89 -> 11590 | M52: =M62+M71+M80+M89 -> 11590 | N52: =I52-M52 -> 0 | O52: =M52/I52*100 -> 100 | P52: =J52-M52 -> 0 | Q52: =H52-J52 -> 0 | R52: 1103623 | S52: =G52-M52 -> 121098
F53: Макат | G53: =G63+G72+G81+G90 -> 369923 | H53: =H63+H72+H81+H90 -> 317789 | I53: =I63+I72+I81+I90 -> 128253 | J53: =J63+J72+J81+J90 -> 128253 | K53: ='1.02.'!M53 -> 125000 | L53: =L63+L72+L81+L90 -> 3253 | M53: =M63+M72+M81+M90 -> 128253 | N53: =I53-M53 -> 0 | O53: =M53/I53*100 -> 100 | P53: =J53-M53 -> 0 | Q53: =H53-J53 -> 189536 | R53: 1103624 | S53: =G53-M53 -> 241670
F54: Махамбет | G54: =G64+G73+G82+G91 -> 68521 | H54: =H64+H73+H82+H91 -> 4117 | I54: =I64+I73+I82+I91 -> 4117 | J54: =J64+J73+J82+J91 -> 4117 | K54: ='1.02.'!M54 -> 0 | L54: =L64+L73+L82+L91 -> 4117 | M54: =M64+M73+M82+M91 -> 4117 | N54: =I54-M54 -> 0 | O54: =M54/I54*100 -> 100 | P54: =J54-M54 -> 0 | Q54: =H54-J54 -> 0 | R54: 1103625 | S54: =G54-M54 -> 64404
F55: оның ішінде: | J55: =M55 -> #REF! | K55: ='1.02.'!M55 -> #REF! | M55: =K55+L55 -> #REF! | N55: =I55-M55 -> #REF! | O55: =M55/I55*100 -> #REF! | P55: =J55-M55 -> #REF! | Q55: =H55-J55 -> #REF! | R55: 1103626 | S55: =G55-M55 -> #REF!
F56: Мемлекеттік атаулы әлеуметтік көмек төлеуге | G56: =SUM(G57:G64) -> 615150 | H56: =SUM(H57:H64) -> 40101 | I56: =SUM(I57:I64) -> 40101 | J56: =SUM(J57:J64) -> 40101 | K56: ='1.02.'!M56 -> 0 | L56: =SUM(L57:L64) -> 40101 | M56: =SUM(M57:M64) -> 40101 | N56: =SUM(N57:N64) -> 0 | O56: =M56/I56*100 -> 100 | P56: =J56-M56 -> 0 | Q56: =H56-J56 -> 0 | R56: 1103627 | S56: =G56-M56 -> 575049
F57: Атырау қ. | G57: 233757 | H57: 14105 | I57: =H57 -> 14105 | J57: =M57 -> 14105 | K57: ='1.02.'!M57 -> 0 | L57: 14105 | M57: =K57+L57 -> 14105 | N57: =I57-M57 -> 0 | O57: =M57/I57*100 -> 100 | P57: =J57-M57 -> 0 | Q57: =H57-J57 -> 0 | R57: 1103628 | S57: =G57-M57 -> 219652
F58: Жылыой | G58: 33218 | H58: 3154 | I58: =H58 -> 3154 | J58: =M58 -> 3154 | K58: ='1.02.'!M58 -> 0 | L58: 3154 | M58: =K58+L58 -> 3154 | N58: =I58-M58 -> 0 | O58: =M58/I58*100 -> 100 | P58: =J58-M58 -> 0 | Q58: =H58-J58 -> 0 | R58: 1103629 | S58: =G58-M58 -> 30064
F59: Индер | G59: 91657 | H59: 5815 | I59: =H59 -> 5815 | J59: =M59 -> 5815 | K59: ='1.02.'!M59 -> 0 | L59: 5815 | M59: =K59+L59 -> 5815 | N59: =I59-M59 -> 0 | O59: =M59/I59*100 -> 100 | P59: =J59-M59 -> 0 | Q59: =H59-J59 -> 0 | R59: 1103630 | S59: =G59-M59 -> 85842
F60: Исатай | G60: 25221 | H60: 1864 | I60: =H60 -> 1864 | J60: =M60 -> 1864 | K60: ='1.02.'!M60 -> 0 | L60: 1864 | M60: =K60+L60 -> 1864 | N60: =I60-M60 -> 0 | O60: =M60/I60*100 -> 100 | P60: =J60-M60 -> 0 | Q60: =H60-J60 -> 0 | R60: 1103631 | S60: =G60-M60 -> 23357
F61: Қызылқоға | G61: 55364 | H61: 4910 | I61: =H61 -> 4910 | J61: =M61 -> 4910 | K61: ='1.02.'!M61 -> 0 | L61: 4910 | M61: =K61+L61 -> 4910 | N61: =I61-M61 -> 0 | O61: =M61/I61*100 -> 100 | P61: =J61-M61 -> 0 | Q61: =H61-J61 -> 0 | R61: 1103632 | S61: =G61-M61 -> 50454
F62: Құрманғазы | G62: 96579 | H62: 5824 | I62: =H62 -> 5824 | J62: =M62 -> 5824 | K62: ='1.02.'!M62 -> 0 | L62: 5824 | M62: =K62+L62 -> 5824 | N62: =I62-M62 -> 0 | O62: =M62/I62*100 -> 100 | P62: =J62-M62 -> 0 | Q62: =H62-J62 -> 0 | R62: 1103633 | S62: =G62-M62 -> 90755
F63: Макат | G63: 33833 | H63: 2019 | I63: =H63 -> 2019 | J63: =M63 -> 2019 | K63: ='1.02.'!M63 -> 0 | L63: 2019 | M63: =K63+L63 -> 2019 | N63: =I63-M63 -> 0 | O63: =M63/I63*100 -> 100 | P63: =J63-M63 -> 0 | Q63: =H63-J63 -> 0 | R63: 1103634 | S63: =G63-M63 -> 31814
F64: Махамбет | G64: 45521 | H64: 2410 | I64: =H64 -> 2410 | J64: =M64 -> 2410 | K64: ='1.02.'!M64 -> 0 | L64: 2410 | M64: =K64+L64 -> 2410 | N64: =I64-M64 -> 0 | O64: =M64/I64*100 -> 100 | P64: =J64-M64 -> 0 | Q64: =H64-J64 -> 0 | R64: 1103635 | S64: =G64-M64 -> 43111
F65: 1 жастан 6 жасқа дейін балаларды қоса алғанда берілетін қосымша төлемдер | G65: =SUM(G66:G73) -> 111098 | H65: =SUM(H66:H73) -> 4237 | I65: =SUM(I66:I73) -> 4237 | J65: =SUM(J66:J73) -> 4237 | K65: ='1.02.'!M65 -> 0 | L65: =SUM(L66:L73) -> 4237 | M65: =SUM(M66:M73) -> 4237 | N65: =SUM(N66:N73) -> 0 | O65: =M65/I65*100 -> 100 | P65: =J65-M65 -> 0 | Q65: =H65-J65 -> 0 | R65: 1103636 | S65: =G65-M65 -> 106861
F66: Атырау қ. | G66: 38884 | H66: 1421 | I66: =H66 -> 1421 | J66: =M66 -> 1421 | K66: ='1.02.'!M66 -> 0 | L66: 1421 | M66: =K66+L66 -> 1421 | N66: =I66-M66 -> 0 | O66: =M66/I66*100 -> 100 | P66: =J66-M66 -> 0 | Q66: =H66-J66 -> 0 | R66: 1103637 | S66: =G66-M66 -> 37463
F67: Жылыой | G67: 7221 | H67: 238 | I67: =H67 -> 238 | J67: =M67 -> 238 | K67: ='1.02.'!M67 -> 0 | L67: 238 | M67: =K67+L67 -> 238 | N67: =I67-M67 -> 0 | O67: =M67/I67*100 -> 100 | P67: =J67-M67 -> 0 | Q67: =H67-J67 -> 0 | R67: 1103638 | S67: =G67-M67 -> 6983
F68: Индер | G68: 13554 | H68: 588 | I68: =H68 -> 588 | J68: =M68 -> 588 | K68: ='1.02.'!M68 -> 0 | L68: 588 | M68: =K68+L68 -> 588 | N68: =I68-M68 -> 0 | O68: =M68/I68*100 -> 100 | P68: =J68-M68 -> 0 | Q68: =H68-J68 -> 0 | R68: 1103639 | S68: =G68-M68 -> 12966
F69: Исатай | G69: 4777 | H69: 215 | I69: =H69 -> 215 | J69: =M69 -> 215 | K69: ='1.02.'!M69 -> 0 | L69: 215 | M69: =K69+L69 -> 215 | N69: =I69-M69 -> 0 | O69: =M69/I69*100 -> 100 | P69: =J69-M69 -> 0 | Q69: =H69-J69 -> 0 | R69: 1103640 | S69: =G69-M69 -> 4562
F70: Қызылқоға | G70: 10999 | H70: 508 | I70: =H70 -> 508 | J70: =M70 -> 508 | K70: ='1.02.'!M70 -> 0 | L70: 508 | M70: =K70+L70 -> 508 | N70: =I70-M70 -> 0 | O70: =M70/I70*100 -> 100 | P70: =J70-M70 -> 0 | Q70: =H70-J70 -> 0 | R70: 1103641 | S70: =G70-M70 -> 10491
F71: Құрманғазы | G71: 21109 | H71: 766 | I71: =H71 -> 766 | J71: =M71 -> 766 | K71: ='1.02.'!M71 -> 0 | L71: 766 | M71: =K71+L71 -> 766 | N71: =I71-M71 -> 0 | O71: =M71/I71*100 -> 100 | P71: =J71-M71 -> 0 | Q71: =H71-J71 -> 0 | R71: 1103642 | S71: =G71-M71 -> 20343
F72: Макат | G72: 6554 | H72: 234 | I72: =H72 -> 234 | J72: =M72 -> 234 | K72: ='1.02.'!M72 -> 0 | L72: 234 | M72: =K72+L72 -> 234 | N72: =I72-M72 -> 0 | O72: =M72/I72*100 -> 100 | P72: =J72-M72 -> 0 | Q72: =H72-J72 -> 0 | R72: 1103643 | S72: =G72-M72 -> 6320
F73: Махамбет | G73: 8000 | H73: 267 | I73: =H73 -> 267 | J73: =M73 -> 267 | K73: ='1.02.'!M73 -> 0 | L73: 267 | M73: =K73+L73 -> 267 | N73: =I73-M73 -> 0 | O73: =M73/I73*100 -> 100 | P73: =J73-M73 -> 0 | Q73: =H73-J73 -> 0 | R73: 1103644 | S73: =G73-M73 -> 7733
F74: Күрделі жөндеу | G74: =SUM(G75:G82) -> 314536 | H74: =SUM(H75:H82) -> 314536 | I74: =SUM(I75:I82) -> 125000 | J74: =SUM(J75:J82) -> 125000 | K74: ='1.02.'!M74 -> 125000 | L74: =SUM(L75:L82) -> 0 | M74: =SUM(M75:M82) -> 125000 | N74: =SUM(N75:N82) -> 0 | O74: =SUM(O75:O82) -> #DIV/0! | P74: =J74-M74 -> 0 | Q74: =H74-J74 -> 189536 | R74: 1103645 | S74: =G74-M74 -> 189536
F75: Атырау қ. | J75: =M75 -> 0 | K75: ='1.02.'!M75 -> 0 | M75: =K75+L75 -> 0 | N75: =I75-M75 -> 0 | O75: =M75/I75*100 -> #DIV/0! | P75: =J75-M75 -> 0 | Q75: =H75-J75 -> 0 | R75: 1103646 | S75: =G75-M75 -> 0
F76: Жылыой | J76: =M76 -> 0 | K76: ='1.02.'!M76 -> 0 | M76: =K76+L76 -> 0 | N76: =I76-M76 -> 0 | O76: =M76/I76*100 -> #DIV/0! | P76: =J76-M76 -> 0 | Q76: =H76-J76 -> 0 | R76: 1103647 | S76: =G76-M76 -> 0
F77: Индер | J77: =M77 -> 0 | K77: ='1.02.'!M77 -> 0 | M77: =K77+L77 -> 0 | N77: =I77-M77 -> 0 | O77: =M77/I77*100 -> #DIV/0! | P77: =J77-M77 -> 0 | Q77: =H77-J77 -> 0 | R77: 1103648 | S77: =G77-M77 -> 0
F78: Исатай | J78: =M78 -> 0 | K78: ='1.02.'!M78 -> 0 | M78: =K78+L78 -> 0 | N78: =I78-M78 -> 0 | O78: =M78/I78*100 -> #DIV/0! | P78: =J78-M78 -> 0 | Q78: =H78-J78 -> 0 | R78: 1103649 | S78: =G78-M78 -> 0
F79: Қызылқоға | J79: =M79 -> 0 | K79: ='1.02.'!M79 -> 0 | M79: =K79+L79 -> 0 | N79: =I79-M79 -> 0 | O79: =M79/I79*100 -> #DIV/0! | P79: =J79-M79 -> 0 | Q79: =H79-J79 -> 0 | R79: 1103650 | S79: =G79-M79 -> 0
F80: Құрманғазы | J80: =M80 -> 0 | K80: ='1.02.'!M80 -> 0 | M80: =K80+L80 -> 0 | N80: =I80-M80 -> 0 | O80: =M80/I80*100 -> #DIV/0! | P80: =J80-M80 -> 0 | Q80: =H80-J80 -> 0 | R80: 1103651 | S80: =G80-M80 -> 0
F81: Макат | G81: 314536 | H81: 314536 | I81: 125000 | J81: =M81 -> 125000 | K81: ='1.02.'!M81 -> 125000 | M81: =K81+L81 -> 125000 | N81: =I81-M81 -> 0 | O81: =M81/I81*100 -> 100 | P81: =J81-M81 -> 0 | Q81: =H81-J81 -> 189536 | R81: 1103652 | S81: =G81-M81 -> 189536
F82: Махамбет | J82: =M82 -> 0 | K82: ='1.02.'!M82 -> 0 | M82: =K82+L82 -> 0 | N82: =I82-M82 -> 0 | O82: =M82/I82*100 -> #DIV/0! | P82: =J82-M82 -> 0 | Q82: =H82-J82 -> 0 | R82: 1103653 | S82: =G82-M82 -> 0
F83: Мүгедектігі бар адамдарды техникалық көмекші құралдармен және арнаулы жүріп тұру құралдармен қамтамасыз ету | G83: =SUM(G84:G91) -> 293942 | H83: =SUM(H84:H91) -> 34798 | I83: =SUM(I84:I91) -> 34798 | J83: =SUM(J84:J91) -> 34798 | K83: ='1.02.'!M83 -> 0 | L83: =SUM(L84:L91) -> 34798 | M83: =SUM(M84:M91) -> 34798 | N83: =SUM(N84:N91) -> 0 | O83: =SUM(O84:O91) -> #DIV/0! | P83: =J83-M83 -> 0 | Q83: =H83-J83 -> 0 | R83: 1103654 | S83: =G83-M83 -> 259144
F84: Атырау қ. | G84: 188942 | H84: 20908 | I84: =H84 -> 20908 | J84: =M84 -> 20908 | K84: ='1.02.'!M84 -> 0 | L84: 20908 | M84: =K84+L84 -> 20908 | N84: =I84-M84 -> 0 | O84: =M84/I84*100 -> 100 | P84: =J84-M84 -> 0 | Q84: =H84-J84 -> 0 | R84: 1103655 | S84: =G84-M84 -> 168034
F85: Жылыой | G85: 15000 | I85: =H85 -> 0 | J85: =M85 -> 0 | K85: ='1.02.'!M85 -> 0 | M85: =K85+L85 -> 0 | N85: =I85-M85 -> 0 | O85: =M85/I85*100 -> #DIV/0! | P85: =J85-M85 -> 0 | Q85: =H85-J85 -> 0 | R85: 1103656 | S85: =G85-M85 -> 15000
F86: Индер | G86: 15000 | H86: 3950 | I86: =H86 -> 3950 | J86: =M86 -> 3950 | K86: ='1.02.'!M86 -> 0 | L86: 3950 | M86: =K86+L86 -> 3950 | N86: =I86-M86 -> 0 | O86: =M86/I86*100 -> 100 | P86: =J86-M86 -> 0 | Q86: =H86-J86 -> 0 | R86: 1103657 | S86: =G86-M86 -> 11050
F87: Исатай | G87: 15000 | I87: =H87 -> 0 | J87: =M87 -> 0 | K87: ='1.02.'!M87 -> 0 | M87: =K87+L87 -> 0 | N87: =I87-M87 -> 0 | O87: =M87/I87*100 -> #DIV/0! | P87: =J87-M87 -> 0 | Q87: =H87-J87 -> 0 | R87: 1103658 | S87: =G87-M87 -> 15000
F88: Қызылқоға | G88: 15000 | H88: 2500 | I88: =H88 -> 2500 | J88: =M88 -> 2500 | K88: ='1.02.'!M88 -> 0 | L88: 2500 | M88: =K88+L88 -> 2500 | N88: =I88-M88 -> 0 | O88: =M88/I88*100 -> 100 | P88: =J88-M88 -> 0 | Q88: =H88-J88 -> 0 | R88: 1103659 | S88: =G88-M88 -> 12500
F89: Құрманғазы | G89: 15000 | H89: 5000 | I89: =H89 -> 5000 | J89: =M89 -> 5000 | K89: ='1.02.'!M89 -> 0 | L89: 5000 | M89: =K89+L89 -> 5000 | N89: =I89-M89 -> 0 | O89: =M89/I89*100 -> 100 | P89: =J89-M89 -> 0 | Q89: =H89-J89 -> 0 | R89: 1103660 | S89: =G89-M89 -> 10000
F90: Макат | G90: 15000 | H90: 1000 | I90: =H90 -> 1000 | J90: =M90 -> 1000 | K90: ='1.02.'!M90 -> 0 | L90: 1000 | M90: =K90+L90 -> 1000 | N90: =I90-M90 -> 0 | O90: =M90/I90*100 -> 100 | P90: =J90-M90 -> 0 | Q90: =H90-J90 -> 0 | R90: 1103661 | S90: =G90-M90 -> 14000
F91: Махамбет | G91: 15000 | H91: 1440 | I91: =H91 -> 1440 | J91: =M91 -> 1440 | K91: ='1.02.'!M91 -> 0 | L91: 1440 | M91: =K91+L91 -> 1440 | N91: =I91-M91 -> 0 | O91: =M91/I91*100 -> 100 | P91: =J91-M91 -> 0 | Q91: =H91-J91 -> 0 | R91: 1103662 | S91: =G91-M91 -> 13560
C92: 053 | F92: Кохлеарлық импланттарға дәлдеп сөйлеу процессорларын ауыстыру және келтіру бойынша қызмет көрсету | G92: =G93 -> 200616 | H92: =H93 -> 0 | I92: =I93 -> 0 | J92: =J93 -> 0 | K92: ='1.02.'!M92 -> 0 | L92: =L93 -> 0 | M92: =M93 -> 0 | N92: =N93 -> 0 | O92: =M92/I92*100 -> #DIV/0! | P92: =J92-M92 -> 0 | Q92: =H92-J92 -> 0 | R92: 1103663 | S92: =G92-M92 -> 200616 | T92: =G92-J92 -> 200616
D93: 015 | F93: Жергілікті бюджет қаражаты есебінен | G93: =G94+G95 -> 200616 | H93: =H94+H95 -> 0 | I93: =I94+I95 -> 0 | J93: =J94+J95 -> 0 | K93: ='1.02.'!M93 -> 0 | L93: =L94+L95 -> 0 | M93: =M94+M95 -> 0 | N93: =N94+N95 -> 0 | O93: =M93/I93*100 -> #DIV/0! | P93: =J93-M93 -> 0 | Q93: =H93-J93 -> 0 | R93: 1103664 | S93: =G93-M93 -> 200616 | T93: =G93-J93 -> 200616
E94: 159 | F94: Өзге де қызметтер мен жұмыстарға ақы төлеу | G94: 200616 | H94: 0 | I94: 0 | J94: =M94 -> 0 | K94: ='1.02.'!M94 -> 0 | M94: =K94+L94 -> 0 | N94: =I94-M94 -> 0 | O94: =M94/I94*100 -> #DIV/0! | P94: =J94-M94 -> 0 | Q94: =H94-J94 -> 0 | R94: 1103665 | S94: =G94-M94 -> 200616 | T94: =G94-J94 -> 200616
E95: 322 | F95: Жеке тұлғаларға аударымдар | J95: =M95 -> 0 | K95: ='1.02.'!M95 -> 0 | M95: =K95+L95 -> 0 | N95: =I95-M95 -> 0 | O95: =M95/I95*100 -> #DIV/0! | P95: =J95-M95 -> 0 | Q95: =H95-J95 -> 0 | R95: 1103666 | S95: =G95-M95 -> 0
C96: 066 | F96: Еңбек мобильділігі орталықтары мен мансап орталықтарының жұмыспен қамту мәселелері жөніндегі азаматтарды әлеуметтік қолдау бойынша қызметін қамтамасыз ету | G96: =G97 -> 20000 | H96: =H97 -> 13390 | I96: =I97 -> 1238.7 | J96: =J97 -> 13390 | K96: ='1.02.'!M96 -> 0 | L96: =L97 -> 1163.3798 | M96: =M97 -> 1163.3798 | N96: =N97 -> 75.32017 | O96: =O97 -> 93.919418 | P96: =J96-M96 -> 12226.62 | Q96: =H96-J96 -> 0 | R96: 1103667 | S96: =G96-M96 -> 18836.62 | T96: =G96-J96 -> 6610
D97: 000 | G97: =G98 -> 20000 | H97: =H98 -> 13390 | I97: =I98 -> 1238.7 | J97: =J98 -> 13390 | K97: ='1.02.'!M97 -> 0 | L97: =L98 -> 1163.3798 | M97: =M98 -> 1163.3798 | N97: =N98 -> 75.32017 | O97: =M97/I97*100 -> 93.919418 | P97: =J97-M97 -> 12226.62 | Q97: =H97-J97 -> 0 | R97: 1103668 | S97: =G97-M97 -> 18836.62 | T97: =G97-J97 -> 6610
E98: 159 | F98: Басқа қызметтер мен жұмыстар үшін төлем | G98: 20000 | H98: 13390 | I98: 1238.7 | J98: 13390 | K98: ='1.02.'!M98 -> 0 | L98: 1163.3798 | M98: =K98+L98 -> 1163.3798 | N98: =I98-M98 -> 75.32017 | O98: =M98/I98*100 -> 93.919418 | P98: =J98-M98 -> 12226.62 | Q98: =H98-J98 -> 0 | R98: 1103669 | S98: =G98-M98 -> 18836.62 | T98: =G98-J98 -> 6610
B99: 1262 | F99: "№ 3 Арнаулы әлеуметтік көмек көрсету орталығы" КММ | G99: =G100 -> 588262 | H99: =H100 -> 127301.1 | I99: =I100 -> 95392.1 | J99: =J100 -> 125978.71 | K99: ='1.02.'!M99 -> 46251.971 | L99: =L100 -> 49057.798 | M99: =M100 -> 95309.769 | N99: =N100 -> 82.331 | O99: =M99/I99*100 -> 99.913692 | P99: =J99-M99 -> 30668.939 | Q99: =H99-J99 -> 1322.3919 | R99: 1103670 | S99: =G99-M99 -> 492952.23 | T99: =G99-J99 -> 462283.29
C100: 015 | F100: Балалар психоневрологиялық медициналық-әлеуметтік мекемелерінде (ұйымдарда), арнаулы әлеуметтік қызметтер көрсету орталықтарында, әлеуметтік қызмет көрсету орталықтарында психоневрологиялық патологиялары бар мүгедектігі бар балалар үшін арнаулы әлеуметтік қызметтер көрсету | G100: =G101 -> 588262 | H100: =H101 -> 127301.1 | I100: =I101 -> 95392.1 | J100: =J101 -> 125978.71 | K100: ='1.02.'!M100 -> 46251.971 | L100: =L101 -> 49057.798 | M100: =M101 -> 95309.769 | N100: =N101 -> 82.331 | O100: =M100/I100*100 -> 99.913692 | P100: =J100-M100 -> 30668.939 | Q100: =H100-J100 -> 1322.3919 | R100: 1103671 | S100: =G100-M100 -> 492952.23 | T100: =G100-J100 -> 462283.29
D101: 015 | F101: Жергілікті бюджет қаражаты есебінен | G101: =SUM(G102:G118) -> 588262 | H101: =SUM(H102:H118) -> 127301.1 | I101: =SUM(I102:I118) -> 95392.1 | J101: =SUM(J102:J118) -> 125978.71 | K101: ='1.02.'!M101 -> 46251.971 | L101: =SUM(L102:L118) -> 49057.798 | M101: =SUM(M102:M118) -> 95309.769 | N101: =SUM(N102:N118) -> 82.331 | O101: =M101/I101*100 -> 99.913692 | P101: =J101-M101 -> 30668.939 | Q101: =H101-J101 -> 1322.3919 | R101: 1103672 | S101: =G101-M101 -> 492952.23 | T101: =G101-J101 -> 462283.29
...

Sheet 1.04.
F1: 2026 жылғы наурыз айына арналған талдау
A3: Әкім шісі | B3: ММ коды | C3: Бағдарлама | D3: Кіші бағда лама | E3: Ерекшілік | F3: Шығыстардың атауы | G3: 2026 жылға арналған қаржы жоспары | H3: Жыл басынан бастап қаржыландыру жоспары | J3: Жыл басынан бері қабылданған міндеттемелердің жалпы сомасы | K3: Орындалған міндеттемелер | N3: 30.02.2026 қалдық | O3: % игерілуі | P3: Өтелмеген қабылданған міндеттемелер | Q3: Жвл басынан берң қабылданбаған міндеттемелер көлемі (міндеттемелер жоспарына қатысты қалған қаражат) | R3: ожидаемое освоение до конца года | S3: Жоспардан ауытқу , орындалудың күтілімі
H4: міндеттемелер | I4: төлемдер | K4: Бұрын төленген айлар | L4: ғымдағы ай үшін | M4: Жыл басынан бері
A5: 256 | F5: Облыстың жұмыспен қамтуды үйлестіру және әлеуметтік бағдарламалар басқармасы | G5: =G6+G108+G129+G152+G178+G202+G226+G275 -> 17032809 | H5: =H6+H108+H129+H152+H178+H202+H226+H275 -> 3090595.9 | I5: =I6+I108+I129+I152+I178+I202+I226+I275 -> 2375789.6 | J5: =J6+J108+J129+J152+J178+J202+J226+J275 -> 2904870 | K5: =K6+K108+K129+K152+K178+K202+K226+K275 -> 568624.86 | L5: =L6+L108+L129+L152+L178+L202+L226+L275 -> 892895.79 | M5: =M6+M108+M129+M152+M178+M202+M226+M275 -> 2358382.6 | N5: =N6+N108+N129+N152+N178+N202+N226+N275 -> 17407.033 | O5: =M5/I5*100 -> 99.267316 | P5: =J5-M5 -> 546487.46 | Q5: =H5-J5 -> 185725.87 | R5: 1103576 | S5: =G5-M5 -> 14674426
B6: 1261 | F6: "Жұмыспен қамтуды үйлестіру және бюджеттік бағдарламалар басқармасы" ММ | G6: =G7+G13+G34+G38+G41+G44+G101+G105 -> 5070963 | H6: =H7+H13+H34+H38+H41+H44+H101+H105 -> 909586.7 | I6: =I7+I13+I34+I38+I41+I44+I101+I105 -> 821716.3 | J6: =J7+J13+J34+J38+J41+J44+J101+J105 -> 832222.35 | K6: ='1.02.'!M6 -> 305263.96 | L6: =L7+L13+L34+L38+L41+L44+L101+L105 -> 282402.26 | M6: =M7+M13+M34+M38+M41+M44+M101+M105 -> 812826.97 | N6: =N7+N13+N34+N38+N41+N44+N101+N105 -> 8889.3277 | O6: =M6/I6*100 -> 98.9182 | P6: =J6-M6 -> 19395.383 | Q6: =H6-J6 -> 77364.345 | R6: 1103577 | S6: =G6-M6 -> 4258136
C7: 003 | F7: Мүгедектігі бар адамдарға әлеуметтік қолдау | G7: =G8+G10 -> 2050255 | H7: =H8+H10 -> 336745 | I7: =I8+I10 -> 336190 | J7: =J8+J10 -> 335864.41 | K7: ='1.02.'!M7 -> 164988.71 | L7: =L8+L10 -> 61300.636 | M7: =M8+M10 -> 335864.41 | N7: =N8+N10 -> 325.59379 | O7: =M7/I7*100 -> 99.903152 | P7: =J7-M7 -> 0 | Q7: =H7-J7 -> 880.59379 | R7: 1103578 | S7: =G7-M7 -> 1714390.6
D8: 102 | F8: Мүгедектігі бар адамды оңалтудың жеке бағдарламасына сәйкес мүгедектігі бар адамдардың және мүгедектігі бар балалардың санаторлық-курорттық емделуін қамтамасыз ету | G8: =G9 -> 2014974 | H8: =H9 -> 310000 | I8: =I9 -> 310000 | J8: =J9 -> 310000 | K8: ='1.02.'!M8 -> 150000 | L8: =L9 -> 60000 | M8: =M9 -> 310000 | N8: =N9 -> 0 | O8: =M8/I8*100 -> 100 | P8: =J8-M8 -> 0 | Q8: =H8-J8 -> 0 | R8: 1103579 | S8: =G8-M8 -> 1704974
E9: 322 | F9: Жеке тұлғаларға берілетін трансферттер | G9: 2014974 | H9: 310000 | I9: 310000 | J9: =M9 -> 310000 | K9: ='1.03.'!M9 -> 250000 | L9: 60000 | M9: =K9+L9 -> 310000 | N9: =I9-M9 -> 0 | O9: =M9/I9*100 -> 100 | P9: =J9-M9 -> 0 | Q9: =H9-J9 -> 0 | R9: 1103580 | S9: =G9-M9 -> 1704974 | T9: =G9-J9 -> 1704974
D10: 106 | F10: Протездеу,үйрету жөнінде медициналық қызметтер көрсету протездік-ортопедиялық құралдарымен және оларды пайдалануды қамтамасыз ету | G10: =G11+G12 -> 35281 | H10: =H11+H12 -> 26745 | I10: =I11+I12 -> 26190 | J10: =J11+J12 -> 25864.406 | K10: ='1.02.'!M10 -> 14988.708 | L10: =L11+L12 -> 1300.6365 | M10: =M11+M12 -> 25864.406 | N10: =N11+N12 -> 325.59379 | O10: =M10/I10*100 -> 98.756801 | P10: =J10-M10 -> 0 | Q10: =H10-J10 -> 880.59379 | R10: 1103581 | S10: =G10-M10 -> 9416.5938 | T10: =G10-J10 -> 9416.5938
E11: 159 | F11: Өзге де қызметтер мен жұмыстарға ақы төлеу | G11: 1745 | H11: 1745 | I11: 1190 | J11: 1190 | K11: ='1.03.'!M11 -> 0 | L11: 1190 | M11: =K11+L11 -> 1190 | N11: =I11-M11 -> 0 | O11: =M11/I11*100 -> 100 | P11: =J11-M11 -> 0 | Q11: =H11-J11 -> 555 | R11: 1103582 | S11: =G11-M11 -> 555 | T11: =G11-J11 -> 555
E12: 322 | F12: Жеке тұлғаларға берілетін трансферттер | G12: =163536-130000 -> 33536 | H12: 25000 | I12: 25000 | J12: =M12 -> 24674.406 | K12: ='1.03.'!M12 -> 24563.77 | L12: 110.63646 | M12: =K12+L12 -> 24674.406 | N12: =I12-M12 -> 325.59379 | O12: =M12/I12*100 -> 98.697625 | P12: =J12-M12 -> 0 | Q12: =H12-J12 -> 325.59379 | R12: 1103583 | S12: =G12-M12 -> 8861.5938 | T12: =G12-J12 -> 8861.5938
C13: 001 | F13: Жергілікті деңгейде жұмыспен қамтуды қамтамасыз ету және халық үшін әлеуметтік бағдарламаларды іске асыру саласында мемлекеттік саясатты іске асыру жөніндегі қызметтер | G13: =G14 -> 260651 | H13: =H14 -> 80491 | I13: =I14 -> 74276.9 | J13: =J14 -> 79701.949 | K13: ='1.02.'!M13 -> 15275.257 | L13: =L14 -> 20850.828 | M13: =M14 -> 71412.388 | N13: =N14 -> 2864.5118 | O13: =M13/I13*100 -> 96.143469 | P13: =J13-M13 -> 8289.5605 | Q13: =H13-J13 -> 789.0513 | R13: 1103584 | S13: =G13-M13 -> 189238.61 | T13: =G13-J13 -> 180949.05
D14: 015 | F14: Жергілікті бюджет қаражаты есебінен | G14: =SUM(G15:G33) -> 260651 | H14: =SUM(H15:H33) -> 80491 | I14: =SUM(I15:I33) -> 74276.9 | J14: =SUM(J15:J33) -> 79701.949 | K14: ='1.02.'!M14 -> 15275.257 | L14: =SUM(L15:L33) -> 20850.828 | M14: =SUM(M15:M33) -> 71412.388 | N14: =SUM(N15:N33) -> 2864.5118 | O14: =M14/I14*100 -> 96.143469 | P14: =J14-M14 -> 8289.5605 | Q14: =H14-J14 -> 789.0513 | R14: 1103585 | S14: =G14-M14 -> 189238.61 | T14: =G14-J14 -> 180949.05
E15: 111 | F15: Еңбек ақы | G15: 121539 | H15: 30000 | I15: 30000 | J15: =M15 -> 30000 | K15: ='1.03.'!M15 -> 19989.049 | L15: 10010.951 | M15: =K15+L15 -> 30000 | N15: =I15-M15 -> 0 | O15: =M15/I15*100 -> 100 | P15: =J15-M15 -> 0 | Q15: =H15-J15 -> 0 | R15: 1103586 | S15: =G15-M15 -> 91539 | T15: =G15-J15 -> 91539
E16: 112 | F16: Қосымша ақшалай төлімдер | G16: 17318 | H16: 15907.6 | I16: 15907.6 | J16: =M16 -> 15907.551 | K16: ='1.03.'!M16 -> 14418.853 | L16: 1488.698 | M16: =K16+L16 -> 15907.551 | N16: =I16-M16 -> 0.049 | O16: =M16/I16*100 -> 99.999692 | P16: =J16-M16 -> 0 | Q16: =H16-J16 -> 0.049 | R16: 1103587 | S16: =G16-M16 -> 1410.449 | T16: =G16-J16 -> 1410.449
E17: 113 | F17: Өтемақы төлемдері | G17: 20256 | H17: 6101.2 | I17: 6101.2 | J17: =M17 -> 6101.114 | K17: ='1.03.'!M17 -> 3401.172 | L17: 2699.942 | M17: =K17+L17 -> 6101.114 | N17: =I17-M17 -> 0.086 | O17: =M17/I17*100 -> 99.99859 | P17: =J17-M17 -> 0 | Q17: =H17-J17 -> 0.086 | R17: 1103588 | S17: =G17-M17 -> 14154.886 | T17: =G17-J17 -> 14154.886
E18: 116 | F18: Жұмыс берушінің міндетті зейнетақы жарналары | G18: 4860 | H18: 1355 | I18: 1355 | J18: =M18 -> 1230.698 | K18: ='1.03.'!M18 -> 982.168 | L18: 248.53 | M18: =K18+L18 -> 1230.698 | N18: =I18-M18 -> 124.302 | O18: =M18/I18*100 -> 90.826421 | P18: =J18-M18 -> 0 | Q18: =H18-J18 -> 124.302 | R18: 1103589 | S18: =G18-M18 -> 3629.302 | T18: =G18-J18 -> 3629.302
E19: 121 | F19: Әлеуметтік салық | G19: 8331 | H19: 2736 | I19: 2736 | J19: =M19 -> 2736 | K19: ='1.03.'!M19 -> 2095 | L19: 641 | M19: =K19+L19 -> 2736 | N19: =I19-M19 -> 0 | O19: =M19/I19*100 -> 100 | P19: =J19-M19 -> 0 | Q19: =H19-J19 -> 0 | R19: 1103590 | S19: =G19-M19 -> 5595 | T19: =G19-J19 -> 5595
E20: 122 | F20: Мемлекеттік әлеуметтік сақтандыру қорына әлеуметтік аударымдар | G20: 6943 | H20: 1903 | I20: 1903 | J20: =M20 -> 1664.937 | K20: ='1.03.'!M20 -> 1253.953 | L20: 410.984 | M20: =K20+L20 -> 1664.937 | N20: =I20-M20 -> 238.063 | O20: =M20/I20*100 -> 87.490121 | P20: =J20-M20 -> 0 | Q20: =H20-J20 -> 238.063 | R20: 1103591 | S20: =G20-M20 -> 5278.063 | T20: =G20-J20 -> 5278.063
E21: 123 | F21: Міндетті сақтандыру жарналары | G21: 63 | J21: =M21 -> 0 | K21: ='1.03.'!M21 -> 0 | M21: =K21+L21 -> 0 | N21: =I21-M21 -> 0 | O21: =M21/I21*100 -> #DIV/0! | P21: =J21-M21 -> 0 | Q21: =H21-J21 -> 0 | R21: 1103592 | S21: =G21-M21 -> 63 | T21: =G21-J21 -> 63
E22: 124 | F22: Міндетті әлеуметтік медициналық сақтандыруға аударымдар | G22: 4166 | H22: 1370 | I22: 1370 | J22: =M22 -> 1083.637 | K22: ='1.03.'!M22 -> 866.254 | L22: 217.383 | M22: =K22+L22 -> 1083.637 | N22: =I22-M22 -> 286.363 | O22: =M22/I22*100 -> 79.097591 | P22: =J22-M22 -> 0 | Q22: =H22-J22 -> 286.363 | R22: 1103593 | S22: =G22-M22 -> 3082.363 | T22: =G22-J22 -> 3082.363
E23: 131 | F23: Техникалық персоналдың еңбегіне ақы төлеу | G23: 19333 | H23: 3600 | I23: 3600 | J23: =M23 -> 3600 | K23: ='1.03.'!M23 -> 2400 | L23: 1200 | M23: =K23+L23 -> 3600 | N23: =I23-M23 -> 0 | O23: =M23/I23*100 -> 100 | P23: =J23-M23 -> 0 | Q23: =H23-J23 -> 0 | R23: 1103594 | S23: =G23-M23 -> 15733 | T23: =G23-J23 -> 15733
E24: 135 | F24: Техникалық персонал бойынша жұмыс берушілердің жарналары | G24: 3129 | H24: 405 | I24: 405 | J24: =M24 -> 405 | K24: ='1.03.'!M24 -> 270 | L24: 135 | M24: =K24+L24 -> 405 | N24: =I24-M24 -> 0 | O24: =M24/I24*100 -> 100 | P24: =J24-M24 -> 0 | Q24: =H24-J24 -> 0 | R24: 1103595 | S24: =G24-M24 -> 2724 | T24: =G24-J24 -> 2724
E25: 136 | F25: Техникалық персоналдың ел ішіндегі іс сапарлары мен қызметтік сапарлары | J25: =M25 -> 0 | K25: ='1.03.'!M25 -> 0 | M25: =K25+L25 -> 0 | N25: =I25-M25 -> 0 | O25: =M25/I25*100 -> #DIV/0! | P25: =J25-M25 -> 0 | Q25: =H25-J25 -> 0 | R25: 1103596 | S25: =G25-M25 -> 0 | T25: =G25-J25 -> 0
E26: 144 | F26: Отын, жанар-жағар май материалдарын сатып алу | G26: 2075 | H26: 2075 | I26: 2075 | J26: 2074.9986 | K26: ='1.03.'!M26 -> 0 | M26: =K26+L26 -> 0 | N26: =I26-M26 -> 2075 | O26: =M26/I26*100 -> 0 | P26: =J26-M26 -> 2074.9986 | Q26: =H26-J26 -> 0.00144 | R26: 1103597 | S26: =G26-M26 -> 2075 | T26: =G26-J26 -> 0.00144
E27: 149 | F27: Өзге де қорларды сатып алу | G27: 4170 | H27: 33.7 | I27: 33.7 | J27: =M27 -> 33.696 | K27: ='1.03.'!M27 -> 0 | L27: 33.696 | M27: =K27+L27 -> 33.696 | N27: =I27-M27 -> 0.004 | O27: =M27/I27*100 -> 99.988131 | P27: =J27-M27 -> 0 | Q27: =H27-J27 -> 0.004 | R27: 1103598 | S27: =G27-M27 -> 4136.304 | T27: =G27-J27 -> 4136.304
E28: 151 | F28: Коммуналдық қызметтерге ақы төлеу | G28: 10733 | H28: 4167 | I28: 4167 | J28: =M28 -> 4166.8388 | K28: ='1.03.'!M28 -> 2575.3453 | L28: 1591.4935 | M28: =K28+L28 -> 4166.8388 | N28: =I28-M28 -> 0.16121 | O28: =M28/I28*100 -> 99.996131 | P28: =J28-M28 -> 0 | Q28: =H28-J28 -> 0.16121 | R28: 1103599 | S28: =G28-M28 -> 6566.1612 | T28: =G28-J28 -> 6566.1612
E29: 152 | F29: Байланыс қызметтерiне ақы төлеу | G29: 7302 | H29: 5416.5 | I29: 774.1 | J29: 5416.4144 | K29: ='1.03.'!M29 -> 338.1 | L29: 435.98287 | M29: =K29+L29 -> 774.08287 | N29: =I29-M29 -> 0.01713 | O29: =M29/I29*100 -> 99.997787 | P29: =J29-M29 -> 4642.3315 | Q29: =H29-J29 -> 0.08564 | R29: 1103600 | S29: =G29-M29 -> 6527.9171 | T29: =G29-J29 -> 1885.5856
E30: 158 | F30: Ақпараттандыру саласындағы жұмыстар мен қызметтерге ақы төлеу | G30: 730 | H30: 730 | I30: 183 | J30: 730 | K30: ='1.03.'!M30 -> 121.666 | L30: 60.833 | M30: =K30+L30 -> 182.499 | N30: =I30-M30 -> 0.501 | O30: =M30/I30*100 -> 99.72623 | P30: =J30-M30 -> 547.501 | Q30: =H30-J30 -> 0 | R30: 1103601 | S30: =G30-M30 -> 547.501 | T30: =G30-J30 -> 0
E31: 159 | F31: Өзге де қызметтер мен жұмыстарға ақы төлеу | G31: =2649+450 -> 3099 | H31: 2291 | I31: 1266.3 | J31: 2291 | K31: ='1.03.'!M31 -> 450 | L31: 816.27055 | M31: =K31+L31 -> 1266.2705 | N31: =I31-M31 -> 0.02945 | O31: =M31/I31*100 -> 99.997674 | P31: =J31-M31 -> 1024.7294 | Q31: =H31-J31 -> 1e-05 | R31: 1103602 | S31: =G31-M31 -> 1832.7295 | T31: =G31-J31 -> 808.00001
E32: 161 | F32: Ел iшiндегi iссапарлар мен қызметтiк сапарлар | G32: =27054-450 -> 26604 | H32: 2400 | I32: 2400 | J32: =M32 -> 2260.064 | K32: ='1.03.'!M32 -> 1400 | L32: 860.064 | M32: =K32+L32 -> 2260.064 | N32: =I32-M32 -> 139.936 | O32: =M32/I32*100 -> 94.169333 | P32: =J32-M32 -> 0 | Q32: =H32-J32 -> 139.936 | R32: 1103603 | S32: =G32-M32 -> 24343.936 | T32: =G32-J32 -> 24343.936
E33: 169 | F33: Өзге де ағымдағы шығындар | J33: =M33 -> 0 | K33: ='1.03.'!M33 -> 0 | M33: =K33+L33 -> 0 | N33: =I33-M33 -> 0 | O33: =M33/I33*100 -> #DIV/0! | P33: =J33-M33 -> 0 | Q33: =H33-J33 -> 0 | R33: 1103604 | S33: =G33-M33 -> 0 | T33: =G33-J33 -> 0
C34: 007 | F34: Капитальные расходы государственных органов | G34: =G35+G36+G37 -> 0 | H34: =H35+H36+H37 -> 0 | I34: =I35+I36+I37 -> 0 | J34: =J35+J36+J37 -> 0 | K34: ='1.02.'!M34 -> 0 | L34: =L35+L36+L37 -> 0 | M34: =M35+M36+M37 -> 0 | N34: =N35+N36+N37 -> 0 | O34: =M34/I34*100 -> #DIV/0! | P34: =J34-M34 -> 0 | Q34: =H34-J34 -> 0 | R34: 1103605 | S34: =G34-M34 -> 0 | T34: =G34-J34 -> 0
E35: 413 | F35: Пробретение транспортных средств | K35: ='1.02.'!M35 -> 0 | M35: =K35+L35 -> 0 | O35: =M35/I35*100 -> #DIV/0! | P35: =J35-M35 -> 0 | Q35: =H35-J35 -> 0 | R35: 1103606 | S35: =G35-M35 -> 0 | T35: =G35-J35 -> 0
E36: 414 | F36: Приобретение машин оборудование, инструментов, производственного и хозяйственного инвентаря | J36: =M36 -> 0 | K36: ='1.02.'!M36 -> 0 | M36: =K36+L36 -> 0 | N36: =I36-M36 -> 0 | O36: =M36/I36*100 -> #DIV/0! | P36: =J36-M36 -> 0 | Q36: =H36-J36 -> 0 | R36: 1103607 | S36: =G36-M36 -> 0 | T36: =G36-J36 -> 0
E37: 419 | F37: Приобретение прочих основных средств | J37: =M37 -> 0 | K37: ='1.02.'!M37 -> 0 | M37: =K37+L37 -> 0 | N37: =I37-M37 -> 0 | O37: =M37/I37*100 -> #DIV/0! | P37: =J37-M37 -> 0 | Q37: =H37-J37 -> 0 | R37: 1103608 | S37: =G37-M37 -> 0
C38: 018 | F38: Үкіметтік емес ұйымдарда мемлекеттік әлеуметтік тапсырысты орналастыру | G38: =G39 -> 10400 | H38: =H39 -> 0 | I38: =I39 -> 0 | J38: =J39 -> 0 | K38: ='1.02.'!M38 -> 0 | L38: =L39 -> 0 | M38: =M39 -> 0 | N38: =N39 -> 0 | O38: =M38/I38*100 -> #DIV/0! | P38: =J38-M38 -> 0 | Q38: =H38-J38 -> 0 | R38: 1103609 | S38: =G38-M38 -> 10400 | T38: =G38-J38 -> 10400
D39: 000 | G39: =G40 -> 10400 | H39: =H40 -> 0 | I39: =I40 -> 0 | J39: =J40 -> 0 | K39: ='1.02.'!M39 -> 0 | M39: =M40 -> 0 | N39: =N40 -> 0 | O39: =M39/I39*100 -> #DIV/0! | P39: =J39-M39 -> 0 | Q39: =H39-J39 -> 0 | R39: 1103610 | S39: =G39-M39 -> 10400 | T39: =G39-J39 -> 10400
E40: 155 | F40: Мемлекеттік әлеуметтік тапсырыс шеңберінде көрсетілетін қызметтерге ақы төлеу | G40: 10400 | H40: 0 | I40: 0 | J40: =M40 -> 0 | K40: ='1.02.'!M40 -> 0 | M40: =K40+L40 -> 0 | N40: =I40-M40 -> 0 | O40: =M40/I40*100 -> #DIV/0! | P40: =J40-M40 -> 0 | Q40: =H40-J40 -> 0 | R40: 1103611 | S40: =G40-M40 -> 10400 | T40: =G40-J40 -> 10400
C41: 031 | F41: Жергілікті атқарушы органдар төлейтін міндетті әлеуметтік медициналық сақтандыруға мемлекеттің жарналарына әлеуметтік медициналық сақтандыру қорына берілетін трансферттер | G41: =G42 -> 1064315 | H41: =H42 -> 5636.7 | I41: =I42 -> 5636.7 | J41: =J42 -> 0 | K41: ='1.02.'!M41 -> 0 | M41: =M42 -> 0 | N41: =N42 -> 5636.7 | O41: =M41/I41*100 -> 0 | P41: =J41-M41 -> 0 | Q41: =H41-J41 -> 5636.7 | R41: 1103612 | S41: =G41-M41 -> 1064315
D42: 000 | G42: =G43 -> 1064315 | H42: =H43 -> 5636.7 | I42: =I43 -> 5636.7 | J42: =J43 -> 0 | K42: ='1.02.'!M42 -> 0 | M42: =M43 -> 0 | N42: =N43 -> 5636.7 | O42: =M42/I42*100 -> 0 | P42: =J42-M42 -> 0 | Q42: =H42-J42 -> 5636.7 | R42: 1103613 | S42: =G42-M42 -> 1064315
E43: 361 | F43: Заңды тұлғаларға трансферттерге арналған шығыстарды есептеу | G43: 1064315 | H43: 5636.7 | I43: 5636.7 | J43: =M43 -> 0 | K43: ='1.02.'!M43 -> 0 | M43: =K43+L43 -> 0 | N43: =I43-M43 -> 5636.7 | O43: =M43/I43*100 -> 0 | P43: =J43-M43 -> 0 | Q43: =H43-J43 -> 5636.7 | R43: 1103614 | S43: =G43-M43 -> 1064315
C44: 113 | F44: Төменгі тұрған бюджеттерге берілетін нысаналы ағымдағы трансферттер | G44: =G45 -> 1464726 | H44: =H45 -> 473324 | I44: =I45 -> 403266 | J44: =J45 -> 403266 | K44: ='1.02.'!M44 -> 125000 | L44: =L45 -> 199130 | M44: =M45 -> 403266 | N44: =N45 -> 0 | O44: =M44/I44*100 -> 100 | P44: =J44-M44 -> 0 | Q44: =H44-J44 -> 70058 | R44: 1103615 | S44: =G44-M44 -> 1061460 | T44: =G44-J44 -> 1061460
D45: 015 | F45: Жергілікті бюджет қаражаты есебінен | G45: =G46 -> 1464726 | H45: =H46 -> 473324 | I45: =I46 -> 403266 | J45: =J46 -> 403266 | K45: ='1.02.'!M45 -> 125000 | L45: =L46 -> 199130 | M45: =M46 -> 403266 | N45: =N46 -> 0 | O45: =M45/I45*100 -> 100 | P45: =J45-M45 -> 0 | Q45: =H45-J45 -> 70058 | R45: 1103616 | S45: =G45-M45 -> 1061460
E46: 339 | F46: Мемлекеттік басқарудың басқа деңгейлеріне берілетін ағымдағы трансферттер | G46: =SUM(G47:G54) -> 1464726 | H46: =SUM(H47:H54) -> 473324 | I46: =SUM(I47:I54) -> 403266 | J46: =SUM(J47:J54) -> 403266 | K46: ='1.02.'!M46 -> 125000 | L46: =SUM(L47:L54) -> 199130 | M46: =SUM(M47:M54) -> 403266 | N46: =SUM(N47:N54) -> 0 | O46: =M46/I46*100 -> 100 | P46: =J46-M46 -> 0 | Q46: =H46-J46 -> 70058 | R46: 1103617 | S46: =G46-M46 -> 1061460
F47: Атырау қ. | G47: =G57+G66+G75+G84+G93 -> 547812 | H47: =H57+H66+H75+H84+H93 -> 64056 | I47: =I57+I66+I75+I84+I93 -> 64056 | J47: =J57+J66+J75+J84+J93 -> 64056 | K47: =K57+K66+K75+K84+K93 -> 36434 | L47: =L57+L66+L75+L84+L93 -> 27622 | M47: =M57+M66+M75+M84+M93 -> 64056 | N47: =N57+N66+N75+N84+N93 -> 0 | O47: =M47/I47*100 -> 100 | P47: =J47-M47 -> 0 | Q47: =H47-J47 -> 0 | R47: 1103618 | S47: =G47-M47 -> 483756
F48: Жылыой | G48: =G58+G67+G76+G85+G94 -> 60337 | H48: =H58+H67+H76+H85+H94 -> 14607 | I48: =I58+I67+I76+I85+I94 -> 14607 | J48: =J58+J67+J76+J85+J94 -> 14607 | K48: =K58+K67+K76+K85+K94 -> 3392 | L48: =L58+L67+L76+L85+L94 -> 11215 | M48: =M58+M67+M76+M85+M94 -> 14607 | N48: =N58+N67+N76+N85+N94 -> 0 | O48: =M48/I48*100 -> 100 | P48: =J48-M48 -> 0 | Q48: =H48-J48 -> 0 | R48: 1103619 | S48: =G48-M48 -> 45730
F49: Индер | G49: =G59+G68+G77+G86+G95 -> 123501 | H49: =H59+H68+H77+H86+H95 -> 24027 | I49: =I59+I68+I77+I86+I95 -> 24027 | J49: =J59+J68+J77+J86+J95 -> 24027 | K49: =K59+K68+K77+K86+K95 -> 10353 | L49: =L59+L68+L77+L86+L95 -> 13674 | M49: =M59+M68+M77+M86+M95 -> 24027 | N49: =N59+N68+N77+N86+N95 -> 0 | O49: =M49/I49*100 -> 100 | P49: =J49-M49 -> 0 | Q49: =H49-J49 -> 0 | R49: 1103620 | S49: =G49-M49 -> 99474
F50: Исатай | G50: =G60+G69+G78+G87+G96 -> 48916 | H50: =H60+H69+H78+H87+H96 -> 5388 | I50: =I60+I69+I78+I87+I96 -> 5388 | J50: =J60+J69+J78+J87+J96 -> 5388 | K50: =K60+K69+K78+K87+K96 -> 2079 | L50: =L60+L69+L78+L87+L96 -> 3309 | M50: =M60+M69+M78+M87+M96 -> 5388 | N50: =N60+N69+N78+N87+N96 -> 0 | O50: =M50/I50*100 -> 100 | P50: =J50-M50 -> 0 | Q50: =H50-J50 -> 0 | R50: 1103621 | S50: =G50-M50 -> 43528
F51: Қызылқоға | G51: =G61+G70+G79+G88+G97 -> 85380 | H51: =H61+H70+H79+H88+H97 -> 15060 | I51: =I61+I70+I79+I88+I97 -> 15060 | J51: =J61+J70+J79+J88+J97 -> 15060 | K51: =K61+K70+K79+K88+K97 -> 7918 | L51: =L61+L70+L79+L88+L97 -> 7142 | M51: =M61+M70+M79+M88+M97 -> 15060 | N51: =N61+N70+N79+N88+N97 -> 0 | O51: =M51/I51*100 -> 100 | P51: =J51-M51 -> 0 | Q51: =H51-J51 -> 0 | R51: 1103622 | S51: =G51-M51 -> 70320
F52: Құрманғазы | G52: =G62+G71+G80+G89+G98 -> 145294 | H52: =H62+H71+H80+H89+H98 -> 18368 | I52: =I62+I71+I80+I89+I98 -> 18368 | J52: =J62+J71+J80+J89+J98 -> 18368 | K52: =K62+K71+K80+K89+K98 -> 11590 | L52: =L62+L71+L80+L89+L98 -> 6778 | M52: =M62+M71+M80+M89+M98 -> 18368 | N52: =N62+N71+N80+N89+N98 -> 0 | O52: =M52/I52*100 -> 100 | P52: =J52-M52 -> 0 | Q52: =H52-J52 -> 0 | R52: 1103623 | S52: =G52-M52 -> 126926
F53: Макат | G53: =G63+G72+G81+G90+G99 -> 379340 | H53: =H63+H72+H81+H90+H99 -> 321320 | I53: =I63+I72+I81+I90+I99 -> 251262 | J53: =J63+J72+J81+J90+J99 -> 251262 | K53: =K63+K72+K81+K90+K99 -> 128253 | L53: =L63+L72+L81+L90+L99 -> 123009 | M53: =M63+M72+M81+M90+M99 -> 251262 | N53: =N63+N72+N81+N90+N99 -> 0 | O53: =M53/I53*100 -> 100 | P53: =J53-M53 -> 0 | Q53: =H53-J53 -> 70058 | R53: 1103624 | S53: =G53-M53 -> 128078
F54: Махамбет | G54: =G64+G73+G82+G91+G100 -> 74146 | H54: =H64+H73+H82+H91+H100 -> 10498 | I54: =I64+I73+I82+I91+I100 -> 10498 | J54: =J64+J73+J82+J91+J100 -> 10498 | K54: =K64+K73+K82+K91+K100 -> 4117 | L54: =L64+L73+L82+L91+L100 -> 6381 | M54: =M64+M73+M82+M91+M100 -> 10498 | N54: =N64+N73+N82+N91+N100 -> 0 | O54: =M54/I54*100 -> 100 | P54: =J54-M54 -> 0 | Q54: =H54-J54 -> 0 | R54: 1103625 | S54: =G54-M54 -> 63648
F55: оның ішінде: | J55: =M55 -> #REF! | K55: ='1.02.'!M55 -> #REF! | M55: =K55+L55 -> #REF! | N55: =I55-M55 -> #REF! | O55: =M55/I55*100 -> #REF! | P55: =J55-M55 -> #REF! | Q55: =H55-J55 -> #REF! | R55: 1103626 | S55: =G55-M55 -> #REF!
F56: Мемлекеттік атаулы әлеуметтік көмек төлеуге | G56: =SUM(G57:G64) -> 615150 | H56: =SUM(H57:H64) -> 85028 | I56: =SUM(I57:I64) -> 85028 | J56: =SUM(J57:J64) -> 85028 | K56: ='1.02.'!M56 -> 0 | L56: =SUM(L57:L64) -> 44927 | M56: =SUM(M57:M64) -> 85028 | N56: =SUM(N57:N64) -> 0 | O56: =M56/I56*100 -> 100 | P56: =J56-M56 -> 0 | Q56: =H56-J56 -> 0 | R56: 1103627 | S56: =G56-M56 -> 530122
F57: Атырау қ. | G57: 233757 | H57: =14105+15933 -> 30038 | I57: =H57 -> 30038 | J57: =M57 -> 30038 | K57: ='1.03.'!M57 -> 14105 | L57: 15933 | M57: =K57+L57 -> 30038 | N57: =I57-M57 -> 0 | O57: =M57/I57*100 -> 100 | P57: =J57-M57 -> 0 | Q57: =H57-J57 -> 0 | R57: 1103628 | S57: =G57-M57 -> 203719
F58: Жылыой | G58: 33218 | H58: =3154+3907 -> 7061 | I58: =H58 -> 7061 | J58: =M58 -> 7061 | K58: ='1.03.'!M58 -> 3154 | L58: 3907 | M58: =K58+L58 -> 7061 | N58: =I58-M58 -> 0 | O58: =M58/I58*100 -> 100 | P58: =J58-M58 -> 0 | Q58: =H58-J58 -> 0 | R58: 1103629 | S58: =G58-M58 -> 26157
F59: Индер | G59: 91657 | H59: =5815+6877 -> 12692 | I59: =H59 -> 12692 | J59: =M59 -> 12692 | K59: ='1.03.'!M59 -> 5815 | L59: 6877 | M59: =K59+L59 -> 12692 | N59: =I59-M59 -> 0 | O59: =M59/I59*100 -> 100 | P59: =J59-M59 -> 0 | Q59: =H59-J59 -> 0 | R59: 1103630 | S59: =G59-M59 -> 78965
F60: Исатай | G60: 25221 | H60: =1864+2063 -> 3927 | I60: =H60 -> 3927 | J60: =M60 -> 3927 | K60: ='1.03.'!M60 -> 1864 | L60: 2063 | M60: =K60+L60 -> 3927 | N60: =I60-M60 -> 0 | O60: =M60/I60*100 -> 100 | P60: =J60-M60 -> 0 | Q60: =H60-J60 -> 0 | R60: 1103631 | S60: =G60-M60 -> 21294
F61: Қызылқоға | G61: 55364 | H61: =4910+5242 -> 10152 | I61: =H61 -> 10152 | J61: =M61 -> 10152 | K61: ='1.03.'!M61 -> 4910 | L61: 5242 | M61: =K61+L61 -> 10152 | N61: =I61-M61 -> 0 | O61: =M61/I61*100 -> 100 | P61: =J61-M61 -> 0 | Q61: =H61-J61 -> 0 | R61: 1103632 | S61: =G61-M61 -> 45212
F62: Құрманғазы | G62: 96579 | H62: =5824+6008 -> 11832 | I62: =H62 -> 11832 | J62: =M62 -> 11832 | K62: ='1.03.'!M62 -> 5824 | L62: 6008 | M62: =K62+L62 -> 11832 | N62: =I62-M62 -> 0 | O62: =M62/I62*100 -> 100 | P62: =J62-M62 -> 0 | Q62: =H62-J62 -> 0 | R62: 1103633 | S62: =G62-M62 -> 84747
F63: Макат | G63: 33833 | H63: =2019+2264 -> 4283 | I63: =H63 -> 4283 | J63: =M63 -> 4283 | K63: ='1.03.'!M63 -> 2019 | L63: 2264 | M63: =K63+L63 -> 4283 | N63: =I63-M63 -> 0 | O63: =M63/I63*100 -> 100 | P63: =J63-M63 -> 0 | Q63: =H63-J63 -> 0 | R63: 1103634 | S63: =G63-M63 -> 29550
F64: Махамбет | G64: 45521 | H64: =2410+2633 -> 5043 | I64: =H64 -> 5043 | J64: =M64 -> 5043 | K64: ='1.03.'!M64 -> 2410 | L64: 2633 | M64: =K64+L64 -> 5043 | N64: =I64-M64 -> 0 | O64: =M64/I64*100 -> 100 | P64: =J64-M64 -> 0 | Q64: =H64-J64 -> 0 | R64: 1103635 | S64: =G64-M64 -> 40478
F65: 1 жастан 6 жасқа дейін балаларды қоса алғанда берілетін қосымша төлемдер | G65: =SUM(G66:G73) -> 111098 | H65: =SUM(H66:H73) -> 9159 | I65: =SUM(I66:I73) -> 9159 | J65: =SUM(J66:J73) -> 9159 | K65: ='1.02.'!M65 -> 0 | L65: =SUM(L66:L73) -> 4922 | M65: =SUM(M66:M73) -> 9159 | N65: =SUM(N66:N73) -> 0 | O65: =M65/I65*100 -> 100 | P65: =J65-M65 -> 0 | Q65: =H65-J65 -> 0 | R65: 1103636 | S65: =G65-M65 -> 101939
F66: Атырау қ. | G66: 38884 | H66: =1421+1689 -> 3110 | I66: =H66 -> 3110 | J66: =M66 -> 3110 | K66: ='1.03.'!M66 -> 1421 | L66: 1689 | M66: =K66+L66 -> 3110 | N66: =I66-M66 -> 0 | O66: =M66/I66*100 -> 100 | P66: =J66-M66 -> 0 | Q66: =H66-J66 -> 0 | R66: 1103637 | S66: =G66-M66 -> 35774
F67: Жылыой | G67: 7221 | H67: =238+322 -> 560 | I67: =H67 -> 560 | J67: =M67 -> 560 | K67: ='1.03.'!M67 -> 238 | L67: 322 | M67: =K67+L67 -> 560 | N67: =I67-M67 -> 0 | O67: =M67/I67*100 -> 100 | P67: =J67-M67 -> 0 | Q67: =H67-J67 -> 0 | R67: 1103638 | S67: =G67-M67 -> 6661
F68: Индер | G68: 13554 | H68: =588+692 -> 1280 | I68: =H68 -> 1280 | J68: =M68 -> 1280 | K68: ='1.03.'!M68 -> 588 | L68: 692 | M68: =K68+L68 -> 1280 | N68: =I68-M68 -> 0 | O68: =M68/I68*100 -> 100 | P68: =J68-M68 -> 0 | Q68: =H68-J68 -> 0 | R68: 1103639 | S68: =G68-M68 -> 12274
F69: Исатай | G69: 4777 | H69: =215+246 -> 461 | I69: =H69 -> 461 | J69: =M69 -> 461 | K69: ='1.03.'!M69 -> 215 | L69: 246 | M69: =K69+L69 -> 461 | N69: =I69-M69 -> 0 | O69: =M69/I69*100 -> 100 | P69: =J69-M69 -> 0 | Q69: =H69-J69 -> 0 | R69: 1103640 | S69: =G69-M69 -> 4316
F70: Қызылқоға | G70: 10999 | H70: =508+650 -> 1158 | I70: =H70 -> 1158 | J70: =M70 -> 1158 | K70: ='1.03.'!M70 -> 508 | L70: 650 | M70: =K70+L70 -> 1158 | N70: =I70-M70 -> 0 | O70: =M70/I70*100 -> 100 | P70: =J70-M70 -> 0 | Q70: =H70-J70 -> 0 | R70: 1103641 | S70: =G70-M70 -> 9841
F71: Құрманғазы | G71: 21109 | H71: =766+770 -> 1536 | I71: =H71 -> 1536 | J71: =M71 -> 1536 | K71: ='1.03.'!M71 -> 766 | L71: 770 | M71: =K71+L71 -> 1536 | N71: =I71-M71 -> 0 | O71: =M71/I71*100 -> 100 | P71: =J71-M71 -> 0 | Q71: =H71-J71 -> 0 | R71: 1103642 | S71: =G71-M71 -> 19573
F72: Макат | G72: 6554 | H72: =234+267 -> 501 | I72: =H72 -> 501 | J72: =M72 -> 501 | K72: ='1.03.'!M72 -> 234 | L72: 267 | M72: =K72+L72 -> 501 | N72: =I72-M72 -> 0 | O72: =M72/I72*100 -> 100 | P72: =J72-M72 -> 0 | Q72: =H72-J72 -> 0 | R72: 1103643 | S72: =G72-M72 -> 6053
F73: Махамбет | G73: 8000 | H73: =267+286 -> 553 | I73: =H73 -> 553 | J73: =M73 -> 553 | K73: ='1.03.'!M73 -> 267 | L73: 286 | M73: =K73+L73 -> 553 | N73: =I73-M73 -> 0 | O73: =M73/I73*100 -> 100 | P73: =J73-M73 -> 0 | Q73: =H73-J73 -> 0 | R73: 1103644 | S73: =G73-M73 -> 7447
F74: Күрделі жөндеу | G74: =SUM(G75:G82) -> 314536 | H74: =SUM(H75:H82) -> 314536 | I74: =SUM(I75:I82) -> 244478 | J74: =SUM(J75:J82) -> 244478 | K74: ='1.02.'!M74 -> 125000 | L74: =SUM(L75:L82) -> 119478 | M74: =SUM(M75:M82) -> 244478 | N74: =SUM(N75:N82) -> 0 | O74: =SUM(O75:O82) -> #DIV/0! | P74: =J74-M74 -> 0 | Q74: =H74-J74 -> 70058 | R74: 1103645 | S74: =G74-M74 -> 70058
F75: Атырау қ. | J75: =M75 -> 0 | K75: ='1.03.'!M75 -> 0 | M75: =K75+L75 -> 0 | N75: =I75-M75 -> 0 | O75: =M75/I75*100 -> #DIV/0! | P75: =J75-M75 -> 0 | Q75: =H75-J75 -> 0 | R75: 1103646 | S75: =G75-M75 -> 0
F76: Жылыой | J76: =M76 -> 0 | K76: ='1.03.'!M76 -> 0 | M76: =K76+L76 -> 0 | N76: =I76-M76 -> 0 | O76: =M76/I76*100 -> #DIV/0! | P76: =J76-M76 -> 0 | Q76: =H76-J76 -> 0 | R76: 1103647 | S76: =G76-M76 -> 0
F77: Индер | J77: =M77 -> 0 | K77: ='1.03.'!M77 -> 0 | M77: =K77+L77 -> 0 | N77: =I77-M77 -> 0 | O77: =M77/I77*100 -> #DIV/0! | P77: =J77-M77 -> 0 | Q77: =H77-J77 -> 0 | R77: 1103648 | S77: =G77-M77 -> 0
F78: Исатай | J78: =M78 -> 0 | K78: ='1.03.'!M78 -> 0 | M78: =K78+L78 -> 0 | N78: =I78-M78 -> 0 | O78: =M78/I78*100 -> #DIV/0! | P78: =J78-M78 -> 0 | Q78: =H78-J78 -> 0 | R78: 1103649 | S78: =G78-M78 -> 0
F79: Қызылқоға | J79: =M79 -> 0 | K79: ='1.03.'!M79 -> 0 | M79: =K79+L79 -> 0 | N79: =I79-M79 -> 0 | O79: =M79/I79*100 -> #DIV/0! | P79: =J79-M79 -> 0 | Q79: =H79-J79 -> 0 | R79: 1103650 | S79: =G79-M79 -> 0
F80: Құрманғазы | J80: =M80 -> 0 | K80: ='1.03.'!M80 -> 0 | M80: =K80+L80 -> 0 | N80: =I80-M80 -> 0 | O80: =M80/I80*100 -> #DIV/0! | P80: =J80-M80 -> 0 | Q80: =H80-J80 -> 0 | R80: 1103651 | S80: =G80-M80 -> 0
F81: Макат | G81: 314536 | H81: 314536 | I81: =125000+119478 -> 244478 | J81: =M81 -> 244478 | K81: ='1.03.'!M81 -> 125000 | L81: 119478 | M81: =K81+L81 -> 244478 | N81: =I81-M81 -> 0 | O81: =M81/I81*100 -> 100 | P81: =J81-M81 -> 0 | Q81: =H81-J81 -> 70058 | R81: 1103652 | S81: =G81-M81 -> 70058
F82: Махамбет | J82: =M82 -> 0 | K82: ='1.03.'!M82 -> 0 | M82: =K82+L82 -> 0 | N82: =I82-M82 -> 0 | O82: =M82/I82*100 -> #DIV/0! | P82: =J82-M82 -> 0 | Q82: =H82-J82 -> 0 | R82: 1103653 | S82: =G82-M82 -> 0
F83: Мүгедектігі бар адамдарды техникалық көмекші құралдармен және арнаулы жүріп тұру құралдармен қамтамасыз ету | G83: =SUM(G84:G91) -> 293942 | H83: =SUM(H84:H91) -> 64601 | I83: =SUM(I84:I91) -> 64601 | J83: =SUM(J84:J91) -> 64601 | K83: ='1.02.'!M83 -> 0 | L83: =SUM(L84:L91) -> 29803 | M83: =SUM(M84:M91) -> 64601 | N83: =SUM(N84:N91) -> 0 | O83: =SUM(O84:O91) -> 800 | P83: =J83-M83 -> 0 | Q83: =H83-J83 -> 0 | R83: 1103654 | S83: =G83-M83 -> 229341
F84: Атырау қ. | G84: 188942 | H84: =20908+10000 -> 30908 | I84: =H84 -> 30908 | J84: =M84 -> 30908 | K84: ='1.03.'!M84 -> 20908 | L84: 10000 | M84: =K84+L84 -> 30908 | N84: =I84-M84 -> 0 | O84: =M84/I84*100 -> 100 | P84: =J84-M84 -> 0 | Q84: =H84-J84 -> 0 | R84: 1103655 | S84: =G84-M84 -> 158034
F85: Жылыой | G85: 15000 | H85: 6986 | I85: =H85 -> 6986 | J85: =M85 -> 6986 | K85: ='1.03.'!M85 -> 0 | L85: 6986 | M85: =K85+L85 -> 6986 | N85: =I85-M85 -> 0 | O85: =M85/I85*100 -> 100 | P85: =J85-M85 -> 0 | Q85: =H85-J85 -> 0 | R85: 1103656 | S85: =G85-M85 -> 8014
F86: Индер | G86: 15000 | H86: =3950+6105 -> 10055 | I86: =H86 -> 10055 | J86: =M86 -> 10055 | K86: ='1.03.'!M86 -> 3950 | L86: 6105 | M86: =K86+L86 -> 10055 | N86: =I86-M86 -> 0 | O86: =M86/I86*100 -> 100 | P86: =J86-M86 -> 0 | Q86: =H86-J86 -> 0 | R86: 1103657 | S86: =G86-M86 -> 4945
F87: Исатай | G87: 15000 | H87: 1000 | I87: =H87 -> 1000 | J87: =M87 -> 1000 | K87: ='1.03.'!M87 -> 0 | L87: 1000 | M87: =K87+L87 -> 1000 | N87: =I87-M87 -> 0 | O87: =M87/I87*100 -> 100 | P87: =J87-M87 -> 0 | Q87: =H87-J87 -> 0 | R87: 1103658 | S87: =G87-M87 -> 14000
F88: Қызылқоға | G88: 15000 | H88: =2500+1250 -> 3750 | I88: =H88 -> 3750 | J88: =M88 -> 3750 | K88: ='1.03.'!M88 -> 2500 | L88: 1250 | M88: =K88+L88 -> 3750 | N88: =I88-M88 -> 0 | O88: =M88/I88*100 -> 100 | P88: =J88-M88 -> 0 | Q88: =H88-J88 -> 0 | R88: 1103659 | S88: =G88-M88 -> 11250
F89: Құрманғазы | G89: 15000 | H89: 5000 | I89: =H89 -> 5000 | J89: =M89 -> 5000 | K89: ='1.03.'!M89 -> 5000 | M89: =K89+L89 -> 5000 | N89: =I89-M89 -> 0 | O89: =M89/I89*100 -> 100 | P89: =J89-M89 -> 0 | Q89: =H89-J89 -> 0 | R89: 1103660 | S89: =G89-M89 -> 10000
F90: Макат | G90: 15000 | H90: =1000+1000 -> 2000 | I90: =H90 -> 2000 | J90: =M90 -> 2000 | K90: ='1.03.'!M90 -> 1000 | L90: 1000 | M90: =K90+L90 -> 2000 | N90: =I90-M90 -> 0 | O90: =M90/I90*100 -> 100 | P90: =J90-M90 -> 0 | Q90: =H90-J90 -> 0 | R90: 1103661 | S90: =G90-M90 -> 13000
F91: Махамбет | G91: 15000 | H91: =1440+3462 -> 4902 | I91: =H91 -> 4902 | J91: =M91 -> 4902 | K91: ='1.03.'!M91 -> 1440 | L91: 3462 | M91: =K91+L91 -> 4902 | N91: =I91-M91 -> 0 | O91: =M91/I91*100 -> 100 | P91: =J91-M91 -> 0 | Q91: =H91-J91 -> 0 | R91: 1103662 | S91: =G91-M91 -> 10098
F92: Протездік - ортопедиялық көмекпен қамтамасыз ету | G92: =SUM(G93:G100) -> 130000 | H92: =SUM(H93:H100) -> 0 | I92: =SUM(I93:I100) -> 0 | J92: =SUM(J93:J100) -> 0 | K92: ='1.02.'!M92 -> 0 | L92: =SUM(L93:L100) -> 0 | M92: =SUM(M93:M100) -> 0 | N92: =SUM(N93:N100) -> 0 | O92: =SUM(O93:O100) -> #DIV/0! | P92: =J92-M92 -> 0 | Q92: =H92-J92 -> 0 | R92: 1103654 | S92: =G92-M92 -> 130000
F93: Атырау қ. | G93: 86229 | J93: =M93 -> 0 | M93: =K93+L93 -> 0 | N93: =I93-M93 -> 0 | O93: =M93/I93*100 -> #DIV/0! | P93: =J93-M93 -> 0 | Q93: =H93-J93 -> 0 | R93: 1103655 | S93: =G93-M93 -> 86229
F94: Жылыой | G94: 4898 | J94: =M94 -> 0 | M94: =K94+L94 -> 0 | N94: =I94-M94 -> 0 | O94: =M94/I94*100 -> #DIV/0! | P94: =J94-M94 -> 0 | Q94: =H94-J94 -> 0 | R94: 1103656 | S94: =G94-M94 -> 4898
F95: Индер | G95: 3290 | J95: =M95 -> 0 | M95: =K95+L95 -> 0 | N95: =I95-M95 -> 0 | O95: =M95/I95*100 -> #DIV/0! | P95: =J95-M95 -> 0 | Q95: =H95-J95 -> 0 | R95: 1103657 | S95: =G95-M95 -> 3290
F96: Исатай | G96: 3918 | J96: =M96 -> 0 | M96: =K96+L96 -> 0 | N96: =I96-M96 -> 0 | O96: =M96/I96*100 -> #DIV/0! | P96: =J96-M96 -> 0 | Q96: =H96-J96 -> 0 | R96: 1103658 | S96: =G96-M96 -> 3918
F97: Қызылқоға | G97: 4017 | J97: =M97 -> 0 | M97: =K97+L97 -> 0 | N97: =I97-M97 -> 0 | O97: =M97/I97*100 -> #DIV/0! | P97: =J97-M97 -> 0 | Q97: =H97-J97 -> 0 | R97: 1103659 | S97: =G97-M97 -> 4017
F98: Құрманғазы | G98: 12606 | J98: =M98 -> 0 | M98: =K98+L98 -> 0 | N98: =I98-M98 -> 0 | O98: =M98/I98*100 -> #DIV/0! | P98: =J98-M98 -> 0 | Q98: =H98-J98 -> 0 | R98: 1103660 | S98: =G98-M98 -> 12606
F99: Макат | G99: 9417 | J99: =M99 -> 0 | M99: =K99+L99 -> 0 | N99: =I99-M99 -> 0 | O99: =M99/I99*100 -> #DIV/0! | P99: =J99-M99 -> 0 | Q99: =H99-J99 -> 0 | R99: 1103661 | S99: =G99-M99 -> 9417
F100: Махамбет | G100: 5625 | J100: =M100 -> 0 | M100: =K100+L100 -> 0 | N100: =I100-M100 -> 0 | O100: =M100/I100*100 -> #DIV/0! | P100: =J100-M100 -> 0 | Q100: =H100-J100 -> 0 | R100: 1103662 | S100: =G100-M100 -> 5625
C101: 053 | F101: Кохлеарлық импланттарға дәлдеп сөйлеу процессорларын ауыстыру және келтіру бойынша қызмет көрсету | G101: =G102 -> 200616 | H101: =H102 -> 0 | I101: =I102 -> 0 | J101: =J102 -> 0 | K101: ='1.02.'!M92 -> 0 | L101: =L102 -> 0 | M101: =M102 -> 0 | N101: =N102 -> 0 | O101: =M101/I101*100 -> #DIV/0! | P101: =J101-M101 -> 0 | Q101: =H101-J101 -> 0 | R101: 1103663 | S101: =G101-M101 -> 200616 | T101: =G101-J101 -> 200616
...

Sheet 1.05.
F1: 2026 жылғы сәуір айына арналған талдау
A3: Әкім шісі | B3: ММ коды | C3: Бағдарлама | D3: Кіші бағда лама | E3: Ерекшілік | F3: Шығыстардың атауы | G3: 2026 жылға арналған қаржы жоспары | H3: Жыл басынан бастап қаржыландыру жоспары | J3: Жыл басынан бері қабылданған міндеттемелердің жалпы сомасы | K3: Орындалған міндеттемелер | N3: 30.02.2026 қалдық | O3: % игерілуі | P3: Өтелмеген қабылданған міндеттемелер | Q3: Жвл басынан берң қабылданбаған міндеттемелер көлемі (міндеттемелер жоспарына қатысты қалған қаражат) | R3: ожидаемое освоение до конца года | S3: Жоспардан ауытқу , орындалудың күтілімі
H4: міндеттемелер | I4: төлемдер | K4: Бұрын төленген айлар | L4: ғымдағы ай үшін | M4: Жыл басынан бері
A5: 256 | F5: Облыстың жұмыспен қамтуды үйлестіру және әлеуметтік бағдарламалар басқармасы | G5: =G6+G108+G129+G152+G179+G203+G227+G277 -> 17032809 | H5: =H6+H108+H129+H152+H179+H203+H227+H277 -> 4047913.9 | I5: =I6+I108+I129+I152+I179+I203+I227+I277 -> 3342750.9 | J5: =J6+J108+J129+J152+J179+J203+J227+J277 -> 3896181.6 | K5: =K6+K108+K129+K152+K179+K203+K227+K277 -> 609671.73 | L5: =L6+L108+L129+L152+L179+L203+L227+L277 -> 946222.48 | M5: =M6+M108+M129+M152+M179+M203+M227+M277 -> 3307305.1 | N5: =N6+N108+N129+N152+N179+N203+N227+N277 -> 35445.849 | O5: =M5/I5*100 -> 98.93962 | P5: =J5-M5 -> 588876.52 | Q5: =H5-J5 -> 151732.33 | R5: 1103576 | S5: =G5-M5 -> 13725504
B6: 1261 | F6: "Жұмыспен қамтуды үйлестіру және бюджеттік бағдарламалар басқармасы" ММ | G6: =G7+G13+G34+G38+G41+G44+G101+G105 -> 5070963 | H6: =H7+H13+H34+H38+H41+H44+H101+H105 -> 1147960.1 | I6: =I7+I13+I34+I38+I41+I44+I101+I105 -> 1061593.6 | J6: =J7+J13+J34+J38+J41+J44+J101+J105 -> 1070951.3 | K6: ='1.02.'!M6 -> 305263.96 | L6: =L7+L13+L34+L38+L41+L44+L101+L105 -> 242355.93 | M6: =M7+M13+M34+M38+M41+M44+M101+M105 -> 1055182.9 | N6: =N7+N13+N34+N38+N41+N44+N101+N105 -> 6410.6927 | O6: =M6/I6*100 -> 99.396126 | P6: =J6-M6 -> 15768.356 | Q6: =H6-J6 -> 77008.837 | R6: 1103577 | S6: =G6-M6 -> 4015780.1
C7: 003 | F7: Мүгедектігі бар адамдарға әлеуметтік қолдау | G7: =G8+G10 -> 2050255 | H7: =H8+H10 -> 445184.5 | I7: =I8+I10 -> 444629.5 | J7: =J8+J10 -> 444578.31 | K7: ='1.02.'!M7 -> 164988.71 | L7: =L8+L10 -> 108713.91 | M7: =M8+M10 -> 444578.31 | N7: =N8+N10 -> 51.18771 | O7: =M7/I7*100 -> 99.988488 | P7: =J7-M7 -> 0 | Q7: =H7-J7 -> 606.18771 | R7: 1103578 | S7: =G7-M7 -> 1605676.7
D8: 102 | F8: Мүгедектігі бар адамды оңалтудың жеке бағдарламасына сәйкес мүгедектігі бар адамдардың және мүгедектігі бар балалардың санаторлық-курорттық емделуін қамтамасыз ету | G8: =G9 -> 2014974 | H8: =H9 -> 418765 | I8: =I9 -> 418765 | J8: =J9 -> 418713.91 | K8: ='1.02.'!M8 -> 150000 | L8: =L9 -> 108713.91 | M8: =M9 -> 418713.91 | N8: =N9 -> 51.09392 | O8: =M8/I8*100 -> 99.987799 | P8: =J8-M8 -> 0 | Q8: =H8-J8 -> 51.09392 | R8: 1103579 | S8: =G8-M8 -> 1596260.1
E9: 322 | F9: Жеке тұлғаларға берілетін трансферттер | G9: 2014974 | H9: 418765 | I9: 418765 | J9: =M9 -> 418713.91 | K9: ='1.04.'!M9 -> 310000 | L9: 108713.91 | M9: =K9+L9 -> 418713.91 | N9: =I9-M9 -> 51.09392 | O9: =M9/I9*100 -> 99.987799 | P9: =J9-M9 -> 0 | Q9: =H9-J9 -> 51.09392 | R9: 1103580 | S9: =G9-M9 -> 1596260.1 | T9: =G9-J9 -> 1596260.1
D10: 106 | F10: Протездеу,үйрету жөнінде медициналық қызметтер көрсету протездік-ортопедиялық құралдарымен және оларды пайдалануды қамтамасыз ету | G10: =G11+G12 -> 35281 | H10: =H11+H12 -> 26419.5 | I10: =I11+I12 -> 25864.5 | J10: =J11+J12 -> 25864.406 | K10: ='1.02.'!M10 -> 14988.708 | L10: =L11+L12 -> 0 | M10: =M11+M12 -> 25864.406 | N10: =N11+N12 -> 0.09379 | O10: =M10/I10*100 -> 99.999637 | P10: =J10-M10 -> 0 | Q10: =H10-J10 -> 555.09379 | R10: 1103581 | S10: =G10-M10 -> 9416.5938 | T10: =G10-J10 -> 9416.5938
E11: 159 | F11: Өзге де қызметтер мен жұмыстарға ақы төлеу | G11: 1745 | H11: 1745 | I11: 1190 | J11: 1190 | K11: ='1.04.'!M11 -> 1190 | M11: =K11+L11 -> 1190 | N11: =I11-M11 -> 0 | O11: =M11/I11*100 -> 100 | P11: =J11-M11 -> 0 | Q11: =H11-J11 -> 555 | R11: 1103582 | S11: =G11-M11 -> 555 | T11: =G11-J11 -> 555
E12: 322 | F12: Жеке тұлғаларға берілетін трансферттер | G12: =163536-130000 -> 33536 | H12: 24674.5 | I12: 24674.5 | J12: =M12 -> 24674.406 | K12: ='1.04.'!M12 -> 24674.406 | M12: =K12+L12 -> 24674.406 | N12: =I12-M12 -> 0.09379 | O12: =M12/I12*100 -> 99.99962 | P12: =J12-M12 -> 0 | Q12: =H12-J12 -> 0.09379 | R12: 1103583 | S12: =G12-M12 -> 8861.5938 | T12: =G12-J12 -> 8861.5938
C13: 001 | F13: Жергілікті деңгейде жұмыспен қамтуды қамтамасыз ету және халық үшін әлеуметтік бағдарламаларды іске асыру саласында мемлекеттік саясатты іске асыру жөніндегі қызметтер | G13: =G14 -> 260651 | H13: =H14 -> 104035.9 | I13: =I14 -> 98325.7 | J13: =J14 -> 103327.95 | K13: ='1.02.'!M13 -> 15275.257 | L13: =L14 -> 26190.507 | M13: =M14 -> 97602.895 | N13: =N14 -> 722.805 | O13: =M13/I13*100 -> 99.264887 | P13: =J13-M13 -> 5725.0561 | Q13: =H13-J13 -> 707.94887 | R13: 1103584 | S13: =G13-M13 -> 163048.11 | T13: =G13-J13 -> 157323.05
D14: 015 | F14: Жергілікті бюджет қаражаты есебінен | G14: =SUM(G15:G33) -> 260651 | H14: =SUM(H15:H33) -> 104035.9 | I14: =SUM(I15:I33) -> 98325.7 | J14: =SUM(J15:J33) -> 103327.95 | K14: =SUM(K15:K33) -> 71412.388 | L14: =SUM(L15:L33) -> 26190.507 | M14: =SUM(M15:M33) -> 97602.895 | N14: =SUM(N15:N33) -> 722.805 | O14: =M14/I14*100 -> 99.264887 | P14: =J14-M14 -> 5725.0561 | Q14: =H14-J14 -> 707.94887 | R14: 1103585 | S14: =G14-M14 -> 163048.11 | T14: =G14-J14 -> 157323.05
E15: 111 | F15: Еңбек ақы | G15: =121539-1020 -> 120519 | H15: 38980 | I15: 38980 | J15: =M15 -> 38980 | K15: ='1.04.'!M15 -> 30000 | L15: 8980 | M15: =K15+L15 -> 38980 | N15: =I15-M15 -> 0 | O15: =M15/I15*100 -> 100 | P15: =J15-M15 -> 0 | Q15: =H15-J15 -> 0 | R15: 1103586 | S15: =G15-M15 -> 81539 | T15: =G15-J15 -> 81539
E16: 112 | F16: Қосымша ақшалай төлімдер | G16: =17318+7540 -> 24858 | H16: 24858 | I16: 24858 | J16: =M16 -> 24154.877 | K16: ='1.04.'!M16 -> 15907.551 | L16: 8247.326 | M16: =K16+L16 -> 24154.877 | N16: =I16-M16 -> 703.123 | O16: =M16/I16*100 -> 97.171442 | P16: =J16-M16 -> 0 | Q16: =H16-J16 -> 703.123 | R16: 1103587 | S16: =G16-M16 -> 703.123 | T16: =G16-J16 -> 703.123
E17: 113 | F17: Өтемақы төлемдері | G17: 20256 | H17: 6101.2 | I17: 6101.2 | J17: =M17 -> 6101.114 | K17: ='1.04.'!M17 -> 6101.114 | M17: =K17+L17 -> 6101.114 | N17: =I17-M17 -> 0.086 | O17: =M17/I17*100 -> 99.99859 | P17: =J17-M17 -> 0 | Q17: =H17-J17 -> 0.086 | R17: 1103588 | S17: =G17-M17 -> 14154.886 | T17: =G17-J17 -> 14154.886
E18: 116 | F18: Жұмыс берушінің міндетті зейнетақы жарналары | G18: =4860-300 -> 4560 | H18: 1710 | I18: 1710 | J18: =M18 -> 1710 | K18: ='1.04.'!M18 -> 1230.698 | L18: 479.302 | M18: =K18+L18 -> 1710 | N18: =I18-M18 -> 0 | O18: =M18/I18*100 -> 100 | P18: =J18-M18 -> 0 | Q18: =H18-J18 -> 0 | R18: 1103589 | S18: =G18-M18 -> 2850 | T18: =G18-J18 -> 2850
E19: 121 | F19: Әлеуметтік салық | G19: 8331 | H19: 3264 | I19: 3264 | J19: =M19 -> 3264 | K19: ='1.04.'!M19 -> 2736 | L19: 528 | M19: =K19+L19 -> 3264 | N19: =I19-M19 -> 0 | O19: =M19/I19*100 -> 100 | P19: =J19-M19 -> 0 | Q19: =H19-J19 -> 0 | R19: 1103590 | S19: =G19-M19 -> 5067 | T19: =G19-J19 -> 5067
E20: 122 | F20: Мемлекеттік әлеуметтік сақтандыру қорына әлеуметтік аударымдар | G20: =6943-520 -> 6423 | H20: 2323 | I20: 2323 | J20: =M20 -> 2319.431 | K20: ='1.04.'!M20 -> 1664.937 | L20: 654.494 | M20: =K20+L20 -> 2319.431 | N20: =I20-M20 -> 3.569 | O20: =M20/I20*100 -> 99.846362 | P20: =J20-M20 -> 0 | Q20: =H20-J20 -> 3.569 | R20: 1103591 | S20: =G20-M20 -> 4103.569 | T20: =G20-J20 -> 4103.569
E21: 123 | F21: Міндетті сақтандыру жарналары | G21: 63 | J21: =M21 -> 0 | K21: ='1.04.'!M21 -> 0 | M21: =K21+L21 -> 0 | N21: =I21-M21 -> 0 | O21: =M21/I21*100 -> #DIV/0! | P21: =J21-M21 -> 0 | Q21: =H21-J21 -> 0 | R21: 1103592 | S21: =G21-M21 -> 63 | T21: =G21-J21 -> 63
E22: 124 | F22: Міндетті әлеуметтік медициналық сақтандыруға аударымдар | G22: =4166-200 -> 3966 | H22: 1520 | I22: 1520 | J22: =M22 -> 1519.006 | K22: ='1.04.'!M22 -> 1083.637 | L22: 435.369 | M22: =K22+L22 -> 1519.006 | N22: =I22-M22 -> 0.994 | O22: =M22/I22*100 -> 99.934605 | P22: =J22-M22 -> 0 | Q22: =H22-J22 -> 0.994 | R22: 1103593 | S22: =G22-M22 -> 2446.994 | T22: =G22-J22 -> 2446.994
E23: 131 | F23: Техникалық персоналдың еңбегіне ақы төлеу | G23: 19333 | H23: 6018 | I23: 6018 | J23: =M23 -> 6018 | K23: ='1.04.'!M23 -> 3600 | L23: 2418 | M23: =K23+L23 -> 6018 | N23: =I23-M23 -> 0 | O23: =M23/I23*100 -> 100 | P23: =J23-M23 -> 0 | Q23: =H23-J23 -> 0 | R23: 1103594 | S23: =G23-M23 -> 13315 | T23: =G23-J23 -> 13315
E24: 135 | F24: Техникалық персонал бойынша жұмыс берушілердің жарналары | G24: 3129 | H24: 749 | I24: 749 | J24: =M24 -> 749 | K24: ='1.04.'!M24 -> 405 | L24: 344 | M24: =K24+L24 -> 749 | N24: =I24-M24 -> 0 | O24: =M24/I24*100 -> 100 | P24: =J24-M24 -> 0 | Q24: =H24-J24 -> 0 | R24: 1103595 | S24: =G24-M24 -> 2380 | T24: =G24-J24 -> 2380
E25: 136 | F25: Техникалық персоналдың ел ішіндегі іс сапарлары мен қызметтік сапарлары | J25: =M25 -> 0 | K25: ='1.04.'!M25 -> 0 | M25: =K25+L25 -> 0 | N25: =I25-M25 -> 0 | O25: =M25/I25*100 -> #DIV/0! | P25: =J25-M25 -> 0 | Q25: =H25-J25 -> 0 | R25: 1103596 | S25: =G25-M25 -> 0 | T25: =G25-J25 -> 0
E26: 144 | F26: Отын, жанар-жағар май материалдарын сатып алу | G26: 2075 | H26: 2075 | I26: 2075 | J26: 2074.9986 | K26: ='1.04.'!M26 -> 0 | L26: 2074.9986 | M26: =K26+L26 -> 2074.9986 | N26: =I26-M26 -> 0.00144 | O26: =M26/I26*100 -> 99.999931 | P26: =J26-M26 -> 0 | Q26: =H26-J26 -> 0.00144 | R26: 1103597 | S26: =G26-M26 -> 0.00144 | T26: =G26-J26 -> 0.00144
E27: 149 | F27: Өзге де қорларды сатып алу | G27: 4170 | H27: 154.2 | I27: 154.2 | J27: =M27 -> 154.1404 | K27: ='1.04.'!M27 -> 33.696 | L27: 120.4444 | M27: =K27+L27 -> 154.1404 | N27: =I27-M27 -> 0.0596 | O27: =M27/I27*100 -> 99.961349 | P27: =J27-M27 -> 0 | Q27: =H27-J27 -> 0.0596 | R27: 1103598 | S27: =G27-M27 -> 4015.8596 | T27: =G27-J27 -> 4015.8596
E28: 151 | F28: Коммуналдық қызметтерге ақы төлеу | G28: 10733 | H28: 5396 | I28: 5396 | J28: =M28 -> 5395.9698 | K28: ='1.04.'!M28 -> 4166.8388 | L28: 1229.131 | M28: =K28+L28 -> 5395.9698 | N28: =I28-M28 -> 0.03018 | O28: =M28/I28*100 -> 99.999441 | P28: =J28-M28 -> 0 | Q28: =H28-J28 -> 0.03018 | R28: 1103599 | S28: =G28-M28 -> 5337.0302 | T28: =G28-J28 -> 5337.0302
E29: 152 | F29: Байланыс қызметтерiне ақы төлеу | G29: 7302 | H29: 5416.5 | I29: 1176 | J29: 5416.4144 | K29: ='1.04.'!M29 -> 774.08287 | L29: 399.40225 | M29: =K29+L29 -> 1173.4851 | N29: =I29-M29 -> 2.51488 | O29: =M29/I29*100 -> 99.78615 | P29: =J29-M29 -> 4242.9292 | Q29: =H29-J29 -> 0.08564 | R29: 1103600 | S29: =G29-M29 -> 6128.5149 | T29: =G29-J29 -> 1885.5856
E30: 158 | F30: Ақпараттандыру саласындағы жұмыстар мен қызметтерге ақы төлеу | G30: 730 | H30: 730 | I30: 244 | J30: 730 | K30: ='1.04.'!M30 -> 182.499 | L30: 60.833 | M30: =K30+L30 -> 243.332 | N30: =I30-M30 -> 0.668 | O30: =M30/I30*100 -> 99.72623 | P30: =J30-M30 -> 486.668 | Q30: =H30-J30 -> 0 | R30: 1103601 | S30: =G30-M30 -> 486.668 | T30: =G30-J30 -> 0
E31: 159 | F31: Өзге де қызметтер мен жұмыстарға ақы төлеу | G31: =2649+450 -> 3099 | H31: 2291 | I31: 1307.3 | J31: 2291 | K31: ='1.04.'!M31 -> 1266.2705 | L31: 29.27055 | M31: =K31+L31 -> 1295.5411 | N31: =I31-M31 -> 11.7589 | O31: =M31/I31*100 -> 99.10052 | P31: =J31-M31 -> 995.45889 | Q31: =H31-J31 -> 1e-05 | R31: 1103602 | S31: =G31-M31 -> 1803.4589 | T31: =G31-J31 -> 808.00001
E32: 161 | F32: Ел iшiндегi iссапарлар мен қызметтiк сапарлар | G32: =27054-450-5500 -> 21104 | H32: 2450 | I32: 2450 | J32: =M32 -> 2450 | K32: ='1.04.'!M32 -> 2260.064 | L32: 189.936 | M32: =K32+L32 -> 2450 | N32: =I32-M32 -> 0 | O32: =M32/I32*100 -> 100 | P32: =J32-M32 -> 0 | Q32: =H32-J32 -> 0 | R32: 1103603 | S32: =G32-M32 -> 18654 | T32: =G32-J32 -> 18654
E33: 169 | F33: Өзге де ағымдағы шығындар | J33: =M33 -> 0 | K33: ='1.04.'!M33 -> 0 | M33: =K33+L33 -> 0 | N33: =I33-M33 -> 0 | O33: =M33/I33*100 -> #DIV/0! | P33: =J33-M33 -> 0 | Q33: =H33-J33 -> 0 | R33: 1103604 | S33: =G33-M33 -> 0 | T33: =G33-J33 -> 0
C34: 007 | F34: Капитальные расходы государственных органов | G34: =G35+G36+G37 -> 0 | H34: =H35+H36+H37 -> 0 | I34: =I35+I36+I37 -> 0 | J34: =J35+J36+J37 -> 0 | K34: ='1.04.'!M34 -> 0 | L34: =L35+L36+L37 -> 0 | M34: =M35+M36+M37 -> 0 | N34: =N35+N36+N37 -> 0 | O34: =M34/I34*100 -> #DIV/0! | P34: =J34-M34 -> 0 | Q34: =H34-J34 -> 0 | R34: 1103605 | S34: =G34-M34 -> 0 | T34: =G34-J34 -> 0
E35: 413 | F35: Пробретение транспортных средств | K35: ='1.04.'!M35 -> 0 | M35: =K35+L35 -> 0 | O35: =M35/I35*100 -> #DIV/0! | P35: =J35-M35 -> 0 | Q35: =H35-J35 -> 0 | R35: 1103606 | S35: =G35-M35 -> 0 | T35: =G35-J35 -> 0
E36: 414 | F36: Приобретение машин оборудование, инструментов, производственного и хозяйственного инвентаря | J36: =M36 -> 0 | K36: ='1.04.'!M36 -> 0 | M36: =K36+L36 -> 0 | N36: =I36-M36 -> 0 | O36: =M36/I36*100 -> #DIV/0! | P36: =J36-M36 -> 0 | Q36: =H36-J36 -> 0 | R36: 1103607 | S36: =G36-M36 -> 0 | T36: =G36-J36 -> 0
E37: 419 | F37: Приобретение прочих основных средств | J37: =M37 -> 0 | K37: ='1.04.'!M37 -> 0 | M37: =K37+L37 -> 0 | N37: =I37-M37 -> 0 | O37: =M37/I37*100 -> #DIV/0! | P37: =J37-M37 -> 0 | Q37: =H37-J37 -> 0 | R37: 1103608 | S37: =G37-M37 -> 0
C38: 018 | F38: Үкіметтік емес ұйымдарда мемлекеттік әлеуметтік тапсырысты орналастыру | G38: =G39 -> 10400 | H38: =H39 -> 0 | I38: =I39 -> 0 | J38: =J39 -> 0 | K38: ='1.02.'!M38 -> 0 | L38: =L39 -> 0 | M38: =M39 -> 0 | N38: =N39 -> 0 | O38: =M38/I38*100 -> #DIV/0! | P38: =J38-M38 -> 0 | Q38: =H38-J38 -> 0 | R38: 1103609 | S38: =G38-M38 -> 10400 | T38: =G38-J38 -> 10400
D39: 000 | G39: =G40 -> 10400 | H39: =H40 -> 0 | I39: =I40 -> 0 | J39: =J40 -> 0 | K39: ='1.02.'!M39 -> 0 | M39: =M40 -> 0 | N39: =N40 -> 0 | O39: =M39/I39*100 -> #DIV/0! | P39: =J39-M39 -> 0 | Q39: =H39-J39 -> 0 | R39: 1103610 | S39: =G39-M39 -> 10400 | T39: =G39-J39 -> 10400
E40: 155 | F40: Мемлекеттік әлеуметтік тапсырыс шеңберінде көрсетілетін қызметтерге ақы төлеу | G40: 10400 | H40: 0 | I40: 0 | J40: =M40 -> 0 | K40: ='1.02.'!M40 -> 0 | M40: =K40+L40 -> 0 | N40: =I40-M40 -> 0 | O40: =M40/I40*100 -> #DIV/0! | P40: =J40-M40 -> 0 | Q40: =H40-J40 -> 0 | R40: 1103611 | S40: =G40-M40 -> 10400 | T40: =G40-J40 -> 10400
C41: 031 | F41: Жергілікті атқарушы органдар төлейтін міндетті әлеуметтік медициналық сақтандыруға мемлекеттің жарналарына әлеуметтік медициналық сақтандыру қорына берілетін трансферттер | G41: =G42 -> 1064315 | H41: =H42 -> 5636.7 | I41: =I42 -> 5636.7 | J41: =J42 -> 0 | K41: ='1.02.'!M41 -> 0 | M41: =M42 -> 0 | N41: =N42 -> 5636.7 | O41: =M41/I41*100 -> 0 | P41: =J41-M41 -> 0 | Q41: =H41-J41 -> 5636.7 | R41: 1103612 | S41: =G41-M41 -> 1064315
D42: 000 | G42: =G43 -> 1064315 | H42: =H43 -> 5636.7 | I42: =I43 -> 5636.7 | J42: =J43 -> 0 | K42: ='1.02.'!M42 -> 0 | M42: =M43 -> 0 | N42: =N43 -> 5636.7 | O42: =M42/I42*100 -> 0 | P42: =J42-M42 -> 0 | Q42: =H42-J42 -> 5636.7 | R42: 1103613 | S42: =G42-M42 -> 1064315
E43: 361 | F43: Заңды тұлғаларға трансферттерге арналған шығыстарды есептеу | G43: 1064315 | H43: 5636.7 | I43: 5636.7 | J43: =M43 -> 0 | K43: ='1.02.'!M43 -> 0 | M43: =K43+L43 -> 0 | N43: =I43-M43 -> 5636.7 | O43: =M43/I43*100 -> 0 | P43: =J43-M43 -> 0 | Q43: =H43-J43 -> 5636.7 | R43: 1103614 | S43: =G43-M43 -> 1064315
C44: 113 | F44: Төменгі тұрған бюджеттерге берілетін нысаналы ағымдағы трансферттер | G44: =G45 -> 1464726 | H44: =H45 -> 579713 | I44: =I45 -> 509655 | J44: =J45 -> 509655 | K44: ='1.02.'!M44 -> 125000 | L44: =L45 -> 106389 | M44: =M45 -> 509655 | N44: =N45 -> 0 | O44: =M44/I44*100 -> 100 | P44: =J44-M44 -> 0 | Q44: =H44-J44 -> 70058 | R44: 1103615 | S44: =G44-M44 -> 955071 | T44: =G44-J44 -> 955071
D45: 015 | F45: Жергілікті бюджет қаражаты есебінен | G45: =G46 -> 1464726 | H45: =H46 -> 579713 | I45: =I46 -> 509655 | J45: =J46 -> 509655 | K45: ='1.02.'!M45 -> 125000 | L45: =L46 -> 106389 | M45: =M46 -> 509655 | N45: =N46 -> 0 | O45: =M45/I45*100 -> 100 | P45: =J45-M45 -> 0 | Q45: =H45-J45 -> 70058 | R45: 1103616 | S45: =G45-M45 -> 955071
E46: 339 | F46: Мемлекеттік басқарудың басқа деңгейлеріне берілетін ағымдағы трансферттер | G46: =SUM(G47:G54) -> 1464726 | H46: =SUM(H47:H54) -> 579713 | I46: =SUM(I47:I54) -> 509655 | J46: =SUM(J47:J54) -> 509655 | K46: ='1.02.'!M46 -> 125000 | L46: =SUM(L47:L54) -> 106389 | M46: =SUM(M47:M54) -> 509655 | N46: =SUM(N47:N54) -> 0 | O46: =M46/I46*100 -> 100 | P46: =J46-M46 -> 0 | Q46: =H46-J46 -> 70058 | R46: 1103617 | S46: =G46-M46 -> 955071
F47: Атырау қ. | G47: =G57+G66+G75+G84+G93 -> 547812 | H47: =H57+H66+H75+H84+H93 -> 111815 | I47: =I57+I66+I75+I84+I93 -> 111815 | J47: =J57+J66+J75+J84+J93 -> 111815 | K47: =K57+K66+K75+K84+K93 -> 64056 | L47: =L57+L66+L75+L84+L93 -> 47759 | M47: =M57+M66+M75+M84+M93 -> 111815 | N47: =N57+N66+N75+N84+N93 -> 0 | O47: =M47/I47*100 -> 100 | P47: =J47-M47 -> 0 | Q47: =H47-J47 -> 0 | R47: 1103618 | S47: =G47-M47 -> 435997
F48: Жылыой | G48: =G58+G67+G76+G85+G94 -> 60337 | H48: =H58+H67+H76+H85+H94 -> 27329 | I48: =I58+I67+I76+I85+I94 -> 27329 | J48: =J58+J67+J76+J85+J94 -> 27329 | K48: =K58+K67+K76+K85+K94 -> 14607 | L48: =L58+L67+L76+L85+L94 -> 12722 | M48: =M58+M67+M76+M85+M94 -> 27329 | N48: =N58+N67+N76+N85+N94 -> 0 | O48: =M48/I48*100 -> 100 | P48: =J48-M48 -> 0 | Q48: =H48-J48 -> 0 | R48: 1103619 | S48: =G48-M48 -> 33008
F49: Индер | G49: =G59+G68+G77+G86+G95 -> 123501 | H49: =H59+H68+H77+H86+H95 -> 32950 | I49: =I59+I68+I77+I86+I95 -> 32950 | J49: =J59+J68+J77+J86+J95 -> 32950 | K49: =K59+K68+K77+K86+K95 -> 24027 | L49: =L59+L68+L77+L86+L95 -> 8923 | M49: =M59+M68+M77+M86+M95 -> 32950 | N49: =N59+N68+N77+N86+N95 -> 0 | O49: =M49/I49*100 -> 100 | P49: =J49-M49 -> 0 | Q49: =H49-J49 -> 0 | R49: 1103620 | S49: =G49-M49 -> 90551
F50: Исатай | G50: =G60+G69+G78+G87+G96 -> 48916 | H50: =H60+H69+H78+H87+H96 -> 9356 | I50: =I60+I69+I78+I87+I96 -> 9356 | J50: =J60+J69+J78+J87+J96 -> 9356 | K50: =K60+K69+K78+K87+K96 -> 5388 | L50: =L60+L69+L78+L87+L96 -> 3968 | M50: =M60+M69+M78+M87+M96 -> 9356 | N50: =N60+N69+N78+N87+N96 -> 0 | O50: =M50/I50*100 -> 100 | P50: =J50-M50 -> 0 | Q50: =H50-J50 -> 0 | R50: 1103621 | S50: =G50-M50 -> 39560
F51: Қызылқоға | G51: =G61+G70+G79+G88+G97 -> 85380 | H51: =H61+H70+H79+H88+H97 -> 22403 | I51: =I61+I70+I79+I88+I97 -> 22403 | J51: =J61+J70+J79+J88+J97 -> 22403 | K51: =K61+K70+K79+K88+K97 -> 15060 | L51: =L61+L70+L79+L88+L97 -> 7343 | M51: =M61+M70+M79+M88+M97 -> 22403 | N51: =N61+N70+N79+N88+N97 -> 0 | O51: =M51/I51*100 -> 100 | P51: =J51-M51 -> 0 | Q51: =H51-J51 -> 0 | R51: 1103622 | S51: =G51-M51 -> 62977
F52: Құрманғазы | G52: =G62+G71+G80+G89+G98 -> 145294 | H52: =H62+H71+H80+H89+H98 -> 30140 | I52: =I62+I71+I80+I89+I98 -> 30140 | J52: =J62+J71+J80+J89+J98 -> 30140 | K52: =K62+K71+K80+K89+K98 -> 18368 | L52: =L62+L71+L80+L89+L98 -> 11772 | M52: =M62+M71+M80+M89+M98 -> 30140 | N52: =N62+N71+N80+N89+N98 -> 0 | O52: =M52/I52*100 -> 100 | P52: =J52-M52 -> 0 | Q52: =H52-J52 -> 0 | R52: 1103623 | S52: =G52-M52 -> 115154
F53: Макат | G53: =G63+G72+G81+G90+G99 -> 379340 | H53: =H63+H72+H81+H90+H99 -> 326093 | I53: =I63+I72+I81+I90+I99 -> 256035 | J53: =J63+J72+J81+J90+J99 -> 256035 | K53: =K63+K72+K81+K90+K99 -> 251262 | L53: =L63+L72+L81+L90+L99 -> 4773 | M53: =M63+M72+M81+M90+M99 -> 256035 | N53: =N63+N72+N81+N90+N99 -> 0 | O53: =M53/I53*100 -> 100 | P53: =J53-M53 -> 0 | Q53: =H53-J53 -> 70058 | R53: 1103624 | S53: =G53-M53 -> 123305
F54: Махамбет | G54: =G64+G73+G82+G91+G100 -> 74146 | H54: =H64+H73+H82+H91+H100 -> 19627 | I54: =I64+I73+I82+I91+I100 -> 19627 | J54: =J64+J73+J82+J91+J100 -> 19627 | K54: =K64+K73+K82+K91+K100 -> 10498 | L54: =L64+L73+L82+L91+L100 -> 9129 | M54: =M64+M73+M82+M91+M100 -> 19627 | N54: =N64+N73+N82+N91+N100 -> 0 | O54: =M54/I54*100 -> 100 | P54: =J54-M54 -> 0 | Q54: =H54-J54 -> 0 | R54: 1103625 | S54: =G54-M54 -> 54519
F55: оның ішінде: | J55: =M55 -> #REF! | K55: ='1.02.'!M55 -> #REF! | M55: =K55+L55 -> #REF! | N55: =I55-M55 -> #REF! | O55: =M55/I55*100 -> #REF! | P55: =J55-M55 -> #REF! | Q55: =H55-J55 -> #REF! | R55: 1103626 | S55: =G55-M55 -> #REF!
F56: Мемлекеттік атаулы әлеуметтік көмек төлеуге | G56: =SUM(G57:G64) -> 615150 | H56: =SUM(H57:H64) -> 132321 | I56: =SUM(I57:I64) -> 132321 | J56: =SUM(J57:J64) -> 132321 | K56: =SUM(K57:K64) -> 85028 | L56: =SUM(L57:L64) -> 47293 | M56: =SUM(M57:M64) -> 132321 | N56: =SUM(N57:N64) -> 0 | O56: =M56/I56*100 -> 100 | P56: =J56-M56 -> 0 | Q56: =H56-J56 -> 0 | R56: 1103627 | S56: =G56-M56 -> 482829
F57: Атырау қ. | G57: 233757 | H57: =14105+15933+16957 -> 46995 | I57: =H57 -> 46995 | J57: =M57 -> 46995 | K57: ='1.04.'!M57 -> 30038 | L57: 16957 | M57: =K57+L57 -> 46995 | N57: =I57-M57 -> 0 | O57: =M57/I57*100 -> 100 | P57: =J57-M57 -> 0 | Q57: =H57-J57 -> 0 | R57: 1103628 | S57: =G57-M57 -> 186762
F58: Жылыой | G58: 33218 | H58: =3154+3907+4339 -> 11400 | I58: =H58 -> 11400 | J58: =M58 -> 11400 | K58: ='1.04.'!M58 -> 7061 | L58: 4339 | M58: =K58+L58 -> 11400 | N58: =I58-M58 -> 0 | O58: =M58/I58*100 -> 100 | P58: =J58-M58 -> 0 | Q58: =H58-J58 -> 0 | R58: 1103629 | S58: =G58-M58 -> 21818
F59: Индер | G59: 91657 | H59: =5815+6877+7129 -> 19821 | I59: =H59 -> 19821 | J59: =M59 -> 19821 | K59: ='1.04.'!M59 -> 12692 | L59: 7129 | M59: =K59+L59 -> 19821 | N59: =I59-M59 -> 0 | O59: =M59/I59*100 -> 100 | P59: =J59-M59 -> 0 | Q59: =H59-J59 -> 0 | R59: 1103630 | S59: =G59-M59 -> 71836
F60: Исатай | G60: 25221 | H60: =1864+2063+2209 -> 6136 | I60: =H60 -> 6136 | J60: =M60 -> 6136 | K60: ='1.04.'!M60 -> 3927 | L60: 2209 | M60: =K60+L60 -> 6136 | N60: =I60-M60 -> 0 | O60: =M60/I60*100 -> 100 | P60: =J60-M60 -> 0 | Q60: =H60-J60 -> 0 | R60: 1103631 | S60: =G60-M60 -> 19085
F61: Қызылқоға | G61: 55364 | H61: =4910+5242+5520 -> 15672 | I61: =H61 -> 15672 | J61: =M61 -> 15672 | K61: ='1.04.'!M61 -> 10152 | L61: 5520 | M61: =K61+L61 -> 15672 | N61: =I61-M61 -> 0 | O61: =M61/I61*100 -> 100 | P61: =J61-M61 -> 0 | Q61: =H61-J61 -> 0 | R61: 1103632 | S61: =G61-M61 -> 39692
F62: Құрманғазы | G62: 96579 | H62: =5824+6008+6007 -> 17839 | I62: =H62 -> 17839 | J62: =M62 -> 17839 | K62: ='1.04.'!M62 -> 11832 | L62: 6007 | M62: =K62+L62 -> 17839 | N62: =I62-M62 -> 0 | O62: =M62/I62*100 -> 100 | P62: =J62-M62 -> 0 | Q62: =H62-J62 -> 0 | R62: 1103633 | S62: =G62-M62 -> 78740
F63: Макат | G63: 33833 | H63: =2019+2264+2458 -> 6741 | I63: =H63 -> 6741 | J63: =M63 -> 6741 | K63: ='1.04.'!M63 -> 4283 | L63: 2458 | M63: =K63+L63 -> 6741 | N63: =I63-M63 -> 0 | O63: =M63/I63*100 -> 100 | P63: =J63-M63 -> 0 | Q63: =H63-J63 -> 0 | R63: 1103634 | S63: =G63-M63 -> 27092
F64: Махамбет | G64: 45521 | H64: =2410+2633+2674 -> 7717 | I64: =H64 -> 7717 | J64: =M64 -> 7717 | K64: ='1.04.'!M64 -> 5043 | L64: 2674 | M64: =K64+L64 -> 7717 | N64: =I64-M64 -> 0 | O64: =M64/I64*100 -> 100 | P64: =J64-M64 -> 0 | Q64: =H64-J64 -> 0 | R64: 1103635 | S64: =G64-M64 -> 37804
F65: 1 жастан 6 жасқа дейін балаларды қоса алғанда берілетін қосымша төлемдер | G65: =SUM(G66:G73) -> 111098 | H65: =SUM(H66:H73) -> 14157 | I65: =SUM(I66:I73) -> 14157 | J65: =SUM(J66:J73) -> 14157 | K65: =SUM(K66:K73) -> 9159 | L65: =SUM(L66:L73) -> 4998 | M65: =SUM(M66:M73) -> 14157 | N65: =SUM(N66:N73) -> 0 | O65: =M65/I65*100 -> 100 | P65: =J65-M65 -> 0 | Q65: =H65-J65 -> 0 | R65: 1103636 | S65: =G65-M65 -> 96941
F66: Атырау қ. | G66: 38884 | H66: =1421+1689+1718 -> 4828 | I66: =H66 -> 4828 | J66: =M66 -> 4828 | K66: ='1.04.'!M66 -> 3110 | L66: 1718 | M66: =K66+L66 -> 4828 | N66: =I66-M66 -> 0 | O66: =M66/I66*100 -> 100 | P66: =J66-M66 -> 0 | Q66: =H66-J66 -> 0 | R66: 1103637 | S66: =G66-M66 -> 34056
F67: Жылыой | G67: 7221 | H67: =238+322+361 -> 921 | I67: =H67 -> 921 | J67: =M67 -> 921 | K67: ='1.04.'!M67 -> 560 | L67: 361 | M67: =K67+L67 -> 921 | N67: =I67-M67 -> 0 | O67: =M67/I67*100 -> 100 | P67: =J67-M67 -> 0 | Q67: =H67-J67 -> 0 | R67: 1103638 | S67: =G67-M67 -> 6300
F68: Индер | G68: 13554 | H68: =588+692+689 -> 1969 | I68: =H68 -> 1969 | J68: =M68 -> 1969 | K68: ='1.04.'!M68 -> 1280 | L68: 689 | M68: =K68+L68 -> 1969 | N68: =I68-M68 -> 0 | O68: =M68/I68*100 -> 100 | P68: =J68-M68 -> 0 | Q68: =H68-J68 -> 0 | R68: 1103639 | S68: =G68-M68 -> 11585
F69: Исатай | G69: 4777 | H69: =215+246+259 -> 720 | I69: =H69 -> 720 | J69: =M69 -> 720 | K69: ='1.04.'!M69 -> 461 | L69: 259 | M69: =K69+L69 -> 720 | N69: =I69-M69 -> 0 | O69: =M69/I69*100 -> 100 | P69: =J69-M69 -> 0 | Q69: =H69-J69 -> 0 | R69: 1103640 | S69: =G69-M69 -> 4057
F70: Қызылқоға | G70: 10999 | H70: =508+650+573 -> 1731 | I70: =H70 -> 1731 | J70: =M70 -> 1731 | K70: ='1.04.'!M70 -> 1158 | L70: 573 | M70: =K70+L70 -> 1731 | N70: =I70-M70 -> 0 | O70: =M70/I70*100 -> 100 | P70: =J70-M70 -> 0 | Q70: =H70-J70 -> 0 | R70: 1103641 | S70: =G70-M70 -> 9268
F71: Құрманғазы | G71: 21109 | H71: =766+770+765 -> 2301 | I71: =H71 -> 2301 | J71: =M71 -> 2301 | K71: ='1.04.'!M71 -> 1536 | L71: 765 | M71: =K71+L71 -> 2301 | N71: =I71-M71 -> 0 | O71: =M71/I71*100 -> 100 | P71: =J71-M71 -> 0 | Q71: =H71-J71 -> 0 | R71: 1103642 | S71: =G71-M71 -> 18808
F72: Макат | G72: 6554 | H72: =234+267+315 -> 816 | I72: =H72 -> 816 | J72: =M72 -> 816 | K72: ='1.04.'!M72 -> 501 | L72: 315 | M72: =K72+L72 -> 816 | N72: =I72-M72 -> 0 | O72: =M72/I72*100 -> 100 | P72: =J72-M72 -> 0 | Q72: =H72-J72 -> 0 | R72: 1103643 | S72: =G72-M72 -> 5738
F73: Махамбет | G73: 8000 | H73: =267+286+318 -> 871 | I73: =H73 -> 871 | J73: =M73 -> 871 | K73: ='1.04.'!M73 -> 553 | L73: 318 | M73: =K73+L73 -> 871 | N73: =I73-M73 -> 0 | O73: =M73/I73*100 -> 100 | P73: =J73-M73 -> 0 | Q73: =H73-J73 -> 0 | R73: 1103644 | S73: =G73-M73 -> 7129
F74: Күрделі жөндеу | G74: =SUM(G75:G82) -> 314536 | H74: =SUM(H75:H82) -> 314536 | I74: =SUM(I75:I82) -> 244478 | J74: =SUM(J75:J82) -> 244478 | K74: =SUM(K75:K82) -> 244478 | L74: =SUM(L75:L82) -> 0 | M74: =SUM(M75:M82) -> 244478 | N74: =SUM(N75:N82) -> 0 | O74: =SUM(O75:O82) -> #DIV/0! | P74: =J74-M74 -> 0 | Q74: =H74-J74 -> 70058 | R74: 1103645 | S74: =G74-M74 -> 70058
F75: Атырау қ. | J75: =M75 -> 0 | K75: ='1.04.'!M75 -> 0 | M75: =K75+L75 -> 0 | N75: =I75-M75 -> 0 | O75: =M75/I75*100 -> #DIV/0! | P75: =J75-M75 -> 0 | Q75: =H75-J75 -> 0 | R75: 1103646 | S75: =G75-M75 -> 0
F76: Жылыой | J76: =M76 -> 0 | K76: ='1.04.'!M76 -> 0 | M76: =K76+L76 -> 0 | N76: =I76-M76 -> 0 | O76: =M76/I76*100 -> #DIV/0! | P76: =J76-M76 -> 0 | Q76: =H76-J76 -> 0 | R76: 1103647 | S76: =G76-M76 -> 0
F77: Индер | J77: =M77 -> 0 | K77: ='1.04.'!M77 -> 0 | M77: =K77+L77 -> 0 | N77: =I77-M77 -> 0 | O77: =M77/I77*100 -> #DIV/0! | P77: =J77-M77 -> 0 | Q77: =H77-J77 -> 0 | R77: 1103648 | S77: =G77-M77 -> 0
F78: Исатай | J78: =M78 -> 0 | K78: ='1.04.'!M78 -> 0 | M78: =K78+L78 -> 0 | N78: =I78-M78 -> 0 | O78: =M78/I78*100 -> #DIV/0! | P78: =J78-M78 -> 0 | Q78: =H78-J78 -> 0 | R78: 1103649 | S78: =G78-M78 -> 0
F79: Қызылқоға | J79: =M79 -> 0 | K79: ='1.04.'!M79 -> 0 | M79: =K79+L79 -> 0 | N79: =I79-M79 -> 0 | O79: =M79/I79*100 -> #DIV/0! | P79: =J79-M79 -> 0 | Q79: =H79-J79 -> 0 | R79: 1103650 | S79: =G79-M79 -> 0
F80: Құрманғазы | J80: =M80 -> 0 | K80: ='1.04.'!M80 -> 0 | M80: =K80+L80 -> 0 | N80: =I80-M80 -> 0 | O80: =M80/I80*100 -> #DIV/0! | P80: =J80-M80 -> 0 | Q80: =H80-J80 -> 0 | R80: 1103651 | S80: =G80-M80 -> 0
F81: Макат | G81: 314536 | H81: 314536 | I81: =125000+119478 -> 244478 | J81: =M81 -> 244478 | K81: ='1.04.'!M81 -> 244478 | M81: =K81+L81 -> 244478 | N81: =I81-M81 -> 0 | O81: =M81/I81*100 -> 100 | P81: =J81-M81 -> 0 | Q81: =H81-J81 -> 70058 | R81: 1103652 | S81: =G81-M81 -> 70058
F82: Махамбет | J82: =M82 -> 0 | K82: ='1.04.'!M82 -> 0 | M82: =K82+L82 -> 0 | N82: =I82-M82 -> 0 | O82: =M82/I82*100 -> #DIV/0! | P82: =J82-M82 -> 0 | Q82: =H82-J82 -> 0 | R82: 1103653 | S82: =G82-M82 -> 0
F83: Мүгедектігі бар адамдарды техникалық көмекші құралдармен және арнаулы жүріп тұру құралдармен қамтамасыз ету | G83: =SUM(G84:G91) -> 293942 | H83: =SUM(H84:H91) -> 117083 | I83: =SUM(I84:I91) -> 117083 | J83: =SUM(J84:J91) -> 117083 | K83: =SUM(K84:K91) -> 64601 | L83: =SUM(L84:L91) -> 52482 | M83: =SUM(M84:M91) -> 117083 | N83: =SUM(N84:N91) -> 0 | O83: =SUM(O84:O91) -> 800 | P83: =J83-M83 -> 0 | Q83: =H83-J83 -> 0 | R83: 1103654 | S83: =G83-M83 -> 176859
F84: Атырау қ. | G84: 188942 | H84: =20908+10000+29084 -> 59992 | I84: =H84 -> 59992 | J84: =M84 -> 59992 | K84: ='1.04.'!M84 -> 30908 | L84: 29084 | M84: =K84+L84 -> 59992 | N84: =I84-M84 -> 0 | O84: =M84/I84*100 -> 100 | P84: =J84-M84 -> 0 | Q84: =H84-J84 -> 0 | R84: 1103655 | S84: =G84-M84 -> 128950
F85: Жылыой | G85: 15000 | H85: =6986+7406 -> 14392 | I85: =H85 -> 14392 | J85: =M85 -> 14392 | K85: ='1.04.'!M85 -> 6986 | L85: 7406 | M85: =K85+L85 -> 14392 | N85: =I85-M85 -> 0 | O85: =M85/I85*100 -> 100 | P85: =J85-M85 -> 0 | Q85: =H85-J85 -> 0 | R85: 1103656 | S85: =G85-M85 -> 608
F86: Индер | G86: 15000 | H86: =3950+6105+1105 -> 11160 | I86: =H86 -> 11160 | J86: =M86 -> 11160 | K86: ='1.04.'!M86 -> 10055 | L86: 1105 | M86: =K86+L86 -> 11160 | N86: =I86-M86 -> 0 | O86: =M86/I86*100 -> 100 | P86: =J86-M86 -> 0 | Q86: =H86-J86 -> 0 | R86: 1103657 | S86: =G86-M86 -> 3840
F87: Исатай | G87: 15000 | H87: =1000+1500 -> 2500 | I87: =H87 -> 2500 | J87: =M87 -> 2500 | K87: ='1.04.'!M87 -> 1000 | L87: 1500 | M87: =K87+L87 -> 2500 | N87: =I87-M87 -> 0 | O87: =M87/I87*100 -> 100 | P87: =J87-M87 -> 0 | Q87: =H87-J87 -> 0 | R87: 1103658 | S87: =G87-M87 -> 12500
F88: Қызылқоға | G88: 15000 | H88: =2500+1250+1250 -> 5000 | I88: =H88 -> 5000 | J88: =M88 -> 5000 | K88: ='1.04.'!M88 -> 3750 | L88: 1250 | M88: =K88+L88 -> 5000 | N88: =I88-M88 -> 0 | O88: =M88/I88*100 -> 100 | P88: =J88-M88 -> 0 | Q88: =H88-J88 -> 0 | R88: 1103659 | S88: =G88-M88 -> 10000
F89: Құрманғазы | G89: 15000 | H89: =5000+5000 -> 10000 | I89: =H89 -> 10000 | J89: =M89 -> 10000 | K89: ='1.04.'!M89 -> 5000 | L89: 5000 | M89: =K89+L89 -> 10000 | N89: =I89-M89 -> 0 | O89: =M89/I89*100 -> 100 | P89: =J89-M89 -> 0 | Q89: =H89-J89 -> 0 | R89: 1103660 | S89: =G89-M89 -> 5000
F90: Макат | G90: 15000 | H90: =1000+1000+1000 -> 3000 | I90: =H90 -> 3000 | J90: =M90 -> 3000 | K90: ='1.04.'!M90 -> 2000 | L90: 1000 | M90: =K90+L90 -> 3000 | N90: =I90-M90 -> 0 | O90: =M90/I90*100 -> 100 | P90: =J90-M90 -> 0 | Q90: =H90-J90 -> 0 | R90: 1103661 | S90: =G90-M90 -> 12000
F91: Махамбет | G91: 15000 | H91: =1440+3462+6137 -> 11039 | I91: =H91 -> 11039 | J91: =M91 -> 11039 | K91: ='1.04.'!M91 -> 4902 | L91: 6137 | M91: =K91+L91 -> 11039 | N91: =I91-M91 -> 0 | O91: =M91/I91*100 -> 100 | P91: =J91-M91 -> 0 | Q91: =H91-J91 -> 0 | R91: 1103662 | S91: =G91-M91 -> 3961
F92: Протездік - ортопедиялық көмекпен қамтамасыз ету | G92: =SUM(G93:G100) -> 130000 | H92: =SUM(H93:H100) -> 1616 | I92: =SUM(I93:I100) -> 1616 | J92: =SUM(J93:J100) -> 1616 | K92: =SUM(K93:K100) -> 0 | L92: =SUM(L93:L100) -> 1616 | M92: =SUM(M93:M100) -> 1616 | N92: =SUM(N93:N100) -> 0 | O92: =SUM(O93:O100) -> #DIV/0! | P92: =J92-M92 -> 0 | Q92: =H92-J92 -> 0 | R92: 1103654 | S92: =G92-M92 -> 128384
F93: Атырау қ. | G93: 86229 | J93: =M93 -> 0 | K93: ='1.04.'!M93 -> 0 | M93: =K93+L93 -> 0 | N93: =I93-M93 -> 0 | O93: =M93/I93*100 -> #DIV/0! | P93: =J93-M93 -> 0 | Q93: =H93-J93 -> 0 | R93: 1103655 | S93: =G93-M93 -> 86229
F94: Жылыой | G94: 4898 | H94: 616 | I94: 616 | J94: =M94 -> 616 | K94: ='1.04.'!M94 -> 0 | L94: 616 | M94: =K94+L94 -> 616 | N94: =I94-M94 -> 0 | O94: =M94/I94*100 -> 100 | P94: =J94-M94 -> 0 | Q94: =H94-J94 -> 0 | R94: 1103656 | S94: =G94-M94 -> 4282
F95: Индер | G95: 3290 | J95: =M95 -> 0 | K95: ='1.04.'!M95 -> 0 | M95: =K95+L95 -> 0 | N95: =I95-M95 -> 0 | O95: =M95/I95*100 -> #DIV/0! | P95: =J95-M95 -> 0 | Q95: =H95-J95 -> 0 | R95: 1103657 | S95: =G95-M95 -> 3290
F96: Исатай | G96: 3918 | J96: =M96 -> 0 | K96: ='1.04.'!M96 -> 0 | M96: =K96+L96 -> 0 | N96: =I96-M96 -> 0 | O96: =M96/I96*100 -> #DIV/0! | P96: =J96-M96 -> 0 | Q96: =H96-J96 -> 0 | R96: 1103658 | S96: =G96-M96 -> 3918
F97: Қызылқоға | G97: 4017 | J97: =M97 -> 0 | K97: ='1.04.'!M97 -> 0 | M97: =K97+L97 -> 0 | N97: =I97-M97 -> 0 | O97: =M97/I97*100 -> #DIV/0! | P97: =J97-M97 -> 0 | Q97: =H97-J97 -> 0 | R97: 1103659 | S97: =G97-M97 -> 4017
F98: Құрманғазы | G98: 12606 | J98: =M98 -> 0 | K98: ='1.04.'!M98 -> 0 | M98: =K98+L98 -> 0 | N98: =I98-M98 -> 0 | O98: =M98/I98*100 -> #DIV/0! | P98: =J98-M98 -> 0 | Q98: =H98-J98 -> 0 | R98: 1103660 | S98: =G98-M98 -> 12606
F99: Макат | G99: 9417 | H99: 1000 | I99: 1000 | J99: =M99 -> 1000 | K99: ='1.04.'!M99 -> 0 | L99: 1000 | M99: =K99+L99 -> 1000 | N99: =I99-M99 -> 0 | O99: =M99/I99*100 -> 100 | P99: =J99-M99 -> 0 | Q99: =H99-J99 -> 0 | R99: 1103661 | S99: =G99-M99 -> 8417
F100: Махамбет | G100: 5625 | J100: =M100 -> 0 | K100: ='1.04.'!M100 -> 0 | M100: =K100+L100 -> 0 | N100: =I100-M100 -> 0 | O100: =M100/I100*100 -> #DIV/0! | P100: =J100-M100 -> 0 | Q100: =H100-J100 -> 0 | R100: 1103662 | S100: =G100-M100 -> 5625
C101: 053 | F101: Кохлеарлық импланттарға дәлдеп сөйлеу процессорларын ауыстыру және келтіру бойынша қызмет көрсету | G101: =G102 -> 200616 | H101: =H102 -> 0 | I101: =I102 -> 0 | J101: =J102 -> 0 | K101: ='1.02.'!M92 -> 0 | L101: =L102 -> 0 | M101: =M102 -> 0 | N101: =N102 -> 0 | O101: =M101/I101*100 -> #DIV/0! | P101: =J101-M101 -> 0 | Q101: =H101-J101 -> 0 | R101: 1103663 | S101: =G101-M101 -> 200616 | T101: =G101-J101 -> 200616
...

Sheet 1.06.
F1: 2026 жылғы мамыр айына арналған талдау
A3: Әкім шісі | B3: ММ коды | C3: Бағдарлама | D3: Кіші бағда лама | E3: Ерекшілік | F3: Шығыстардың атауы | G3: 2026 жылға арналған қаржы жоспары | H3: Жыл басынан бастап қаржыландыру жоспары | J3: Жыл басынан бері қабылданған міндеттемелердің жалпы сомасы | K3: Орындалған міндеттемелер | N3: 30.02.2026 қалдық | O3: % игерілуі | P3: Өтелмеген қабылданған міндеттемелер | Q3: Жвл басынан берң қабылданбаған міндеттемелер көлемі (міндеттемелер жоспарына қатысты қалған қаражат) | R3: ожидаемое освоение до конца года | S3: Жоспардан ауытқу , орындалудың күтілімі
H4: міндеттемелер | I4: төлемдер | K4: Бұрын төленген айлар | L4: ғымдағы ай үшін | M4: Жыл басынан бері
A5: 256 | F5: Облыстың жұмыспен қамтуды үйлестіру және әлеуметтік бағдарламалар басқармасы | G5: =G6+G109+G130+G153+G180+G206+G230+G281 -> 17032809 | H5: =H6+H109+H130+H153+H180+H206+H230+H281 -> 5118986.9 | I5: =I6+I109+I130+I153+I180+I206+I230+I281 -> 4369484.7 | J5: =J6+J109+J130+J153+J180+J206+J230+J281 -> 4951814.4 | K5: =K6+K109+K130+K153+K180+K206+K230+K281 -> 653970.93 | L5: =L6+L109+L130+L153+L180+L206+L230+L281 -> 948164.4 | M5: =M6+M109+M130+M153+M180+M206+M230+M281 -> 4269132.3 | N5: =N6+N109+N130+N153+N180+N206+N230+N281 -> 100352.38 | O5: =M5/I5*100 -> 97.703336 | P5: =J5-M5 -> 682682.1 | Q5: =H5-J5 -> 167172.48 | R5: 1103576 | S5: =G5-M5 -> 12763677
B6: 1261 | F6: "Жұмыспен қамтуды үйлестіру және бюджеттік бағдарламалар басқармасы" ММ | G6: =G7+G13+G35+G39+G42+G45+G102+G106 -> 5070963 | H6: =H7+H13+H35+H39+H42+H45+H102+H106 -> 1538663.1 | I6: =I7+I13+I35+I39+I42+I45+I102+I106 -> 1335715.6 | J6: =J7+J13+J35+J39+J42+J45+J102+J106 -> 1451999.1 | K6: ='1.02.'!M6 -> 305263.96 | L6: =L7+L13+L35+L39+L42+L45+L102+L106 -> 274880.48 | M6: =M7+M13+M35+M39+M42+M45+M102+M106 -> 1330063.4 | N6: =N7+N13+N35+N39+N42+N45+N102+N106 -> 5652.2175 | O6: =M6/I6*100 -> 99.57684 | P6: =J6-M6 -> 121935.76 | Q6: =H6-J6 -> 86663.96 | R6: 1103577 | S6: =G6-M6 -> 3740899.6
C7: 003 | F7: Мүгедектігі бар адамдарға әлеуметтік қолдау | G7: =G8+G10 -> 2050255 | H7: =H8+H10 -> 587123.5 | I7: =I8+I10 -> 586568.5 | J7: =J8+J10 -> 586568.41 | K7: ='1.02.'!M7 -> 164988.71 | L7: =L8+L10 -> 141990.09 | M7: =M8+M10 -> 586568.41 | N7: =N8+N10 -> 0.09379 | O7: =M7/I7*100 -> 99.999984 | P7: =J7-M7 -> 0 | Q7: =H7-J7 -> 555.09379 | R7: 1103578 | S7: =G7-M7 -> 1463686.6
D8: 102 | F8: Мүгедектігі бар адамды оңалтудың жеке бағдарламасына сәйкес мүгедектігі бар адамдардың және мүгедектігі бар балалардың санаторлық-курорттық емделуін қамтамасыз ету | G8: =G9 -> 2014974 | H8: =H9 -> 560704 | I8: =I9 -> 560704 | J8: =J9 -> 560704 | K8: ='1.02.'!M8 -> 150000 | L8: =L9 -> 141990.09 | M8: =M9 -> 560704 | N8: =N9 -> 0 | O8: =M8/I8*100 -> 100 | P8: =J8-M8 -> 0 | Q8: =H8-J8 -> 0 | R8: 1103579 | S8: =G8-M8 -> 1454270
E9: 322 | F9: Жеке тұлғаларға берілетін трансферттер | G9: 2014974 | H9: 560704 | I9: 560704 | J9: =M9 -> 560704 | K9: ='1.05.'!M9 -> 418713.91 | L9: 141990.09 | M9: =K9+L9 -> 560704 | N9: =I9-M9 -> 0 | O9: =M9/I9*100 -> 100 | P9: =J9-M9 -> 0 | Q9: =H9-J9 -> 0 | R9: 1103580 | S9: =G9-M9 -> 1454270 | T9: =G9-J9 -> 1454270
D10: 106 | F10: Протездеу,үйрету жөнінде медициналық қызметтер көрсету протездік-ортопедиялық құралдарымен және оларды пайдалануды қамтамасыз ету | G10: =G11+G12 -> 35281 | H10: =H11+H12 -> 26419.5 | I10: =I11+I12 -> 25864.5 | J10: =J11+J12 -> 25864.406 | K10: ='1.02.'!M10 -> 14988.708 | L10: =L11+L12 -> 0 | M10: =M11+M12 -> 25864.406 | N10: =N11+N12 -> 0.09379 | O10: =M10/I10*100 -> 99.999637 | P10: =J10-M10 -> 0 | Q10: =H10-J10 -> 555.09379 | R10: 1103581 | S10: =G10-M10 -> 9416.5938 | T10: =G10-J10 -> 9416.5938
E11: 159 | F11: Өзге де қызметтер мен жұмыстарға ақы төлеу | G11: 1745 | H11: 1745 | I11: 1190 | J11: 1190 | K11: ='1.05.'!M11 -> 1190 | M11: =K11+L11 -> 1190 | N11: =I11-M11 -> 0 | O11: =M11/I11*100 -> 100 | P11: =J11-M11 -> 0 | Q11: =H11-J11 -> 555 | R11: 1103582 | S11: =G11-M11 -> 555 | T11: =G11-J11 -> 555
E12: 322 | F12: Жеке тұлғаларға берілетін трансферттер | G12: =163536-130000 -> 33536 | H12: 24674.5 | I12: 24674.5 | J12: =M12 -> 24674.406 | K12: ='1.05.'!M12 -> 24674.406 | M12: =K12+L12 -> 24674.406 | N12: =I12-M12 -> 0.09379 | O12: =M12/I12*100 -> 99.99962 | P12: =J12-M12 -> 0 | Q12: =H12-J12 -> 0.09379 | R12: 1103583 | S12: =G12-M12 -> 8861.5938 | T12: =G12-J12 -> 8861.5938
C13: 001 | F13: Жергілікті деңгейде жұмыспен қамтуды қамтамасыз ету және халық үшін әлеуметтік бағдарламаларды іске асыру саласында мемлекеттік саясатты іске асыру жөніндегі қызметтер | G13: =G14 -> 260651 | H13: =H14 -> 120853.9 | I13: =I14 -> 115694.7 | J13: =J14 -> 120839.73 | K13: ='1.02.'!M13 -> 15275.257 | L13: =L14 -> 18076.381 | M13: =M14 -> 115679.28 | N13: =N14 -> 15.42371 | O13: =M13/I13*100 -> 99.986669 | P13: =J13-M13 -> 5160.4577 | Q13: =H13-J13 -> 14.16601 | R13: 1103584 | S13: =G13-M13 -> 144971.72 | T13: =G13-J13 -> 139811.27
D14: 015 | F14: Жергілікті бюджет қаражаты есебінен | G14: =SUM(G15:G34) -> 260651 | H14: =SUM(H15:H34) -> 120853.9 | I14: =SUM(I15:I34) -> 115694.7 | J14: =SUM(J15:J34) -> 120839.73 | K14: =SUM(K15:K34) -> 97602.895 | L14: =SUM(L15:L34) -> 18076.381 | M14: =SUM(M15:M34) -> 115679.28 | N14: =SUM(N15:N34) -> 15.42371 | O14: =M14/I14*100 -> 99.986669 | P14: =J14-M14 -> 5160.4577 | Q14: =H14-J14 -> 14.16601 | R14: 1103585 | S14: =G14-M14 -> 144971.72 | T14: =G14-J14 -> 139811.27
E15: 111 | F15: Еңбек ақы | G15: =121539-1020-413.7 -> 120105.3 | H15: 48566.3 | I15: 48566.3 | J15: =M15 -> 48566.3 | K15: ='1.05.'!M15 -> 38980 | L15: 9586.3 | M15: =K15+L15 -> 48566.3 | N15: =I15-M15 -> 0 | O15: =M15/I15*100 -> 100 | P15: =J15-M15 -> 0 | Q15: =H15-J15 -> 0 | R15: 1103586 | S15: =G15-M15 -> 71539 | T15: =G15-J15 -> 71539
E16: 112 | F16: Қосымша ақшалай төлімдер | G16: =17318+7540+642.7 -> 25500.7 | H16: 25500.7 | I16: 25500.7 | J16: =M16 -> 25500.61 | K16: ='1.05.'!M16 -> 24154.877 | L16: 1345.733 | M16: =K16+L16 -> 25500.61 | N16: =I16-M16 -> 0.09 | O16: =M16/I16*100 -> 99.999647 | P16: =J16-M16 -> 0 | Q16: =H16-J16 -> 0.09 | R16: 1103587 | S16: =G16-M16 -> 0.09 | T16: =G16-J16 -> 0.09
E17: 113 | F17: Өтемақы төлемдері | G17: 20256 | H17: 7840.2 | I17: 7840.2 | J17: =M17 -> 7840.2 | K17: ='1.05.'!M17 -> 6101.114 | L17: 1739.086 | M17: =K17+L17 -> 7840.2 | N17: =I17-M17 -> 0 | O17: =M17/I17*100 -> 100 | P17: =J17-M17 -> 0 | Q17: =H17-J17 -> 0 | R17: 1103588 | S17: =G17-M17 -> 12415.8 | T17: =G17-J17 -> 12415.8
E18: 116 | F18: Жұмыс берушінің міндетті зейнетақы жарналары | G18: =4860-300-110 -> 4450 | H18: 2005 | I18: 2005 | J18: =M18 -> 2004.735 | K18: ='1.05.'!M18 -> 1710 | L18: 294.735 | M18: =K18+L18 -> 2004.735 | N18: =I18-M18 -> 0.265 | O18: =M18/I18*100 -> 99.986783 | P18: =J18-M18 -> 0 | Q18: =H18-J18 -> 0.265 | R18: 1103589 | S18: =G18-M18 -> 2445.265 | T18: =G18-J18 -> 2445.265
E19: 121 | F19: Әлеуметтік салық | G19: 8331 | H19: 3896 | I19: 3896 | J19: =M19 -> 3896 | K19: ='1.05.'!M19 -> 3264 | L19: 632 | M19: =K19+L19 -> 3896 | N19: =I19-M19 -> 0 | O19: =M19/I19*100 -> 100 | P19: =J19-M19 -> 0 | Q19: =H19-J19 -> 0 | R19: 1103590 | S19: =G19-M19 -> 4435 | T19: =G19-J19 -> 4435
E20: 122 | F20: Мемлекеттік әлеуметтік сақтандыру қорына әлеуметтік аударымдар | G20: =6943-520-65 -> 6358 | H20: 2784 | I20: 2784 | J20: =M20 -> 2779.4576 | K20: ='1.05.'!M20 -> 2319.431 | L20: 460.02664 | M20: =K20+L20 -> 2779.4576 | N20: =I20-M20 -> 4.54236 | O20: =M20/I20*100 -> 99.836841 | P20: =J20-M20 -> 0 | Q20: =H20-J20 -> 4.54236 | R20: 1103591 | S20: =G20-M20 -> 3578.5424 | T20: =G20-J20 -> 3578.5424
E21: 123 | F21: Міндетті сақтандыру жарналары | G21: 63 | J21: =M21 -> 0 | K21: ='1.05.'!M21 -> 0 | M21: =K21+L21 -> 0 | N21: =I21-M21 -> 0 | O21: =M21/I21*100 -> #DIV/0! | P21: =J21-M21 -> 0 | Q21: =H21-J21 -> 0 | R21: 1103592 | S21: =G21-M21 -> 63 | T21: =G21-J21 -> 63
E22: 124 | F22: Міндетті әлеуметтік медициналық сақтандыруға аударымдар | G22: =4166-200-54 -> 3912 | H22: 1766 | I22: 1766 | J22: =M22 -> 1765.3718 | K22: ='1.05.'!M22 -> 1519.006 | L22: 246.36584 | M22: =K22+L22 -> 1765.3718 | N22: =I22-M22 -> 0.62816 | O22: =M22/I22*100 -> 99.96443 | P22: =J22-M22 -> 0 | Q22: =H22-J22 -> 0.62816 | R22: 1103593 | S22: =G22-M22 -> 2146.6282 | T22: =G22-J22 -> 2146.6282
E23: 131 | F23: Техникалық персоналдың еңбегіне ақы төлеу | G23: 19333 | H23: 7218 | I23: 7218 | J23: =M23 -> 7218 | K23: ='1.05.'!M23 -> 6018 | L23: 1200 | M23: =K23+L23 -> 7218 | N23: =I23-M23 -> 0 | O23: =M23/I23*100 -> 100 | P23: =J23-M23 -> 0 | Q23: =H23-J23 -> 0 | R23: 1103594 | S23: =G23-M23 -> 12115 | T23: =G23-J23 -> 12115
E24: 135 | F24: Техникалық персонал бойынша жұмыс берушілердің жарналары | G24: 3129 | H24: 884 | I24: 884 | J24: =M24 -> 884 | K24: ='1.05.'!M24 -> 749 | L24: 135 | M24: =K24+L24 -> 884 | N24: =I24-M24 -> 0 | O24: =M24/I24*100 -> 100 | P24: =J24-M24 -> 0 | Q24: =H24-J24 -> 0 | R24: 1103595 | S24: =G24-M24 -> 2245 | T24: =G24-J24 -> 2245
E25: 136 | F25: Техникалық персоналдың ел ішіндегі іс сапарлары мен қызметтік сапарлары | J25: =M25 -> 0 | K25: ='1.05.'!M25 -> 0 | M25: =K25+L25 -> 0 | N25: =I25-M25 -> 0 | O25: =M25/I25*100 -> #DIV/0! | P25: =J25-M25 -> 0 | Q25: =H25-J25 -> 0 | R25: 1103596 | S25: =G25-M25 -> 0 | T25: =G25-J25 -> 0
E26: 144 | F26: Отын, жанар-жағар май материалдарын сатып алу | G26: 2075 | H26: 2075 | I26: 2075 | J26: 2074.9986 | K26: ='1.05.'!M26 -> 2074.9986 | M26: =K26+L26 -> 2074.9986 | N26: =I26-M26 -> 0.00144 | O26: =M26/I26*100 -> 99.999931 | P26: =J26-M26 -> 0 | Q26: =H26-J26 -> 0.00144 | R26: 1103597 | S26: =G26-M26 -> 0.00144 | T26: =G26-J26 -> 0.00144
E27: 149 | F27: Өзге де қорларды сатып алу | G27: 4170 | H27: 280.2 | I27: 280.2 | J27: =M27 -> 280.14 | K27: ='1.05.'!M27 -> 154.1404 | L27: 125.9996 | M27: =K27+L27 -> 280.14 | N27: =I27-M27 -> 0.06 | O27: =M27/I27*100 -> 99.978587 | P27: =J27-M27 -> 0 | Q27: =H27-J27 -> 0.06 | R27: 1103598 | S27: =G27-M27 -> 3889.86 | T27: =G27-J27 -> 3889.86
E28: 151 | F28: Коммуналдық қызметтерге ақы төлеу | G28: 10733 | H28: 6031 | I28: 6031 | J28: =M28 -> 6030.7726 | K28: ='1.05.'!M28 -> 5395.9698 | L28: 634.80278 | M28: =K28+L28 -> 6030.7726 | N28: =I28-M28 -> 0.2274 | O28: =M28/I28*100 -> 99.996229 | P28: =J28-M28 -> 0 | Q28: =H28-J28 -> 0.2274 | R28: 1103599 | S28: =G28-M28 -> 4702.2274 | T28: =G28-J28 -> 4702.2274
E29: 152 | F29: Байланыс қызметтерiне ақы төлеу | G29: 7302 | H29: 5416.5 | I29: 1576 | J29: 5416.4144 | K29: ='1.05.'!M29 -> 1173.4851 | L29: 402.51488 | M29: =K29+L29 -> 1576 | N29: =I29-M29 -> 0 | O29: =M29/I29*100 -> 100 | P29: =J29-M29 -> 3840.4144 | Q29: =H29-J29 -> 0.08564 | R29: 1103600 | S29: =G29-M29 -> 5726 | T29: =G29-J29 -> 1885.5856
E30: 158 | F30: Ақпараттандыру саласындағы жұмыстар мен қызметтерге ақы төлеу | G30: 730 | H30: 730 | I30: 305 | J30: 730 | K30: ='1.05.'!M30 -> 243.332 | L30: 60.833 | M30: =K30+L30 -> 304.165 | N30: =I30-M30 -> 0.835 | O30: =M30/I30*100 -> 99.72623 | P30: =J30-M30 -> 425.835 | Q30: =H30-J30 -> 0 | R30: 1103601 | S30: =G30-M30 -> 425.835 | T30: =G30-J30 -> 0
E31: 159 | F31: Өзге де қызметтер мен жұмыстарға ақы төлеу | G31: =2649+450 -> 3099 | H31: 2411 | I31: 1517.3 | J31: 2411 | K31: ='1.05.'!M31 -> 1295.5411 | L31: 221.25055 | M31: =K31+L31 -> 1516.7916 | N31: =I31-M31 -> 0.50835 | O31: =M31/I31*100 -> 99.966496 | P31: =J31-M31 -> 894.20834 | Q31: =H31-J31 -> 1e-05 | R31: 1103602 | S31: =G31-M31 -> 1582.2084 | T31: =G31-J31 -> 688.00001
E32: 161 | F32: Ел iшiндегi iссапарлар мен қызметтiк сапарлар | G32: =27054-450-5500-5 -> 21099 | H32: 3445 | I32: 3445 | J32: =M32 -> 3436.734 | K32: ='1.05.'!M32 -> 2450 | L32: 986.734 | M32: =K32+L32 -> 3436.734 | N32: =I32-M32 -> 8.266 | O32: =M32/I32*100 -> 99.760058 | P32: =J32-M32 -> 0 | Q32: =H32-J32 -> 8.266 | R32: 1103603 | S32: =G32-M32 -> 17662.266 | T32: =G32-J32 -> 17662.266
E33: 168 | F33: Айыппұлдар, айыптық төлемдер және басқа да төлемдер | G33: 5 | H33: 5 | I33: 5 | J33: =M33 -> 5 | L33: 5 | M33: =K33+L33 -> 5 | N33: =I33-M33 -> 0 | O33: =M33/I33*100 -> 100 | P33: =J33-M33 -> 0 | Q33: =H33-J33 -> 0 | R33: 1103604 | S33: =G33-M33 -> 0
E34: 169 | F34: Өзге де ағымдағы шығындар | J34: =M34 -> 0 | K34: ='1.05.'!M33 -> 0 | M34: =K34+L34 -> 0 | N34: =I34-M34 -> 0 | O34: =M34/I34*100 -> #DIV/0! | P34: =J34-M34 -> 0 | Q34: =H34-J34 -> 0 | R34: 1103604 | S34: =G34-M34 -> 0 | T34: =G34-J34 -> 0
C35: 007 | F35: Капитальные расходы государственных органов | G35: =G36+G37+G38 -> 0 | H35: =H36+H37+H38 -> 0 | I35: =I36+I37+I38 -> 0 | J35: =J36+J37+J38 -> 0 | K35: ='1.05.'!M34 -> 0 | L35: =L36+L37+L38 -> 0 | M35: =M36+M37+M38 -> 0 | N35: =N36+N37+N38 -> 0 | O35: =M35/I35*100 -> #DIV/0! | P35: =J35-M35 -> 0 | Q35: =H35-J35 -> 0 | R35: 1103605 | S35: =G35-M35 -> 0 | T35: =G35-J35 -> 0
E36: 413 | F36: Пробретение транспортных средств | K36: ='1.05.'!M35 -> 0 | M36: =K36+L36 -> 0 | O36: =M36/I36*100 -> #DIV/0! | P36: =J36-M36 -> 0 | Q36: =H36-J36 -> 0 | R36: 1103606 | S36: =G36-M36 -> 0 | T36: =G36-J36 -> 0
E37: 414 | F37: Приобретение машин оборудование, инструментов, производственного и хозяйственного инвентаря | J37: =M37 -> 0 | K37: ='1.05.'!M36 -> 0 | M37: =K37+L37 -> 0 | N37: =I37-M37 -> 0 | O37: =M37/I37*100 -> #DIV/0! | P37: =J37-M37 -> 0 | Q37: =H37-J37 -> 0 | R37: 1103607 | S37: =G37-M37 -> 0 | T37: =G37-J37 -> 0
E38: 419 | F38: Приобретение прочих основных средств | J38: =M38 -> 0 | K38: ='1.05.'!M37 -> 0 | M38: =K38+L38 -> 0 | N38: =I38-M38 -> 0 | O38: =M38/I38*100 -> #DIV/0! | P38: =J38-M38 -> 0 | Q38: =H38-J38 -> 0 | R38: 1103608 | S38: =G38-M38 -> 0
C39: 018 | F39: Үкіметтік емес ұйымдарда мемлекеттік әлеуметтік тапсырысты орналастыру | G39: =G40 -> 10400 | H39: =H40 -> 10400 | I39: =I40 -> 0 | J39: =J40 -> 0 | K39: ='1.02.'!M38 -> 0 | L39: =L40 -> 0 | M39: =M40 -> 0 | N39: =N40 -> 0 | O39: =M39/I39*100 -> #DIV/0! | P39: =J39-M39 -> 0 | Q39: =H39-J39 -> 10400 | R39: 1103609 | S39: =G39-M39 -> 10400 | T39: =G39-J39 -> 10400
D40: 000 | G40: =G41 -> 10400 | H40: =H41 -> 10400 | I40: =I41 -> 0 | J40: =J41 -> 0 | K40: ='1.02.'!M39 -> 0 | M40: =M41 -> 0 | N40: =N41 -> 0 | O40: =M40/I40*100 -> #DIV/0! | P40: =J40-M40 -> 0 | Q40: =H40-J40 -> 10400 | R40: 1103610 | S40: =G40-M40 -> 10400 | T40: =G40-J40 -> 10400
E41: 155 | F41: Мемлекеттік әлеуметтік тапсырыс шеңберінде көрсетілетін қызметтерге ақы төлеу | G41: 10400 | H41: 10400 | I41: 0 | J41: =M41 -> 0 | K41: ='1.02.'!M40 -> 0 | M41: =K41+L41 -> 0 | N41: =I41-M41 -> 0 | O41: =M41/I41*100 -> #DIV/0! | P41: =J41-M41 -> 0 | Q41: =H41-J41 -> 10400 | R41: 1103611 | S41: =G41-M41 -> 10400 | T41: =G41-J41 -> 10400
C42: 031 | F42: Жергілікті атқарушы органдар төлейтін міндетті әлеуметтік медициналық сақтандыруға мемлекеттің жарналарына әлеуметтік медициналық сақтандыру қорына берілетін трансферттер | G42: =G43 -> 1064315 | H42: =H43 -> 5636.7 | I42: =I43 -> 5636.7 | J42: =J43 -> 0 | K42: ='1.02.'!M41 -> 0 | M42: =M43 -> 0 | N42: =N43 -> 5636.7 | O42: =M42/I42*100 -> 0 | P42: =J42-M42 -> 0 | Q42: =H42-J42 -> 5636.7 | R42: 1103612 | S42: =G42-M42 -> 1064315
D43: 000 | G43: =G44 -> 1064315 | H43: =H44 -> 5636.7 | I43: =I44 -> 5636.7 | J43: =J44 -> 0 | K43: ='1.02.'!M42 -> 0 | M43: =M44 -> 0 | N43: =N44 -> 5636.7 | O43: =M43/I43*100 -> 0 | P43: =J43-M43 -> 0 | Q43: =H43-J43 -> 5636.7 | R43: 1103613 | S43: =G43-M43 -> 1064315
E44: 361 | F44: Заңды тұлғаларға трансферттерге арналған шығыстарды есептеу | G44: 1064315 | H44: 5636.7 | I44: 5636.7 | J44: =M44 -> 0 | K44: ='1.02.'!M43 -> 0 | M44: =K44+L44 -> 0 | N44: =I44-M44 -> 5636.7 | O44: =M44/I44*100 -> 0 | P44: =J44-M44 -> 0 | Q44: =H44-J44 -> 5636.7 | R44: 1103614 | S44: =G44-M44 -> 1064315
C45: 113 | F45: Төменгі тұрған бюджеттерге берілетін нысаналы ағымдағы трансферттер | G45: =G46 -> 1464726 | H45: =H46 -> 693424 | I45: =I46 -> 623366 | J45: =J46 -> 623366 | K45: ='1.02.'!M44 -> 125000 | L45: =L46 -> 113711 | M45: =M46 -> 623366 | N45: =N46 -> 0 | O45: =M45/I45*100 -> 100 | P45: =J45-M45 -> 0 | Q45: =H45-J45 -> 70058 | R45: 1103615 | S45: =G45-M45 -> 841360 | T45: =G45-J45 -> 841360
D46: 015 | F46: Жергілікті бюджет қаражаты есебінен | G46: =G47 -> 1464726 | H46: =H47 -> 693424 | I46: =I47 -> 623366 | J46: =J47 -> 623366 | K46: ='1.02.'!M45 -> 125000 | L46: =L47 -> 113711 | M46: =M47 -> 623366 | N46: =N47 -> 0 | O46: =M46/I46*100 -> 100 | P46: =J46-M46 -> 0 | Q46: =H46-J46 -> 70058 | R46: 1103616 | S46: =G46-M46 -> 841360
E47: 339 | F47: Мемлекеттік басқарудың басқа деңгейлеріне берілетін ағымдағы трансферттер | G47: =SUM(G48:G55) -> 1464726 | H47: =SUM(H48:H55) -> 693424 | I47: =SUM(I48:I55) -> 623366 | J47: =SUM(J48:J55) -> 623366 | K47: ='1.02.'!M46 -> 125000 | L47: =SUM(L48:L55) -> 113711 | M47: =SUM(M48:M55) -> 623366 | N47: =SUM(N48:N55) -> 0 | O47: =M47/I47*100 -> 100 | P47: =J47-M47 -> 0 | Q47: =H47-J47 -> 70058 | R47: 1103617 | S47: =G47-M47 -> 841360
F48: Атырау қ. | G48: =G58+G67+G76+G85+G94 -> 547812 | H48: =H58+H67+H76+H85+H94 -> 171658 | I48: =I58+I67+I76+I85+I94 -> 171658 | J48: =J58+J67+J76+J85+J94 -> 171658 | K48: =K58+K67+K76+K85+K94 -> 111815 | L48: =L58+L67+L76+L85+L94 -> 59843 | M48: =M58+M67+M76+M85+M94 -> 171658 | N48: =N58+N67+N76+N85+N94 -> 0 | O48: =M48/I48*100 -> 100 | P48: =J48-M48 -> 0 | Q48: =H48-J48 -> 0 | R48: 1103618 | S48: =G48-M48 -> 376154
F49: Жылыой | G49: =G59+G68+G77+G86+G95 -> 60337 | H49: =H59+H68+H77+H86+H95 -> 38065 | I49: =I59+I68+I77+I86+I95 -> 38065 | J49: =J59+J68+J77+J86+J95 -> 38065 | K49: =K59+K68+K77+K86+K95 -> 27329 | L49: =L59+L68+L77+L86+L95 -> 10736 | M49: =M59+M68+M77+M86+M95 -> 38065 | N49: =N59+N68+N77+N86+N95 -> 0 | O49: =M49/I49*100 -> 100 | P49: =J49-M49 -> 0 | Q49: =H49-J49 -> 0 | R49: 1103619 | S49: =G49-M49 -> 22272
F50: Индер | G50: =G60+G69+G78+G87+G96 -> 123501 | H50: =H60+H69+H78+H87+H96 -> 42015 | I50: =I60+I69+I78+I87+I96 -> 42015 | J50: =J60+J69+J78+J87+J96 -> 42015 | K50: =K60+K69+K78+K87+K96 -> 32950 | L50: =L60+L69+L78+L87+L96 -> 9065 | M50: =M60+M69+M78+M87+M96 -> 42015 | N50: =N60+N69+N78+N87+N96 -> 0 | O50: =M50/I50*100 -> 100 | P50: =J50-M50 -> 0 | Q50: =H50-J50 -> 0 | R50: 1103620 | S50: =G50-M50 -> 81486
F51: Исатай | G51: =G61+G70+G79+G88+G97 -> 48916 | H51: =H61+H70+H79+H88+H97 -> 13707 | I51: =I61+I70+I79+I88+I97 -> 13707 | J51: =J61+J70+J79+J88+J97 -> 13707 | K51: =K61+K70+K79+K88+K97 -> 9356 | L51: =L61+L70+L79+L88+L97 -> 4351 | M51: =M61+M70+M79+M88+M97 -> 13707 | N51: =N61+N70+N79+N88+N97 -> 0 | O51: =M51/I51*100 -> 100 | P51: =J51-M51 -> 0 | Q51: =H51-J51 -> 0 | R51: 1103621 | S51: =G51-M51 -> 35209
F52: Қызылқоға | G52: =G62+G71+G80+G89+G98 -> 85380 | H52: =H62+H71+H80+H89+H98 -> 31632 | I52: =I62+I71+I80+I89+I98 -> 31632 | J52: =J62+J71+J80+J89+J98 -> 31632 | K52: =K62+K71+K80+K89+K98 -> 22403 | L52: =L62+L71+L80+L89+L98 -> 9229 | M52: =M62+M71+M80+M89+M98 -> 31632 | N52: =N62+N71+N80+N89+N98 -> 0 | O52: =M52/I52*100 -> 100 | P52: =J52-M52 -> 0 | Q52: =H52-J52 -> 0 | R52: 1103622 | S52: =G52-M52 -> 53748
F53: Құрманғазы | G53: =G63+G72+G81+G90+G99 -> 145294 | H53: =H63+H72+H81+H90+H99 -> 38422 | I53: =I63+I72+I81+I90+I99 -> 38422 | J53: =J63+J72+J81+J90+J99 -> 38422 | K53: =K63+K72+K81+K90+K99 -> 30140 | L53: =L63+L72+L81+L90+L99 -> 8282 | M53: =M63+M72+M81+M90+M99 -> 38422 | N53: =N63+N72+N81+N90+N99 -> 0 | O53: =M53/I53*100 -> 100 | P53: =J53-M53 -> 0 | Q53: =H53-J53 -> 0 | R53: 1103623 | S53: =G53-M53 -> 106872
F54: Макат | G54: =G64+G73+G82+G91+G100 -> 379340 | H54: =H64+H73+H82+H91+H100 -> 330159 | I54: =I64+I73+I82+I91+I100 -> 260101 | J54: =J64+J73+J82+J91+J100 -> 260101 | K54: =K64+K73+K82+K91+K100 -> 256035 | L54: =L64+L73+L82+L91+L100 -> 4066 | M54: =M64+M73+M82+M91+M100 -> 260101 | N54: =N64+N73+N82+N91+N100 -> 0 | O54: =M54/I54*100 -> 100 | P54: =J54-M54 -> 0 | Q54: =H54-J54 -> 70058 | R54: 1103624 | S54: =G54-M54 -> 119239
F55: Махамбет | G55: =G65+G74+G83+G92+G101 -> 74146 | H55: =H65+H74+H83+H92+H101 -> 27766 | I55: =I65+I74+I83+I92+I101 -> 27766 | J55: =J65+J74+J83+J92+J101 -> 27766 | K55: =K65+K74+K83+K92+K101 -> 19627 | L55: =L65+L74+L83+L92+L101 -> 8139 | M55: =M65+M74+M83+M92+M101 -> 27766 | N55: =N65+N74+N83+N92+N101 -> 0 | O55: =M55/I55*100 -> 100 | P55: =J55-M55 -> 0 | Q55: =H55-J55 -> 0 | R55: 1103625 | S55: =G55-M55 -> 46380
F56: оның ішінде: | J56: =M56 -> #REF! | K56: ='1.02.'!M55 -> #REF! | M56: =K56+L56 -> #REF! | N56: =I56-M56 -> #REF! | O56: =M56/I56*100 -> #REF! | P56: =J56-M56 -> #REF! | Q56: =H56-J56 -> #REF! | R56: 1103626 | S56: =G56-M56 -> #REF!
F57: Мемлекеттік атаулы әлеуметтік көмек төлеуге | G57: =SUM(G58:G65) -> 615150 | H57: =SUM(H58:H65) -> 186048 | I57: =SUM(I58:I65) -> 186048 | J57: =SUM(J58:J65) -> 186048 | K57: =SUM(K58:K65) -> 132321 | L57: =SUM(L58:L65) -> 53727 | M57: =SUM(M58:M65) -> 186048 | N57: =SUM(N58:N65) -> 0 | O57: =M57/I57*100 -> 100 | P57: =J57-M57 -> 0 | Q57: =H57-J57 -> 0 | R57: 1103627 | S57: =G57-M57 -> 429102
F58: Атырау қ. | G58: 233757 | H58: =14105+15933+16957+18744 -> 65739 | I58: =H58 -> 65739 | J58: =M58 -> 65739 | K58: ='1.05.'!M57 -> 46995 | L58: 18744 | M58: =K58+L58 -> 65739 | N58: =I58-M58 -> 0 | O58: =M58/I58*100 -> 100 | P58: =J58-M58 -> 0 | Q58: =H58-J58 -> 0 | R58: 1103628 | S58: =G58-M58 -> 168018
F59: Жылыой | G59: 33218 | H59: =3154+3907+4339+5408 -> 16808 | I59: =H59 -> 16808 | J59: =M59 -> 16808 | K59: ='1.05.'!M58 -> 11400 | L59: 5408 | M59: =K59+L59 -> 16808 | N59: =I59-M59 -> 0 | O59: =M59/I59*100 -> 100 | P59: =J59-M59 -> 0 | Q59: =H59-J59 -> 0 | R59: 1103629 | S59: =G59-M59 -> 16410
F60: Индер | G60: 91657 | H60: =5815+6877+7129+7351 -> 27172 | I60: =H60 -> 27172 | J60: =M60 -> 27172 | K60: ='1.05.'!M59 -> 19821 | L60: 7351 | M60: =K60+L60 -> 27172 | N60: =I60-M60 -> 0 | O60: =M60/I60*100 -> 100 | P60: =J60-M60 -> 0 | Q60: =H60-J60 -> 0 | R60: 1103630 | S60: =G60-M60 -> 64485
F61: Исатай | G61: 25221 | H61: =1864+2063+2209+2618 -> 8754 | I61: =H61 -> 8754 | J61: =M61 -> 8754 | K61: ='1.05.'!M60 -> 6136 | L61: 2618 | M61: =K61+L61 -> 8754 | N61: =I61-M61 -> 0 | O61: =M61/I61*100 -> 100 | P61: =J61-M61 -> 0 | Q61: =H61-J61 -> 0 | R61: 1103631 | S61: =G61-M61 -> 16467
F62: Қызылқоға | G62: 55364 | H62: =4910+5242+5520+5520 -> 21192 | I62: =H62 -> 21192 | J62: =M62 -> 21192 | K62: ='1.05.'!M61 -> 15672 | L62: 5520 | M62: =K62+L62 -> 21192 | N62: =I62-M62 -> 0 | O62: =M62/I62*100 -> 100 | P62: =J62-M62 -> 0 | Q62: =H62-J62 -> 0 | R62: 1103632 | S62: =G62-M62 -> 34172
F63: Құрманғазы | G63: 96579 | H63: =5824+6008+6007+7486 -> 25325 | I63: =H63 -> 25325 | J63: =M63 -> 25325 | K63: ='1.05.'!M62 -> 17839 | L63: 7486 | M63: =K63+L63 -> 25325 | N63: =I63-M63 -> 0 | O63: =M63/I63*100 -> 100 | P63: =J63-M63 -> 0 | Q63: =H63-J63 -> 0 | R63: 1103633 | S63: =G63-M63 -> 71254
F64: Макат | G64: 33833 | H64: =2019+2264+2458+2800 -> 9541 | I64: =H64 -> 9541 | J64: =M64 -> 9541 | K64: ='1.05.'!M63 -> 6741 | L64: 2800 | M64: =K64+L64 -> 9541 | N64: =I64-M64 -> 0 | O64: =M64/I64*100 -> 100 | P64: =J64-M64 -> 0 | Q64: =H64-J64 -> 0 | R64: 1103634 | S64: =G64-M64 -> 24292
F65: Махамбет | G65: 45521 | H65: =2410+2633+2674+3800 -> 11517 | I65: =H65 -> 11517 | J65: =M65 -> 11517 | K65: ='1.05.'!M64 -> 7717 | L65: 3800 | M65: =K65+L65 -> 11517 | N65: =I65-M65 -> 0 | O65: =M65/I65*100 -> 100 | P65: =J65-M65 -> 0 | Q65: =H65-J65 -> 0 | R65: 1103635 | S65: =G65-M65 -> 34004
F66: 1 жастан 6 жасқа дейін балаларды қоса алғанда берілетін қосымша төлемдер | G66: =SUM(G67:G74) -> 111098 | H66: =SUM(H67:H74) -> 18910 | I66: =SUM(I67:I74) -> 18910 | J66: =SUM(J67:J74) -> 18910 | K66: =SUM(K67:K74) -> 14157 | L66: =SUM(L67:L74) -> 4753 | M66: =SUM(M67:M74) -> 18910 | N66: =SUM(N67:N74) -> 0 | O66: =M66/I66*100 -> 100 | P66: =J66-M66 -> 0 | Q66: =H66-J66 -> 0 | R66: 1103636 | S66: =G66-M66 -> 92188
F67: Атырау қ. | G67: 38884 | H67: =1421+1689+1718+1574 -> 6402 | I67: =H67 -> 6402 | J67: =M67 -> 6402 | K67: ='1.05.'!M66 -> 4828 | L67: 1574 | M67: =K67+L67 -> 6402 | N67: =I67-M67 -> 0 | O67: =M67/I67*100 -> 100 | P67: =J67-M67 -> 0 | Q67: =H67-J67 -> 0 | R67: 1103637 | S67: =G67-M67 -> 32482
F68: Жылыой | G68: 7221 | H68: =238+322+361+438 -> 1359 | I68: =H68 -> 1359 | J68: =M68 -> 1359 | K68: ='1.05.'!M67 -> 921 | L68: 438 | M68: =K68+L68 -> 1359 | N68: =I68-M68 -> 0 | O68: =M68/I68*100 -> 100 | P68: =J68-M68 -> 0 | Q68: =H68-J68 -> 0 | R68: 1103638 | S68: =G68-M68 -> 5862
F69: Индер | G69: 13554 | H69: =588+692+689+609 -> 2578 | I69: =H69 -> 2578 | J69: =M69 -> 2578 | K69: ='1.05.'!M68 -> 1969 | L69: 609 | M69: =K69+L69 -> 2578 | N69: =I69-M69 -> 0 | O69: =M69/I69*100 -> 100 | P69: =J69-M69 -> 0 | Q69: =H69-J69 -> 0 | R69: 1103639 | S69: =G69-M69 -> 10976
F70: Исатай | G70: 4777 | H70: =215+246+259+233 -> 953 | I70: =H70 -> 953 | J70: =M70 -> 953 | K70: ='1.05.'!M69 -> 720 | L70: 233 | M70: =K70+L70 -> 953 | N70: =I70-M70 -> 0 | O70: =M70/I70*100 -> 100 | P70: =J70-M70 -> 0 | Q70: =H70-J70 -> 0 | R70: 1103640 | S70: =G70-M70 -> 3824
F71: Қызылқоға | G71: 10999 | H71: =508+650+573+459 -> 2190 | I71: =H71 -> 2190 | J71: =M71 -> 2190 | K71: ='1.05.'!M70 -> 1731 | L71: 459 | M71: =K71+L71 -> 2190 | N71: =I71-M71 -> 0 | O71: =M71/I71*100 -> 100 | P71: =J71-M71 -> 0 | Q71: =H71-J71 -> 0 | R71: 1103641 | S71: =G71-M71 -> 8809
F72: Құрманғазы | G72: 21109 | H72: =766+770+765+796 -> 3097 | I72: =H72 -> 3097 | J72: =M72 -> 3097 | K72: ='1.05.'!M71 -> 2301 | L72: 796 | M72: =K72+L72 -> 3097 | N72: =I72-M72 -> 0 | O72: =M72/I72*100 -> 100 | P72: =J72-M72 -> 0 | Q72: =H72-J72 -> 0 | R72: 1103642 | S72: =G72-M72 -> 18012
F73: Макат | G73: 6554 | H73: =234+267+315+266 -> 1082 | I73: =H73 -> 1082 | J73: =M73 -> 1082 | K73: ='1.05.'!M72 -> 816 | L73: 266 | M73: =K73+L73 -> 1082 | N73: =I73-M73 -> 0 | O73: =M73/I73*100 -> 100 | P73: =J73-M73 -> 0 | Q73: =H73-J73 -> 0 | R73: 1103643 | S73: =G73-M73 -> 5472
F74: Махамбет | G74: 8000 | H74: =267+286+318+378 -> 1249 | I74: =H74 -> 1249 | J74: =M74 -> 1249 | K74: ='1.05.'!M73 -> 871 | L74: 378 | M74: =K74+L74 -> 1249 | N74: =I74-M74 -> 0 | O74: =M74/I74*100 -> 100 | P74: =J74-M74 -> 0 | Q74: =H74-J74 -> 0 | R74: 1103644 | S74: =G74-M74 -> 6751
F75: Күрделі жөндеу | G75: =SUM(G76:G83) -> 314536 | H75: =SUM(H76:H83) -> 314536 | I75: =SUM(I76:I83) -> 244478 | J75: =SUM(J76:J83) -> 244478 | K75: =SUM(K76:K83) -> 244478 | L75: =SUM(L76:L83) -> 0 | M75: =SUM(M76:M83) -> 244478 | N75: =SUM(N76:N83) -> 0 | O75: =SUM(O76:O83) -> #DIV/0! | P75: =J75-M75 -> 0 | Q75: =H75-J75 -> 70058 | R75: 1103645 | S75: =G75-M75 -> 70058
F76: Атырау қ. | J76: =M76 -> 0 | K76: ='1.05.'!M75 -> 0 | M76: =K76+L76 -> 0 | N76: =I76-M76 -> 0 | O76: =M76/I76*100 -> #DIV/0! | P76: =J76-M76 -> 0 | Q76: =H76-J76 -> 0 | R76: 1103646 | S76: =G76-M76 -> 0
F77: Жылыой | J77: =M77 -> 0 | K77: ='1.05.'!M76 -> 0 | M77: =K77+L77 -> 0 | N77: =I77-M77 -> 0 | O77: =M77/I77*100 -> #DIV/0! | P77: =J77-M77 -> 0 | Q77: =H77-J77 -> 0 | R77: 1103647 | S77: =G77-M77 -> 0
F78: Индер | J78: =M78 -> 0 | K78: ='1.05.'!M77 -> 0 | M78: =K78+L78 -> 0 | N78: =I78-M78 -> 0 | O78: =M78/I78*100 -> #DIV/0! | P78: =J78-M78 -> 0 | Q78: =H78-J78 -> 0 | R78: 1103648 | S78: =G78-M78 -> 0
F79: Исатай | J79: =M79 -> 0 | K79: ='1.05.'!M78 -> 0 | M79: =K79+L79 -> 0 | N79: =I79-M79 -> 0 | O79: =M79/I79*100 -> #DIV/0! | P79: =J79-M79 -> 0 | Q79: =H79-J79 -> 0 | R79: 1103649 | S79: =G79-M79 -> 0
F80: Қызылқоға | J80: =M80 -> 0 | K80: ='1.05.'!M79 -> 0 | M80: =K80+L80 -> 0 | N80: =I80-M80 -> 0 | O80: =M80/I80*100 -> #DIV/0! | P80: =J80-M80 -> 0 | Q80: =H80-J80 -> 0 | R80: 1103650 | S80: =G80-M80 -> 0
F81: Құрманғазы | J81: =M81 -> 0 | K81: ='1.05.'!M80 -> 0 | M81: =K81+L81 -> 0 | N81: =I81-M81 -> 0 | O81: =M81/I81*100 -> #DIV/0! | P81: =J81-M81 -> 0 | Q81: =H81-J81 -> 0 | R81: 1103651 | S81: =G81-M81 -> 0
F82: Макат | G82: 314536 | H82: 314536 | I82: =125000+119478 -> 244478 | J82: =M82 -> 244478 | K82: ='1.05.'!M81 -> 244478 | M82: =K82+L82 -> 244478 | N82: =I82-M82 -> 0 | O82: =M82/I82*100 -> 100 | P82: =J82-M82 -> 0 | Q82: =H82-J82 -> 70058 | R82: 1103652 | S82: =G82-M82 -> 70058
F83: Махамбет | J83: =M83 -> 0 | K83: ='1.05.'!M82 -> 0 | M83: =K83+L83 -> 0 | N83: =I83-M83 -> 0 | O83: =M83/I83*100 -> #DIV/0! | P83: =J83-M83 -> 0 | Q83: =H83-J83 -> 0 | R83: 1103653 | S83: =G83-M83 -> 0
F84: Мүгедектігі бар адамдарды техникалық көмекші құралдармен және арнаулы жүріп тұру құралдармен қамтамасыз ету | G84: =SUM(G85:G92) -> 293942 | H84: =SUM(H85:H92) -> 139708 | I84: =SUM(I85:I92) -> 139708 | J84: =SUM(J85:J92) -> 139708 | K84: =SUM(K85:K92) -> 117083 | L84: =SUM(L85:L92) -> 22625 | M84: =SUM(M85:M92) -> 139708 | N84: =SUM(N85:N92) -> 0 | O84: =SUM(O85:O92) -> 800 | P84: =J84-M84 -> 0 | Q84: =H84-J84 -> 0 | R84: 1103654 | S84: =G84-M84 -> 154234
F85: Атырау қ. | G85: 188942 | H85: =20908+10000+29084+13201 -> 73193 | I85: =H85 -> 73193 | J85: =M85 -> 73193 | K85: ='1.05.'!M84 -> 59992 | L85: 13201 | M85: =K85+L85 -> 73193 | N85: =I85-M85 -> 0 | O85: =M85/I85*100 -> 100 | P85: =J85-M85 -> 0 | Q85: =H85-J85 -> 0 | R85: 1103655 | S85: =G85-M85 -> 115749
F86: Жылыой | G86: 15000 | H86: =6986+7406+608 -> 15000 | I86: =H86 -> 15000 | J86: =M86 -> 15000 | K86: ='1.05.'!M85 -> 14392 | L86: 608 | M86: =K86+L86 -> 15000 | N86: =I86-M86 -> 0 | O86: =M86/I86*100 -> 100 | P86: =J86-M86 -> 0 | Q86: =H86-J86 -> 0 | R86: 1103656 | S86: =G86-M86 -> 0
F87: Индер | G87: 15000 | H87: =3950+6105+1105+1105 -> 12265 | I87: =H87 -> 12265 | J87: =M87 -> 12265 | K87: ='1.05.'!M86 -> 11160 | L87: 1105 | M87: =K87+L87 -> 12265 | N87: =I87-M87 -> 0 | O87: =M87/I87*100 -> 100 | P87: =J87-M87 -> 0 | Q87: =H87-J87 -> 0 | R87: 1103657 | S87: =G87-M87 -> 2735
F88: Исатай | G88: 15000 | H88: =1000+1500+1500 -> 4000 | I88: =H88 -> 4000 | J88: =M88 -> 4000 | K88: ='1.05.'!M87 -> 2500 | L88: 1500 | M88: =K88+L88 -> 4000 | N88: =I88-M88 -> 0 | O88: =M88/I88*100 -> 100 | P88: =J88-M88 -> 0 | Q88: =H88-J88 -> 0 | R88: 1103658 | S88: =G88-M88 -> 11000
F89: Қызылқоға | G89: 15000 | H89: =2500+1250+1250+1250 -> 6250 | I89: =H89 -> 6250 | J89: =M89 -> 6250 | K89: ='1.05.'!M88 -> 5000 | L89: 1250 | M89: =K89+L89 -> 6250 | N89: =I89-M89 -> 0 | O89: =M89/I89*100 -> 100 | P89: =J89-M89 -> 0 | Q89: =H89-J89 -> 0 | R89: 1103659 | S89: =G89-M89 -> 8750
F90: Құрманғазы | G90: 15000 | H90: =5000+5000 -> 10000 | I90: =H90 -> 10000 | J90: =M90 -> 10000 | K90: ='1.05.'!M89 -> 10000 | M90: =K90+L90 -> 10000 | N90: =I90-M90 -> 0 | O90: =M90/I90*100 -> 100 | P90: =J90-M90 -> 0 | Q90: =H90-J90 -> 0 | R90: 1103660 | S90: =G90-M90 -> 5000
F91: Макат | G91: 15000 | H91: =1000+1000+1000+1000 -> 4000 | I91: =H91 -> 4000 | J91: =M91 -> 4000 | K91: ='1.05.'!M90 -> 3000 | L91: 1000 | M91: =K91+L91 -> 4000 | N91: =I91-M91 -> 0 | O91: =M91/I91*100 -> 100 | P91: =J91-M91 -> 0 | Q91: =H91-J91 -> 0 | R91: 1103661 | S91: =G91-M91 -> 11000
F92: Махамбет | G92: 15000 | H92: =1440+3462+6137+3961 -> 15000 | I92: =H92 -> 15000 | J92: =M92 -> 15000 | K92: ='1.05.'!M91 -> 11039 | L92: 3961 | M92: =K92+L92 -> 15000 | N92: =I92-M92 -> 0 | O92: =M92/I92*100 -> 100 | P92: =J92-M92 -> 0 | Q92: =H92-J92 -> 0 | R92: 1103662 | S92: =G92-M92 -> 0
F93: Протездік - ортопедиялық көмекпен қамтамасыз ету | G93: =SUM(G94:G101) -> 130000 | H93: =SUM(H94:H101) -> 34222 | I93: =SUM(I94:I101) -> 34222 | J93: =SUM(J94:J101) -> 34222 | K93: =SUM(K94:K101) -> 1616 | L93: =SUM(L94:L101) -> 32606 | M93: =SUM(M94:M101) -> 34222 | N93: =SUM(N94:N101) -> 0 | O93: =SUM(O94:O101) -> #DIV/0! | P93: =J93-M93 -> 0 | Q93: =H93-J93 -> 0 | R93: 1103654 | S93: =G93-M93 -> 95778
F94: Атырау қ. | G94: 86229 | H94: 26324 | I94: =H94 -> 26324 | J94: =M94 -> 26324 | K94: ='1.05.'!M93 -> 0 | L94: 26324 | M94: =K94+L94 -> 26324 | N94: =I94-M94 -> 0 | O94: =M94/I94*100 -> 100 | P94: =J94-M94 -> 0 | Q94: =H94-J94 -> 0 | R94: 1103655 | S94: =G94-M94 -> 59905
F95: Жылыой | G95: 4898 | H95: =616+4282 -> 4898 | I95: =H95 -> 4898 | J95: =M95 -> 4898 | K95: ='1.05.'!M94 -> 616 | L95: 4282 | M95: =K95+L95 -> 4898 | N95: =I95-M95 -> 0 | O95: =M95/I95*100 -> 100 | P95: =J95-M95 -> 0 | Q95: =H95-J95 -> 0 | R95: 1103656 | S95: =G95-M95 -> 0
F96: Индер | G96: 3290 | I96: =H96 -> 0 | J96: =M96 -> 0 | K96: ='1.05.'!M95 -> 0 | M96: =K96+L96 -> 0 | N96: =I96-M96 -> 0 | O96: =M96/I96*100 -> #DIV/0! | P96: =J96-M96 -> 0 | Q96: =H96-J96 -> 0 | R96: 1103657 | S96: =G96-M96 -> 3290
F97: Исатай | G97: 3918 | I97: =H97 -> 0 | J97: =M97 -> 0 | K97: ='1.05.'!M96 -> 0 | M97: =K97+L97 -> 0 | N97: =I97-M97 -> 0 | O97: =M97/I97*100 -> #DIV/0! | P97: =J97-M97 -> 0 | Q97: =H97-J97 -> 0 | R97: 1103658 | S97: =G97-M97 -> 3918
F98: Қызылқоға | G98: 4017 | H98: 2000 | I98: =H98 -> 2000 | J98: =M98 -> 2000 | K98: ='1.05.'!M97 -> 0 | L98: 2000 | M98: =K98+L98 -> 2000 | N98: =I98-M98 -> 0 | O98: =M98/I98*100 -> 100 | P98: =J98-M98 -> 0 | Q98: =H98-J98 -> 0 | R98: 1103659 | S98: =G98-M98 -> 2017
F99: Құрманғазы | G99: 12606 | I99: =H99 -> 0 | J99: =M99 -> 0 | K99: ='1.05.'!M98 -> 0 | M99: =K99+L99 -> 0 | N99: =I99-M99 -> 0 | O99: =M99/I99*100 -> #DIV/0! | P99: =J99-M99 -> 0 | Q99: =H99-J99 -> 0 | R99: 1103660 | S99: =G99-M99 -> 12606
F100: Макат | G100: 9417 | H100: 1000 | I100: =H100 -> 1000 | J100: =M100 -> 1000 | K100: ='1.05.'!M99 -> 1000 | M100: =K100+L100 -> 1000 | N100: =I100-M100 -> 0 | O100: =M100/I100*100 -> 100 | P100: =J100-M100 -> 0 | Q100: =H100-J100 -> 0 | R100: 1103661 | S100: =G100-M100 -> 8417
F101: Махамбет | G101: 5625 | I101: =H101 -> 0 | J101: =M101 -> 0 | K101: ='1.05.'!M100 -> 0 | M101: =K101+L101 -> 0 | N101: =I101-M101 -> 0 | O101: =M101/I101*100 -> #DIV/0! | P101: =J101-M101 -> 0 | Q101: =H101-J101 -> 0 | R101: 1103662 | S101: =G101-M101 -> 5625
...

Sheet 1.07. 
F1: 2026 жылғы маусым айына арналған талдау
A3: Әкім шісі | B3: ММ коды | C3: Бағдарлама | D3: Кіші бағда лама | E3: Ерекшілік | F3: Шығыстардың атауы | G3: 2026 жылға арналған қаржы жоспары | H3: Жыл басынан бастап қаржыландыру жоспары | J3: Жыл басынан бері қабылданған міндеттемелердің жалпы сомасы | K3: Орындалған міндеттемелер | N3: 30.02.2026 қалдық | O3: % игерілуі | P3: Өтелмеген қабылданған міндеттемелер | Q3: Жвл басынан берң қабылданбаған міндеттемелер көлемі (міндеттемелер жоспарына қатысты қалған қаражат) | R3: ожидаемое освоение до конца года | S3: Жоспардан ауытқу , орындалудың күтілімі
H4: міндеттемелер | I4: төлемдер | K4: Бұрын төленген айлар | L4: ғымдағы ай үшін | M4: Жыл басынан бері
A5: 256 | F5: Облыстың жұмыспен қамтуды үйлестіру және әлеуметтік бағдарламалар басқармасы | G5: =G6+G109+G130+G153+G180+G206+G230+G281 -> 17032809 | H5: =H6+H109+H130+H153+H180+H206+H230+H281 -> 6232358.1 | I5: =I6+I109+I130+I153+I180+I206+I230+I281 -> 5641806.3 | J5: =J6+J109+J130+J153+J180+J206+J230+J281 -> 6113189.2 | K5: =K6+K109+K130+K153+K180+K206+K230+K281 -> 701138.34 | L5: =L6+L109+L130+L153+L180+L206+L230+L281 -> 1347483.6 | M5: =M6+M109+M130+M153+M180+M206+M230+M281 -> 5620298.3 | N5: =N6+N109+N130+N153+N180+N206+N230+N281 -> 21508.035 | O5: =M5/I5*100 -> 99.618774 | P5: =J5-M5 -> 492890.91 | Q5: =H5-J5 -> 119168.92 | R5: 1103576 | S5: =G5-M5 -> 11412511
B6: 1261 | F6: "Жұмыспен қамтуды үйлестіру және бюджеттік бағдарламалар басқармасы" ММ | G6: =G7+G13+G35+G39+G42+G45+G102+G106 -> 5070963 | H6: =H7+H13+H35+H39+H42+H45+H102+H106 -> 1947545.6 | I6: =I7+I13+I35+I39+I42+I45+I102+I106 -> 1853045.1 | J6: =J7+J13+J35+J39+J42+J45+J102+J106 -> 1865455.1 | K6: ='1.02.'!M6 -> 305263.96 | L6: =L7+L13+L35+L39+L42+L45+L102+L106 -> 522853.14 | M6: =M7+M13+M35+M39+M42+M45+M102+M106 -> 1852916.5 | N6: =N7+N13+N35+N39+N42+N45+N102+N106 -> 128.57787 | O6: =M6/I6*100 -> 99.993061 | P6: =J6-M6 -> 12538.54 | Q6: =H6-J6 -> 82090.538 | R6: 1103577 | S6: =G6-M6 -> 3218046.5
C7: 003 | F7: Мүгедектігі бар адамдарға әлеуметтік қолдау | G7: =G8+G10 -> 2050255 | H7: =H8+H10 -> 810958.5 | I7: =I8+I10 -> 810403.5 | J7: =J8+J10 -> 810403.41 | K7: ='1.02.'!M7 -> 164988.71 | L7: =L8+L10 -> 223835 | M7: =M8+M10 -> 810403.41 | N7: =N8+N10 -> 0.09379 | O7: =M7/I7*100 -> 99.999988 | P7: =J7-M7 -> 0 | Q7: =H7-J7 -> 555.09379 | R7: 1103578 | S7: =G7-M7 -> 1239851.6
D8: 102 | F8: Мүгедектігі бар адамды оңалтудың жеке бағдарламасына сәйкес мүгедектігі бар адамдардың және мүгедектігі бар балалардың санаторлық-курорттық емделуін қамтамасыз ету | G8: =G9 -> 2014974 | H8: =H9 -> 784539 | I8: =I9 -> 784539 | J8: =J9 -> 784539 | K8: ='1.02.'!M8 -> 150000 | L8: =L9 -> 223835 | M8: =M9 -> 784539 | N8: =N9 -> 0 | O8: =M8/I8*100 -> 100 | P8: =J8-M8 -> 0 | Q8: =H8-J8 -> 0 | R8: 1103579 | S8: =G8-M8 -> 1230435
E9: 322 | F9: Жеке тұлғаларға берілетін трансферттер | G9: 2014974 | H9: 784539 | I9: 784539 | J9: 784539 | K9: ='1.06.'!M9 -> 560704 | L9: 223835 | M9: =K9+L9 -> 784539 | N9: =I9-M9 -> 0 | O9: =M9/I9*100 -> 100 | P9: =J9-M9 -> 0 | Q9: =H9-J9 -> 0 | R9: 1103580 | S9: =G9-M9 -> 1230435 | T9: =G9-J9 -> 1230435
D10: 106 | F10: Протездеу,үйрету жөнінде медициналық қызметтер көрсету протездік-ортопедиялық құралдарымен және оларды пайдалануды қамтамасыз ету | G10: =G11+G12 -> 35281 | H10: =H11+H12 -> 26419.5 | I10: =I11+I12 -> 25864.5 | J10: =J11+J12 -> 25864.406 | K10: ='1.02.'!M10 -> 14988.708 | L10: =L11+L12 -> 0 | M10: =M11+M12 -> 25864.406 | N10: =N11+N12 -> 0.09379 | O10: =M10/I10*100 -> 99.999637 | P10: =J10-M10 -> 0 | Q10: =H10-J10 -> 555.09379 | R10: 1103581 | S10: =G10-M10 -> 9416.5938 | T10: =G10-J10 -> 9416.5938
E11: 159 | F11: Өзге де қызметтер мен жұмыстарға ақы төлеу | G11: 1745 | H11: 1745 | I11: 1190 | J11: 1190 | K11: ='1.06.'!M11 -> 1190 | M11: =K11+L11 -> 1190 | N11: =I11-M11 -> 0 | O11: =M11/I11*100 -> 100 | P11: =J11-M11 -> 0 | Q11: =H11-J11 -> 555 | R11: 1103582 | S11: =G11-M11 -> 555 | T11: =G11-J11 -> 555
E12: 322 | F12: Жеке тұлғаларға берілетін трансферттер | G12: =163536-130000 -> 33536 | H12: 24674.5 | I12: 24674.5 | J12: =M12 -> 24674.406 | K12: ='1.06.'!M12 -> 24674.406 | M12: =K12+L12 -> 24674.406 | N12: =I12-M12 -> 0.09379 | O12: =M12/I12*100 -> 99.99962 | P12: =J12-M12 -> 0 | Q12: =H12-J12 -> 0.09379 | R12: 1103583 | S12: =G12-M12 -> 8861.5938 | T12: =G12-J12 -> 8861.5938
C13: 001 | F13: Жергілікті деңгейде жұмыспен қамтуды қамтамасыз ету және халық үшін әлеуметтік бағдарламаларды іске асыру саласында мемлекеттік саясатты іске асыру жөніндегі қызметтер | G13: =G14 -> 260651 | H13: =H14 -> 136478.4 | I13: =I14 -> 131834.2 | J13: =J14 -> 136351.15 | K13: ='1.02.'!M13 -> 15275.257 | L13: =L14 -> 16026.646 | M13: =M14 -> 131705.92 | N13: =N14 -> 128.27774 | O13: =M13/I13*100 -> 99.902698 | P13: =J13-M13 -> 4645.2291 | Q13: =H13-J13 -> 127.24859 | R13: 1103584 | S13: =G13-M13 -> 128945.08 | T13: =G13-J13 -> 124299.85
D14: 015 | F14: Жергілікті бюджет қаражаты есебінен | G14: =SUM(G15:G34) -> 260651 | H14: =SUM(H15:H34) -> 136478.4 | I14: =SUM(I15:I34) -> 131834.2 | J14: =SUM(J15:J34) -> 136351.15 | K14: =SUM(K15:K34) -> 115679.28 | L14: =SUM(L15:L34) -> 16026.646 | M14: =SUM(M15:M34) -> 131705.92 | N14: =SUM(N15:N34) -> 128.27774 | O14: =M14/I14*100 -> 99.902698 | P14: =J14-M14 -> 4645.2291 | Q14: =H14-J14 -> 127.24859 | R14: 1103585 | S14: =G14-M14 -> 128945.08 | T14: =G14-J14 -> 124299.85
E15: 111 | F15: Еңбек ақы | G15: =121539-1020-413.7 -> 120105.3 | H15: 58566.3 | I15: 58566.3 | J15: =M15 -> 58566.3 | K15: ='1.06.'!M15 -> 48566.3 | L15: 10000 | M15: =K15+L15 -> 58566.3 | N15: =I15-M15 -> 0 | O15: =M15/I15*100 -> 100 | P15: =J15-M15 -> 0 | Q15: =H15-J15 -> 0 | R15: 1103586 | S15: =G15-M15 -> 61539 | T15: =G15-J15 -> 61539
E16: 112 | F16: Қосымша ақшалай төлімдер | G16: =17318+7540+642.7 -> 25500.7 | H16: 25500.7 | I16: 25500.7 | J16: =M16 -> 25500.61 | K16: ='1.06.'!M16 -> 25500.61 | M16: =K16+L16 -> 25500.61 | N16: =I16-M16 -> 0.09 | O16: =M16/I16*100 -> 99.999647 | P16: =J16-M16 -> 0 | Q16: =H16-J16 -> 0.09 | R16: 1103587 | S16: =G16-M16 -> 0.09 | T16: =G16-J16 -> 0.09
E17: 113 | F17: Өтемақы төлемдері | G17: 20256 | H17: 9342.3 | I17: 9342.3 | J17: =M17 -> 9342.296 | K17: ='1.06.'!M17 -> 7840.2 | L17: 1502.096 | M17: =K17+L17 -> 9342.296 | N17: =I17-M17 -> 0.004 | O17: =M17/I17*100 -> 99.999957 | P17: =J17-M17 -> 0 | Q17: =H17-J17 -> 0.004 | R17: 1103588 | S17: =G17-M17 -> 10913.704 | T17: =G17-J17 -> 10913.704
E18: 116 | F18: Жұмыс берушінің міндетті зейнетақы жарналары | G18: =4860-300-110 -> 4450 | H18: 2260 | I18: 2260 | J18: =M18 -> 2257.467 | K18: ='1.06.'!M18 -> 2004.735 | L18: 252.732 | M18: =K18+L18 -> 2257.467 | N18: =I18-M18 -> 2.533 | O18: =M18/I18*100 -> 99.88792 | P18: =J18-M18 -> 0 | Q18: =H18-J18 -> 2.533 | R18: 1103589 | S18: =G18-M18 -> 2192.533 | T18: =G18-J18 -> 2192.533
E19: 121 | F19: Әлеуметтік салық | G19: 8331 | H19: 4713 | I19: 4713 | J19: =M19 -> 4713 | K19: ='1.06.'!M19 -> 3896 | L19: 817 | M19: =K19+L19 -> 4713 | N19: =I19-M19 -> 0 | O19: =M19/I19*100 -> 100 | P19: =J19-M19 -> 0 | Q19: =H19-J19 -> 0 | R19: 1103590 | S19: =G19-M19 -> 3618 | T19: =G19-J19 -> 3618
E20: 122 | F20: Мемлекеттік әлеуметтік сақтандыру қорына әлеуметтік аударымдар | G20: =6943-520-65 -> 6358 | H20: 3165 | I20: 3165 | J20: =M20 -> 3164.8646 | K20: ='1.06.'!M20 -> 2779.4576 | L20: 385.407 | M20: =K20+L20 -> 3164.8646 | N20: =I20-M20 -> 0.13536 | O20: =M20/I20*100 -> 99.995723 | P20: =J20-M20 -> 0 | Q20: =H20-J20 -> 0.13536 | R20: 1103591 | S20: =G20-M20 -> 3193.1354 | T20: =G20-J20 -> 3193.1354
E21: 123 | F21: Міндетті сақтандыру жарналары | G21: 63 | J21: =M21 -> 0 | K21: ='1.06.'!M21 -> 0 | M21: =K21+L21 -> 0 | N21: =I21-M21 -> 0 | O21: =M21/I21*100 -> #DIV/0! | P21: =J21-M21 -> 0 | Q21: =H21-J21 -> 0 | R21: 1103592 | S21: =G21-M21 -> 63 | T21: =G21-J21 -> 63
E22: 124 | F22: Міндетті әлеуметтік медициналық сақтандыруға аударымдар | G22: =4166-200-54 -> 3912 | H22: 1991 | I22: 1991 | J22: =M22 -> 1990.9998 | K22: ='1.06.'!M22 -> 1765.3718 | L22: 225.628 | M22: =K22+L22 -> 1990.9998 | N22: =I22-M22 -> 0.00016 | O22: =M22/I22*100 -> 99.999992 | P22: =J22-M22 -> 0 | Q22: =H22-J22 -> 0.00016 | R22: 1103593 | S22: =G22-M22 -> 1921.0002 | T22: =G22-J22 -> 1921.0002
E23: 131 | F23: Техникалық персоналдың еңбегіне ақы төлеу | G23: 19333 | H23: 8918 | I23: 8918 | J23: =M23 -> 8918 | K23: ='1.06.'!M23 -> 7218 | L23: 1700 | M23: =K23+L23 -> 8918 | N23: =I23-M23 -> 0 | O23: =M23/I23*100 -> 100 | P23: =J23-M23 -> 0 | Q23: =H23-J23 -> 0 | R23: 1103594 | S23: =G23-M23 -> 10415 | T23: =G23-J23 -> 10415
E24: 135 | F24: Техникалық персонал бойынша жұмыс берушілердің жарналары | G24: 3129 | H24: 1169 | I24: 1169 | J24: =M24 -> 1169 | K24: ='1.06.'!M24 -> 884 | L24: 285 | M24: =K24+L24 -> 1169 | N24: =I24-M24 -> 0 | O24: =M24/I24*100 -> 100 | P24: =J24-M24 -> 0 | Q24: =H24-J24 -> 0 | R24: 1103595 | S24: =G24-M24 -> 1960 | T24: =G24-J24 -> 1960
E25: 136 | F25: Техникалық персоналдың ел ішіндегі іс сапарлары мен қызметтік сапарлары | J25: =M25 -> 0 | K25: ='1.06.'!M25 -> 0 | M25: =K25+L25 -> 0 | N25: =I25-M25 -> 0 | O25: =M25/I25*100 -> #DIV/0! | P25: =J25-M25 -> 0 | Q25: =H25-J25 -> 0 | R25: 1103596 | S25: =G25-M25 -> 0 | T25: =G25-J25 -> 0
E26: 144 | F26: Отын, жанар-жағар май материалдарын сатып алу | G26: 2075 | H26: 2075 | I26: 2075 | J26: 2074.9986 | K26: ='1.06.'!M26 -> 2074.9986 | M26: =K26+L26 -> 2074.9986 | N26: =I26-M26 -> 0.00144 | O26: =M26/I26*100 -> 99.999931 | P26: =J26-M26 -> 0 | Q26: =H26-J26 -> 0.00144 | R26: 1103597 | S26: =G26-M26 -> 0.00144 | T26: =G26-J26 -> 0.00144
E27: 149 | F27: Өзге де қорларды сатып алу | G27: 4170 | H27: 307.6 | I27: 307.6 | J27: =M27 -> 307.56 | K27: ='1.06.'!M27 -> 280.14 | L27: 27.42 | M27: =K27+L27 -> 307.56 | N27: =I27-M27 -> 0.04 | O27: =M27/I27*100 -> 99.986996 | P27: =J27-M27 -> 0 | Q27: =H27-J27 -> 0.04 | R27: 1103598 | S27: =G27-M27 -> 3862.44 | T27: =G27-J27 -> 3862.44
E28: 151 | F28: Коммуналдық қызметтерге ақы төлеу | G28: 10733 | H28: 6331 | I28: 6331 | J28: =M28 -> 6206.641 | K28: ='1.06.'!M28 -> 6030.7726 | L28: 175.86842 | M28: =K28+L28 -> 6206.641 | N28: =I28-M28 -> 124.35898 | O28: =M28/I28*100 -> 98.035713 | P28: =J28-M28 -> 0 | Q28: =H28-J28 -> 124.35898 | R28: 1103599 | S28: =G28-M28 -> 4526.359 | T28: =G28-J28 -> 4526.359
E29: 152 | F29: Байланыс қызметтерiне ақы төлеу | G29: 7302 | H29: 5416.5 | I29: 1976 | J29: 5416.4144 | K29: ='1.06.'!M29 -> 1576 | L29: 400 | M29: =K29+L29 -> 1976 | N29: =I29-M29 -> 0 | O29: =M29/I29*100 -> 100 | P29: =J29-M29 -> 3440.4144 | Q29: =H29-J29 -> 0.08564 | R29: 1103600 | S29: =G29-M29 -> 5326 | T29: =G29-J29 -> 1885.5856
E30: 158 | F30: Ақпараттандыру саласындағы жұмыстар мен қызметтерге ақы төлеу | G30: 730 | H30: 730 | I30: 366 | J30: 730 | K30: ='1.06.'!M30 -> 304.165 | L30: 60.833 | M30: =K30+L30 -> 364.998 | N30: =I30-M30 -> 1.002 | O30: =M30/I30*100 -> 99.72623 | P30: =J30-M30 -> 365.002 | Q30: =H30-J30 -> 0 | R30: 1103601 | S30: =G30-M30 -> 365.002 | T30: =G30-J30 -> 0
E31: 159 | F31: Өзге де қызметтер мен жұмыстарға ақы төлеу | G31: =2649+450 -> 3099 | H31: 2486 | I31: 1646.3 | J31: 2486 | K31: ='1.06.'!M31 -> 1516.7916 | L31: 129.39555 | M31: =K31+L31 -> 1646.1872 | N31: =I31-M31 -> 0.1128 | O31: =M31/I31*100 -> 99.993148 | P31: =J31-M31 -> 839.81279 | Q31: =H31-J31 -> 1e-05 | R31: 1103602 | S31: =G31-M31 -> 1452.8128 | T31: =G31-J31 -> 613.00001
E32: 161 | F32: Ел iшiндегi iссапарлар мен қызметтiк сапарлар | G32: =27054-450-5500-5 -> 21099 | H32: 3502 | I32: 3502 | J32: =M32 -> 3502 | K32: ='1.06.'!M32 -> 3436.734 | L32: 65.266 | M32: =K32+L32 -> 3502 | N32: =I32-M32 -> 0 | O32: =M32/I32*100 -> 100 | P32: =J32-M32 -> 0 | Q32: =H32-J32 -> 0 | R32: 1103603 | S32: =G32-M32 -> 17597 | T32: =G32-J32 -> 17597
E33: 168 | F33: Айыппұлдар, айыптық төлемдер және басқа да төлемдер | G33: 5 | H33: 5 | I33: 5 | J33: =M33 -> 5 | K33: ='1.06.'!M33 -> 5 | M33: =K33+L33 -> 5 | N33: =I33-M33 -> 0 | O33: =M33/I33*100 -> 100 | P33: =J33-M33 -> 0 | Q33: =H33-J33 -> 0 | R33: 1103604 | S33: =G33-M33 -> 0
E34: 169 | F34: Өзге де ағымдағы шығындар | J34: =M34 -> 0 | K34: ='1.06.'!M34 -> 0 | M34: =K34+L34 -> 0 | N34: =I34-M34 -> 0 | O34: =M34/I34*100 -> #DIV/0! | P34: =J34-M34 -> 0 | Q34: =H34-J34 -> 0 | R34: 1103604 | S34: =G34-M34 -> 0 | T34: =G34-J34 -> 0
C35: 007 | F35: Капитальные расходы государственных органов | G35: =G36+G37+G38 -> 0 | H35: =H36+H37+H38 -> 0 | I35: =I36+I37+I38 -> 0 | J35: =J36+J37+J38 -> 0 | K35: ='1.05.'!M34 -> 0 | L35: =L36+L37+L38 -> 0 | M35: =M36+M37+M38 -> 0 | N35: =N36+N37+N38 -> 0 | O35: =M35/I35*100 -> #DIV/0! | P35: =J35-M35 -> 0 | Q35: =H35-J35 -> 0 | R35: 1103605 | S35: =G35-M35 -> 0 | T35: =G35-J35 -> 0
E36: 413 | F36: Пробретение транспортных средств | K36: ='1.05.'!M35 -> 0 | M36: =K36+L36 -> 0 | O36: =M36/I36*100 -> #DIV/0! | P36: =J36-M36 -> 0 | Q36: =H36-J36 -> 0 | R36: 1103606 | S36: =G36-M36 -> 0 | T36: =G36-J36 -> 0
E37: 414 | F37: Приобретение машин оборудование, инструментов, производственного и хозяйственного инвентаря | J37: =M37 -> 0 | K37: ='1.05.'!M36 -> 0 | M37: =K37+L37 -> 0 | N37: =I37-M37 -> 0 | O37: =M37/I37*100 -> #DIV/0! | P37: =J37-M37 -> 0 | Q37: =H37-J37 -> 0 | R37: 1103607 | S37: =G37-M37 -> 0 | T37: =G37-J37 -> 0
E38: 419 | F38: Приобретение прочих основных средств | J38: =M38 -> 0 | K38: ='1.05.'!M37 -> 0 | M38: =K38+L38 -> 0 | N38: =I38-M38 -> 0 | O38: =M38/I38*100 -> #DIV/0! | P38: =J38-M38 -> 0 | Q38: =H38-J38 -> 0 | R38: 1103608 | S38: =G38-M38 -> 0
C39: 018 | F39: Үкіметтік емес ұйымдарда мемлекеттік әлеуметтік тапсырысты орналастыру | G39: =G40 -> 10400 | H39: =H40 -> 10400 | I39: =I40 -> 0 | J39: =J40 -> 0 | K39: ='1.02.'!M38 -> 0 | L39: =L40 -> 0 | M39: =M40 -> 0 | N39: =N40 -> 0 | O39: =M39/I39*100 -> #DIV/0! | P39: =J39-M39 -> 0 | Q39: =H39-J39 -> 10400 | R39: 1103609 | S39: =G39-M39 -> 10400 | T39: =G39-J39 -> 10400
D40: 000 | G40: =G41 -> 10400 | H40: =H41 -> 10400 | I40: =I41 -> 0 | J40: =J41 -> 0 | K40: ='1.02.'!M39 -> 0 | M40: =M41 -> 0 | N40: =N41 -> 0 | O40: =M40/I40*100 -> #DIV/0! | P40: =J40-M40 -> 0 | Q40: =H40-J40 -> 10400 | R40: 1103610 | S40: =G40-M40 -> 10400 | T40: =G40-J40 -> 10400
E41: 155 | F41: Мемлекеттік әлеуметтік тапсырыс шеңберінде көрсетілетін қызметтерге ақы төлеу | G41: 10400 | H41: 10400 | I41: 0 | J41: =M41 -> 0 | K41: ='1.06.'!M41 -> 0 | M41: =K41+L41 -> 0 | N41: =I41-M41 -> 0 | O41: =M41/I41*100 -> #DIV/0! | P41: =J41-M41 -> 0 | Q41: =H41-J41 -> 10400 | R41: 1103611 | S41: =G41-M41 -> 10400 | T41: =G41-J41 -> 10400
C42: 031 | F42: Жергілікті атқарушы органдар төлейтін міндетті әлеуметтік медициналық сақтандыруға мемлекеттің жарналарына әлеуметтік медициналық сақтандыру қорына берілетін трансферттер | G42: =G43 -> 1064315 | H42: =H43 -> 27701.7 | I42: =I43 -> 27701.7 | J42: =J43 -> 27701.504 | K42: =K43 -> 0 | L42: =L43 -> 27701.504 | M42: =M43 -> 27701.504 | N42: =N43 -> 0.19572 | O42: =M42/I42*100 -> 99.999293 | P42: =J42-M42 -> 0 | Q42: =H42-J42 -> 0.19572 | R42: 1103612 | S42: =G42-M42 -> 1036613.5
D43: 000 | G43: =G44 -> 1064315 | H43: =H44 -> 27701.7 | I43: =I44 -> 27701.7 | J43: =J44 -> 27701.504 | K43: =K44 -> 0 | L43: =L44 -> 27701.504 | M43: =M44 -> 27701.504 | N43: =N44 -> 0.19572 | O43: =M43/I43*100 -> 99.999293 | P43: =J43-M43 -> 0 | Q43: =H43-J43 -> 0.19572 | R43: 1103613 | S43: =G43-M43 -> 1036613.5
E44: 361 | F44: Заңды тұлғаларға трансферттерге арналған шығыстарды есептеу | G44: 1064315 | H44: 27701.7 | I44: 27701.7 | J44: =M44 -> 27701.504 | K44: ='1.06.'!M44 -> 0 | L44: 27701.504 | M44: =K44+L44 -> 27701.504 | N44: =I44-M44 -> 0.19572 | O44: =M44/I44*100 -> 99.999293 | P44: =J44-M44 -> 0 | Q44: =H44-J44 -> 0.19572 | R44: 1103614 | S44: =G44-M44 -> 1036613.5
C45: 113 | F45: Төменгі тұрған бюджеттерге берілетін нысаналы ағымдағы трансферттер | G45: =G46 -> 1464726 | H45: =H46 -> 840782 | I45: =I46 -> 769774 | J45: =J46 -> 769774 | K45: ='1.02.'!M44 -> 125000 | L45: =L46 -> 146408 | M45: =M46 -> 769774 | N45: =N46 -> 0 | O45: =M45/I45*100 -> 100 | P45: =J45-M45 -> 0 | Q45: =H45-J45 -> 71008 | R45: 1103615 | S45: =G45-M45 -> 694952 | T45: =G45-J45 -> 694952
D46: 015 | F46: Жергілікті бюджет қаражаты есебінен | G46: =G47 -> 1464726 | H46: =H47 -> 840782 | I46: =I47 -> 769774 | J46: =J47 -> 769774 | K46: ='1.02.'!M45 -> 125000 | L46: =L47 -> 146408 | M46: =M47 -> 769774 | N46: =N47 -> 0 | O46: =M46/I46*100 -> 100 | P46: =J46-M46 -> 0 | Q46: =H46-J46 -> 71008 | R46: 1103616 | S46: =G46-M46 -> 694952
E47: 339 | F47: Мемлекеттік басқарудың басқа деңгейлеріне берілетін ағымдағы трансферттер | G47: =SUM(G48:G55) -> 1464726 | H47: =SUM(H48:H55) -> 840782 | I47: =SUM(I48:I55) -> 769774 | J47: =SUM(J48:J55) -> 769774 | K47: ='1.02.'!M46 -> 125000 | L47: =SUM(L48:L55) -> 146408 | M47: =SUM(M48:M55) -> 769774 | N47: =SUM(N48:N55) -> 0 | O47: =M47/I47*100 -> 100 | P47: =J47-M47 -> 0 | Q47: =H47-J47 -> 71008 | R47: 1103617 | S47: =G47-M47 -> 694952
F48: Атырау қ. | G48: =G58+G67+G76+G85+G94 -> 547812 | H48: =H58+H67+H76+H85+H94 -> 273645 | I48: =I58+I67+I76+I85+I94 -> 239637 | J48: =J58+J67+J76+J85+J94 -> 239637 | K48: =K58+K67+K76+K85+K94 -> 171658 | L48: =L58+L67+L76+L85+L94 -> 67979 | M48: =M58+M67+M76+M85+M94 -> 239637 | N48: =N58+N67+N76+N85+N94 -> 0 | O48: =M48/I48*100 -> 100 | P48: =J48-M48 -> 0 | Q48: =H48-J48 -> 34008 | R48: 1103618 | S48: =G48-M48 -> 308175
F49: Жылыой | G49: =G59+G68+G77+G86+G95 -> 60337 | H49: =H59+H68+H77+H86+H95 -> 44595 | I49: =I59+I68+I77+I86+I95 -> 44595 | J49: =J59+J68+J77+J86+J95 -> 44595 | K49: =K59+K68+K77+K86+K95 -> 38065 | L49: =L59+L68+L77+L86+L95 -> 6530 | M49: =M59+M68+M77+M86+M95 -> 44595 | N49: =N59+N68+N77+N86+N95 -> 0 | O49: =M49/I49*100 -> 100 | P49: =J49-M49 -> 0 | Q49: =H49-J49 -> 0 | R49: 1103619 | S49: =G49-M49 -> 15742
F50: Индер | G50: =G60+G69+G78+G87+G96 -> 123501 | H50: =H60+H69+H78+H87+H96 -> 51741 | I50: =I60+I69+I78+I87+I96 -> 51741 | J50: =J60+J69+J78+J87+J96 -> 51741 | K50: =K60+K69+K78+K87+K96 -> 42015 | L50: =L60+L69+L78+L87+L96 -> 9726 | M50: =M60+M69+M78+M87+M96 -> 51741 | N50: =N60+N69+N78+N87+N96 -> 0 | O50: =M50/I50*100 -> 100 | P50: =J50-M50 -> 0 | Q50: =H50-J50 -> 0 | R50: 1103620 | S50: =G50-M50 -> 71760
F51: Исатай | G51: =G61+G70+G79+G88+G97 -> 48916 | H51: =H61+H70+H79+H88+H97 -> 18752 | I51: =I61+I70+I79+I88+I97 -> 18752 | J51: =J61+J70+J79+J88+J97 -> 18752 | K51: =K61+K70+K79+K88+K97 -> 13707 | L51: =L61+L70+L79+L88+L97 -> 5045 | M51: =M61+M70+M79+M88+M97 -> 18752 | N51: =N61+N70+N79+N88+N97 -> 0 | O51: =M51/I51*100 -> 100 | P51: =J51-M51 -> 0 | Q51: =H51-J51 -> 0 | R51: 1103621 | S51: =G51-M51 -> 30164
F52: Қызылқоға | G52: =G62+G71+G80+G89+G98 -> 85380 | H52: =H62+H71+H80+H89+H98 -> 37735 | I52: =I62+I71+I80+I89+I98 -> 37735 | J52: =J62+J71+J80+J89+J98 -> 37735 | K52: =K62+K71+K80+K89+K98 -> 31632 | L52: =L62+L71+L80+L89+L98 -> 6103 | M52: =M62+M71+M80+M89+M98 -> 37735 | N52: =N62+N71+N80+N89+N98 -> 0 | O52: =M52/I52*100 -> 100 | P52: =J52-M52 -> 0 | Q52: =H52-J52 -> 0 | R52: 1103622 | S52: =G52-M52 -> 47645
F53: Құрманғазы | G53: =G63+G72+G81+G90+G99 -> 145294 | H53: =H63+H72+H81+H90+H99 -> 47168 | I53: =I63+I72+I81+I90+I99 -> 47168 | J53: =J63+J72+J81+J90+J99 -> 47168 | K53: =K63+K72+K81+K90+K99 -> 38422 | L53: =L63+L72+L81+L90+L99 -> 8746 | M53: =M63+M72+M81+M90+M99 -> 47168 | N53: =N63+N72+N81+N90+N99 -> 0 | O53: =M53/I53*100 -> 100 | P53: =J53-M53 -> 0 | Q53: =H53-J53 -> 0 | R53: 1103623 | S53: =G53-M53 -> 98126
F54: Макат | G54: =G64+G73+G82+G91+G100 -> 379340 | H54: =H64+H73+H82+H91+H100 -> 335110 | I54: =I64+I73+I82+I91+I100 -> 298110 | J54: =J64+J73+J82+J91+J100 -> 298110 | K54: =K64+K73+K82+K91+K100 -> 260101 | L54: =L64+L73+L82+L91+L100 -> 38009 | M54: =M64+M73+M82+M91+M100 -> 298110 | N54: =N64+N73+N82+N91+N100 -> 0 | O54: =M54/I54*100 -> 100 | P54: =J54-M54 -> 0 | Q54: =H54-J54 -> 37000 | R54: 1103624 | S54: =G54-M54 -> 81230
F55: Махамбет | G55: =G65+G74+G83+G92+G101 -> 74146 | H55: =H65+H74+H83+H92+H101 -> 32036 | I55: =I65+I74+I83+I92+I101 -> 32036 | J55: =J65+J74+J83+J92+J101 -> 32036 | K55: =K65+K74+K83+K92+K101 -> 27766 | L55: =L65+L74+L83+L92+L101 -> 4270 | M55: =M65+M74+M83+M92+M101 -> 32036 | N55: =N65+N74+N83+N92+N101 -> 0 | O55: =M55/I55*100 -> 100 | P55: =J55-M55 -> 0 | Q55: =H55-J55 -> 0 | R55: 1103625 | S55: =G55-M55 -> 42110
F56: оның ішінде: | J56: =M56 -> #REF! | K56: ='1.02.'!M55 -> #REF! | M56: =K56+L56 -> #REF! | N56: =I56-M56 -> #REF! | O56: =M56/I56*100 -> #REF! | P56: =J56-M56 -> #REF! | Q56: =H56-J56 -> #REF! | R56: 1103626 | S56: =G56-M56 -> #REF!
F57: Мемлекеттік атаулы әлеуметтік көмек төлеуге | G57: =SUM(G58:G65) -> 615150 | H57: =SUM(H58:H65) -> 243279 | I57: =SUM(I58:I65) -> 243279 | J57: =SUM(J58:J65) -> 243279 | K57: =SUM(K58:K65) -> 186048 | L57: =SUM(L58:L65) -> 57231 | M57: =SUM(M58:M65) -> 243279 | N57: =SUM(N58:N65) -> 0 | O57: =M57/I57*100 -> 100 | P57: =J57-M57 -> 0 | Q57: =H57-J57 -> 0 | R57: 1103627 | S57: =G57-M57 -> 371871
F58: Атырау қ. | G58: 233757 | H58: =14105+15933+16957+18744+19587 -> 85326 | I58: =H58 -> 85326 | J58: =M58 -> 85326 | K58: ='1.06.'!M58 -> 65739 | L58: 19587 | M58: =K58+L58 -> 85326 | N58: =I58-M58 -> 0 | O58: =M58/I58*100 -> 100 | P58: =J58-M58 -> 0 | Q58: =H58-J58 -> 0 | R58: 1103628 | S58: =G58-M58 -> 148431
F59: Жылыой | G59: 33218 | H59: =3154+3907+4339+5408+6049 -> 22857 | I59: =H59 -> 22857 | J59: =M59 -> 22857 | K59: ='1.06.'!M59 -> 16808 | L59: 6049 | M59: =K59+L59 -> 22857 | N59: =I59-M59 -> 0 | O59: =M59/I59*100 -> 100 | P59: =J59-M59 -> 0 | Q59: =H59-J59 -> 0 | R59: 1103629 | S59: =G59-M59 -> 10361
F60: Индер | G60: 91657 | H60: =5815+6877+7129+7351+7978 -> 35150 | I60: =H60 -> 35150 | J60: =M60 -> 35150 | K60: ='1.06.'!M60 -> 27172 | L60: 7978 | M60: =K60+L60 -> 35150 | N60: =I60-M60 -> 0 | O60: =M60/I60*100 -> 100 | P60: =J60-M60 -> 0 | Q60: =H60-J60 -> 0 | R60: 1103630 | S60: =G60-M60 -> 56507
F61: Исатай | G61: 25221 | H61: =1864+2063+2209+2618+2782 -> 11536 | I61: =H61 -> 11536 | J61: =M61 -> 11536 | K61: ='1.06.'!M61 -> 8754 | L61: 2782 | M61: =K61+L61 -> 11536 | N61: =I61-M61 -> 0 | O61: =M61/I61*100 -> 100 | P61: =J61-M61 -> 0 | Q61: =H61-J61 -> 0 | R61: 1103631 | S61: =G61-M61 -> 13685
F62: Қызылқоға | G62: 55364 | H62: =4910+5242+5520+5520+5820 -> 27012 | I62: =H62 -> 27012 | J62: =M62 -> 27012 | K62: ='1.06.'!M62 -> 21192 | L62: 5820 | M62: =K62+L62 -> 27012 | N62: =I62-M62 -> 0 | O62: =M62/I62*100 -> 100 | P62: =J62-M62 -> 0 | Q62: =H62-J62 -> 0 | R62: 1103632 | S62: =G62-M62 -> 28352
F63: Құрманғазы | G63: 96579 | H63: =5824+6008+6007+7486+7934 -> 33259 | I63: =H63 -> 33259 | J63: =M63 -> 33259 | K63: ='1.06.'!M63 -> 25325 | L63: 7934 | M63: =K63+L63 -> 33259 | N63: =I63-M63 -> 0 | O63: =M63/I63*100 -> 100 | P63: =J63-M63 -> 0 | Q63: =H63-J63 -> 0 | R63: 1103633 | S63: =G63-M63 -> 63320
F64: Макат | G64: 33833 | H64: =2019+2264+2458+2800+3194 -> 12735 | I64: =H64 -> 12735 | J64: =M64 -> 12735 | K64: ='1.06.'!M64 -> 9541 | L64: 3194 | M64: =K64+L64 -> 12735 | N64: =I64-M64 -> 0 | O64: =M64/I64*100 -> 100 | P64: =J64-M64 -> 0 | Q64: =H64-J64 -> 0 | R64: 1103634 | S64: =G64-M64 -> 21098
F65: Махамбет | G65: 45521 | H65: =2410+2633+2674+3800+3887 -> 15404 | I65: =H65 -> 15404 | J65: =M65 -> 15404 | K65: ='1.06.'!M65 -> 11517 | L65: 3887 | M65: =K65+L65 -> 15404 | N65: =I65-M65 -> 0 | O65: =M65/I65*100 -> 100 | P65: =J65-M65 -> 0 | Q65: =H65-J65 -> 0 | R65: 1103635 | S65: =G65-M65 -> 30117
F66: 1 жастан 6 жасқа дейін балаларды қоса алғанда берілетін қосымша төлемдер | G66: =SUM(G67:G74) -> 111098 | H66: =SUM(H67:H74) -> 24366 | I66: =SUM(I67:I74) -> 24366 | J66: =SUM(J67:J74) -> 24366 | K66: =SUM(K67:K74) -> 18910 | L66: =SUM(L67:L74) -> 5456 | M66: =SUM(M67:M74) -> 24366 | N66: =SUM(N67:N74) -> 0 | O66: =M66/I66*100 -> 100 | P66: =J66-M66 -> 0 | Q66: =H66-J66 -> 0 | R66: 1103636 | S66: =G66-M66 -> 86732
F67: Атырау қ. | G67: 38884 | H67: =1421+1689+1718+1574+1629 -> 8031 | I67: =H67 -> 8031 | J67: =M67 -> 8031 | K67: ='1.06.'!M67 -> 6402 | L67: 1629 | M67: =K67+L67 -> 8031 | N67: =I67-M67 -> 0 | O67: =M67/I67*100 -> 100 | P67: =J67-M67 -> 0 | Q67: =H67-J67 -> 0 | R67: 1103637 | S67: =G67-M67 -> 30853
F68: Жылыой | G68: 7221 | H68: =238+322+361+438+481 -> 1840 | I68: =H68 -> 1840 | J68: =M68 -> 1840 | K68: ='1.06.'!M68 -> 1359 | L68: 481 | M68: =K68+L68 -> 1840 | N68: =I68-M68 -> 0 | O68: =M68/I68*100 -> 100 | P68: =J68-M68 -> 0 | Q68: =H68-J68 -> 0 | R68: 1103638 | S68: =G68-M68 -> 5381
F69: Индер | G69: 13554 | H69: =588+692+689+609+643 -> 3221 | I69: =H69 -> 3221 | J69: =M69 -> 3221 | K69: ='1.06.'!M69 -> 2578 | L69: 643 | M69: =K69+L69 -> 3221 | N69: =I69-M69 -> 0 | O69: =M69/I69*100 -> 100 | P69: =J69-M69 -> 0 | Q69: =H69-J69 -> 0 | R69: 1103639 | S69: =G69-M69 -> 10333
F70: Исатай | G70: 4777 | H70: =215+246+259+233+763 -> 1716 | I70: =H70 -> 1716 | J70: =M70 -> 1716 | K70: ='1.06.'!M70 -> 953 | L70: 763 | M70: =K70+L70 -> 1716 | N70: =I70-M70 -> 0 | O70: =M70/I70*100 -> 100 | P70: =J70-M70 -> 0 | Q70: =H70-J70 -> 0 | R70: 1103640 | S70: =G70-M70 -> 3061
F71: Қызылқоға | G71: 10999 | H71: =508+650+573+459+488 -> 2678 | I71: =H71 -> 2678 | J71: =M71 -> 2678 | K71: ='1.06.'!M71 -> 2190 | L71: 488 | M71: =K71+L71 -> 2678 | N71: =I71-M71 -> 0 | O71: =M71/I71*100 -> 100 | P71: =J71-M71 -> 0 | Q71: =H71-J71 -> 0 | R71: 1103641 | S71: =G71-M71 -> 8321
F72: Құрманғазы | G72: 21109 | H72: =766+770+765+796+812 -> 3909 | I72: =H72 -> 3909 | J72: =M72 -> 3909 | K72: ='1.06.'!M72 -> 3097 | L72: 812 | M72: =K72+L72 -> 3909 | N72: =I72-M72 -> 0 | O72: =M72/I72*100 -> 100 | P72: =J72-M72 -> 0 | Q72: =H72-J72 -> 0 | R72: 1103642 | S72: =G72-M72 -> 17200
F73: Макат | G73: 6554 | H73: =234+267+315+266+257 -> 1339 | I73: =H73 -> 1339 | J73: =M73 -> 1339 | K73: ='1.06.'!M73 -> 1082 | L73: 257 | M73: =K73+L73 -> 1339 | N73: =I73-M73 -> 0 | O73: =M73/I73*100 -> 100 | P73: =J73-M73 -> 0 | Q73: =H73-J73 -> 0 | R73: 1103643 | S73: =G73-M73 -> 5215
F74: Махамбет | G74: 8000 | H74: =267+286+318+378+383 -> 1632 | I74: =H74 -> 1632 | J74: =M74 -> 1632 | K74: ='1.06.'!M74 -> 1249 | L74: 383 | M74: =K74+L74 -> 1632 | N74: =I74-M74 -> 0 | O74: =M74/I74*100 -> 100 | P74: =J74-M74 -> 0 | Q74: =H74-J74 -> 0 | R74: 1103644 | S74: =G74-M74 -> 6368
F75: Күрделі жөндеу | G75: =SUM(G76:G83) -> 314536 | H75: =SUM(H76:H83) -> 314536 | I75: =SUM(I76:I83) -> 277536 | J75: =SUM(J76:J83) -> 277536 | K75: =SUM(K76:K83) -> 244478 | L75: =SUM(L76:L83) -> 33058 | M75: =SUM(M76:M83) -> 277536 | N75: =SUM(N76:N83) -> 0 | O75: =SUM(O76:O83) -> #DIV/0! | P75: =J75-M75 -> 0 | Q75: =H75-J75 -> 37000 | R75: 1103645 | S75: =G75-M75 -> 37000
F76: Атырау қ. | J76: =M76 -> 0 | K76: ='1.06.'!M76 -> 0 | M76: =K76+L76 -> 0 | N76: =I76-M76 -> 0 | O76: =M76/I76*100 -> #DIV/0! | P76: =J76-M76 -> 0 | Q76: =H76-J76 -> 0 | R76: 1103646 | S76: =G76-M76 -> 0
F77: Жылыой | J77: =M77 -> 0 | K77: ='1.06.'!M77 -> 0 | M77: =K77+L77 -> 0 | N77: =I77-M77 -> 0 | O77: =M77/I77*100 -> #DIV/0! | P77: =J77-M77 -> 0 | Q77: =H77-J77 -> 0 | R77: 1103647 | S77: =G77-M77 -> 0
F78: Индер | J78: =M78 -> 0 | K78: ='1.06.'!M78 -> 0 | M78: =K78+L78 -> 0 | N78: =I78-M78 -> 0 | O78: =M78/I78*100 -> #DIV/0! | P78: =J78-M78 -> 0 | Q78: =H78-J78 -> 0 | R78: 1103648 | S78: =G78-M78 -> 0
F79: Исатай | J79: =M79 -> 0 | K79: ='1.06.'!M79 -> 0 | M79: =K79+L79 -> 0 | N79: =I79-M79 -> 0 | O79: =M79/I79*100 -> #DIV/0! | P79: =J79-M79 -> 0 | Q79: =H79-J79 -> 0 | R79: 1103649 | S79: =G79-M79 -> 0
F80: Қызылқоға | J80: =M80 -> 0 | K80: ='1.06.'!M80 -> 0 | M80: =K80+L80 -> 0 | N80: =I80-M80 -> 0 | O80: =M80/I80*100 -> #DIV/0! | P80: =J80-M80 -> 0 | Q80: =H80-J80 -> 0 | R80: 1103650 | S80: =G80-M80 -> 0
F81: Құрманғазы | J81: =M81 -> 0 | K81: ='1.06.'!M81 -> 0 | M81: =K81+L81 -> 0 | N81: =I81-M81 -> 0 | O81: =M81/I81*100 -> #DIV/0! | P81: =J81-M81 -> 0 | Q81: =H81-J81 -> 0 | R81: 1103651 | S81: =G81-M81 -> 0
F82: Макат | G82: 314536 | H82: 314536 | I82: =125000+119478+33058 -> 277536 | J82: =M82 -> 277536 | K82: ='1.06.'!M82 -> 244478 | L82: 33058 | M82: =K82+L82 -> 277536 | N82: =I82-M82 -> 0 | O82: =M82/I82*100 -> 100 | P82: =J82-M82 -> 0 | Q82: =H82-J82 -> 37000 | R82: 1103652 | S82: =G82-M82 -> 37000
F83: Махамбет | J83: =M83 -> 0 | K83: ='1.06.'!M83 -> 0 | M83: =K83+L83 -> 0 | N83: =I83-M83 -> 0 | O83: =M83/I83*100 -> #DIV/0! | P83: =J83-M83 -> 0 | Q83: =H83-J83 -> 0 | R83: 1103653 | S83: =G83-M83 -> 0
F84: Мүгедектігі бар адамдарды техникалық көмекші құралдармен және арнаулы жүріп тұру құралдармен қамтамасыз ету | G84: =SUM(G85:G92) -> 293942 | H84: =SUM(H85:H92) -> 213353 | I84: =SUM(I85:I92) -> 179345 | J84: =SUM(J85:J92) -> 179345 | K84: =SUM(K85:K92) -> 139708 | L84: =SUM(L85:L92) -> 39637 | M84: =SUM(M85:M92) -> 179345 | N84: =SUM(N85:N92) -> 0 | O84: =SUM(O85:O92) -> 800 | P84: =J84-M84 -> 0 | Q84: =H84-J84 -> 34008 | R84: 1103654 | S84: =G84-M84 -> 114597
F85: Атырау қ. | G85: 188942 | H85: =20908+10000+29084+13201+68790 -> 141983 | I85: =20908+10000+29084+13201+34782 -> 107975 | J85: =M85 -> 107975 | K85: ='1.06.'!M85 -> 73193 | L85: 34782 | M85: =K85+L85 -> 107975 | N85: =I85-M85 -> 0 | O85: =M85/I85*100 -> 100 | P85: =J85-M85 -> 0 | Q85: =H85-J85 -> 34008 | R85: 1103655 | S85: =G85-M85 -> 80967
F86: Жылыой | G86: 15000 | H86: =6986+7406+608 -> 15000 | I86: =H86 -> 15000 | J86: =M86 -> 15000 | K86: ='1.06.'!M86 -> 15000 | M86: =K86+L86 -> 15000 | N86: =I86-M86 -> 0 | O86: =M86/I86*100 -> 100 | P86: =J86-M86 -> 0 | Q86: =H86-J86 -> 0 | R86: 1103656 | S86: =G86-M86 -> 0
F87: Индер | G87: 15000 | H87: =3950+6105+1105+1105+1105 -> 13370 | I87: =H87 -> 13370 | J87: =M87 -> 13370 | K87: ='1.06.'!M87 -> 12265 | L87: 1105 | M87: =K87+L87 -> 13370 | N87: =I87-M87 -> 0 | O87: =M87/I87*100 -> 100 | P87: =J87-M87 -> 0 | Q87: =H87-J87 -> 0 | R87: 1103657 | S87: =G87-M87 -> 1630
F88: Исатай | G88: 15000 | H88: =1000+1500+1500+1500 -> 5500 | I88: =H88 -> 5500 | J88: =M88 -> 5500 | K88: ='1.06.'!M88 -> 4000 | L88: 1500 | M88: =K88+L88 -> 5500 | N88: =I88-M88 -> 0 | O88: =M88/I88*100 -> 100 | P88: =J88-M88 -> 0 | Q88: =H88-J88 -> 0 | R88: 1103658 | S88: =G88-M88 -> 9500
F89: Қызылқоға | G89: 15000 | H89: =2500+1250+1250+1250+1250 -> 7500 | I89: =H89 -> 7500 | J89: =M89 -> 7500 | K89: ='1.06.'!M89 -> 6250 | L89: 1250 | M89: =K89+L89 -> 7500 | N89: =I89-M89 -> 0 | O89: =M89/I89*100 -> 100 | P89: =J89-M89 -> 0 | Q89: =H89-J89 -> 0 | R89: 1103659 | S89: =G89-M89 -> 7500
F90: Құрманғазы | G90: 15000 | H90: =5000+5000 -> 10000 | I90: =H90 -> 10000 | J90: =M90 -> 10000 | K90: ='1.06.'!M90 -> 10000 | M90: =K90+L90 -> 10000 | N90: =I90-M90 -> 0 | O90: =M90/I90*100 -> 100 | P90: =J90-M90 -> 0 | Q90: =H90-J90 -> 0 | R90: 1103660 | S90: =G90-M90 -> 5000
F91: Макат | G91: 15000 | H91: =1000+1000+1000+1000+1000 -> 5000 | I91: =H91 -> 5000 | J91: =M91 -> 5000 | K91: ='1.06.'!M91 -> 4000 | L91: 1000 | M91: =K91+L91 -> 5000 | N91: =I91-M91 -> 0 | O91: =M91/I91*100 -> 100 | P91: =J91-M91 -> 0 | Q91: =H91-J91 -> 0 | R91: 1103661 | S91: =G91-M91 -> 10000
F92: Махамбет | G92: 15000 | H92: =1440+3462+6137+3961 -> 15000 | I92: =H92 -> 15000 | J92: =M92 -> 15000 | K92: ='1.06.'!M92 -> 15000 | M92: =K92+L92 -> 15000 | N92: =I92-M92 -> 0 | O92: =M92/I92*100 -> 100 | P92: =J92-M92 -> 0 | Q92: =H92-J92 -> 0 | R92: 1103662 | S92: =G92-M92 -> 0
F93: Протездік - ортопедиялық көмекпен қамтамасыз ету | G93: =SUM(G94:G101) -> 130000 | H93: =SUM(H94:H101) -> 45248 | I93: =SUM(I94:I101) -> 45248 | J93: =SUM(J94:J101) -> 45248 | K93: =SUM(K94:K101) -> 34222 | L93: =SUM(L94:L101) -> 11026 | M93: =SUM(M94:M101) -> 45248 | N93: =SUM(N94:N101) -> 0 | O93: =SUM(O94:O101) -> #DIV/0! | P93: =J93-M93 -> 0 | Q93: =H93-J93 -> 0 | R93: 1103654 | S93: =G93-M93 -> 84752
F94: Атырау қ. | G94: 86229 | H94: =26324+11981 -> 38305 | I94: =H94 -> 38305 | J94: =M94 -> 38305 | K94: ='1.06.'!M94 -> 26324 | L94: 11981 | M94: =K94+L94 -> 38305 | N94: =I94-M94 -> 0 | O94: =M94/I94*100 -> 100 | P94: =J94-M94 -> 0 | Q94: =H94-J94 -> 0 | R94: 1103655 | S94: =G94-M94 -> 47924
F95: Жылыой | G95: 4898 | H95: =616+4282 -> 4898 | I95: =H95 -> 4898 | J95: =M95 -> 4898 | K95: ='1.06.'!M95 -> 4898 | M95: =K95+L95 -> 4898 | N95: =I95-M95 -> 0 | O95: =M95/I95*100 -> 100 | P95: =J95-M95 -> 0 | Q95: =H95-J95 -> 0 | R95: 1103656 | S95: =G95-M95 -> 0
F96: Индер | G96: 3290 | I96: =H96 -> 0 | J96: =M96 -> 0 | K96: ='1.06.'!M96 -> 0 | M96: =K96+L96 -> 0 | N96: =I96-M96 -> 0 | O96: =M96/I96*100 -> #DIV/0! | P96: =J96-M96 -> 0 | Q96: =H96-J96 -> 0 | R96: 1103657 | S96: =G96-M96 -> 3290
F97: Исатай | G97: 3918 | I97: =H97 -> 0 | J97: =M97 -> 0 | K97: ='1.06.'!M97 -> 0 | M97: =K97+L97 -> 0 | N97: =I97-M97 -> 0 | O97: =M97/I97*100 -> #DIV/0! | P97: =J97-M97 -> 0 | Q97: =H97-J97 -> 0 | R97: 1103658 | S97: =G97-M97 -> 3918
F98: Қызылқоға | G98: 4017 | H98: =2000-1455 -> 545 | I98: =H98 -> 545 | J98: =M98 -> 545 | K98: ='1.06.'!M98 -> 2000 | L98: -1455 | M98: =K98+L98 -> 545 | N98: =I98-M98 -> 0 | O98: =M98/I98*100 -> 100 | P98: =J98-M98 -> 0 | Q98: =H98-J98 -> 0 | R98: 1103659 | S98: =G98-M98 -> 3472
F99: Құрманғазы | G99: 12606 | I99: =H99 -> 0 | J99: =M99 -> 0 | K99: ='1.06.'!M99 -> 0 | M99: =K99+L99 -> 0 | N99: =I99-M99 -> 0 | O99: =M99/I99*100 -> #DIV/0! | P99: =J99-M99 -> 0 | Q99: =H99-J99 -> 0 | R99: 1103660 | S99: =G99-M99 -> 12606
F100: Макат | G100: 9417 | H100: =1000+500 -> 1500 | I100: =H100 -> 1500 | J100: =M100 -> 1500 | K100: ='1.06.'!M100 -> 1000 | L100: 500 | M100: =K100+L100 -> 1500 | N100: =I100-M100 -> 0 | O100: =M100/I100*100 -> 100 | P100: =J100-M100 -> 0 | Q100: =H100-J100 -> 0 | R100: 1103661 | S100: =G100-M100 -> 7917
F101: Махамбет | G101: 5625 | I101: =H101 -> 0 | J101: =M101 -> 0 | K101: ='1.06.'!M101 -> 0 | M101: =K101+L101 -> 0 | N101: =I101-M101 -> 0 | O101: =M101/I101*100 -> #DIV/0! | P101: =J101-M101 -> 0 | Q101: =H101-J101 -> 0 | R101: 1103662 | S101: =G101-M101 -> 5625
...

Sheet 1.08
F1: 2026 жылғы шілде айына арналған талдау
A3: Әкім шісі | B3: ММ коды | C3: Бағдарлама | D3: Кіші бағда лама | E3: Ерекшілік | F3: Шығыстардың атауы | G3: 2026 жылға арналған қаржы жоспары | H3: Жыл басынан бастап қаржыландыру жоспары | J3: Жыл басынан бері қабылданған міндеттемелердің жалпы сомасы | K3: Орындалған міндеттемелер | N3: 30.02.2026 қалдық | O3: % игерілуі | P3: Өтелмеген қабылданған міндеттемелер | Q3: Жвл басынан берң қабылданбаған міндеттемелер көлемі (міндеттемелер жоспарына қатысты қалған қаражат) | R3: ожидаемое освоение до конца года | S3: Жоспардан ауытқу , орындалудың күтілімі
H4: міндеттемелер | I4: төлемдер | K4: Бұрын төленген айлар | L4: ғымдағы ай үшін | M4: Жыл басынан бері
A5: 256 | F5: Облыстың жұмыспен қамтуды үйлестіру және әлеуметтік бағдарламалар басқармасы | G5: =G6+G118+G139+G162+G189+G215+G239+G290 -> 17032809 | H5: =H6+H118+H139+H162+H189+H215+H239+H290 -> 7670114.9 | I5: =I6+I118+I139+I162+I189+I215+I239+I290 -> 7216902.8 | J5: =J6+J118+J139+J162+J189+J215+J239+J290 -> 7563506.7 | K5: =K6+K118+K139+K162+K189+K215+K239+K290 -> 1037650.3 | L5: =L6+L118+L139+L162+L189+L215+L239+L290 -> 1496178.6 | M5: =M6+M118+M139+M162+M189+M215+M239+M290 -> 7116476.9 | N5: =N6+N118+N139+N162+N189+N215+N239+N290 -> 100425.95 | O5: =M5/I5*100 -> 98.608462 | P5: =J5-M5 -> 447029.83 | Q5: =H5-J5 -> 106608.22 | R5: 1103576 | S5: =G5-M5 -> 9916332.1
B6: 1261 | F6: "Жұмыспен қамтуды үйлестіру және бюджеттік бағдарламалар басқармасы" ММ | G6: =G7+G13+G35+G39+G42+G45+G111+G115 -> 5103866 | H6: =H7+H13+H35+H39+H42+H45+H111+H115 -> 2330024.1 | I6: =I7+I13+I35+I39+I42+I45+I111+I115 -> 2308147.2 | J6: =J7+J13+J35+J39+J42+J45+J111+J115 -> 2303829.8 | K6: ='1.02.'!M6 -> 305263.96 | L6: =L7+L13+L35+L39+L42+L45+L111+L115 -> 439990.16 | M6: =M7+M13+M35+M39+M42+M45+M111+M115 -> 2292906.7 | N6: =N7+N13+N35+N39+N42+N45+N111+N115 -> 15240.522 | O6: =M6/I6*100 -> 99.339708 | P6: =J6-M6 -> 10923.141 | Q6: =H6-J6 -> 26194.282 | R6: 1103577 | S6: =G6-M6 -> 2810959.3
C7: 003 | F7: Мүгедектігі бар адамдарға әлеуметтік қолдау | G7: =G8+G10 -> 2050255 | H7: =H8+H10 -> 1038722.5 | I7: =I8+I10 -> 1038167.5 | J7: =J8+J10 -> 1038167.4 | K7: ='1.02.'!M7 -> 164988.71 | L7: =L8+L10 -> 227764 | M7: =M8+M10 -> 1038167.4 | N7: =N8+N10 -> 0.09379 | O7: =M7/I7*100 -> 99.999991 | P7: =J7-M7 -> 0 | Q7: =H7-J7 -> 555.09379 | R7: 1103578 | S7: =G7-M7 -> 1012087.6
